 Dungeon Crawl Stone Soup version 0.30-a0-1103-g25895a7845 (webtiles) character file.

Game seed: 4570493643146043226

3456061 Implojin the Cutthroat (level 27, 184/184 HPs)
             Began as a Human Hexslinger on Apr 17, 2023.
             Was a High Priest of Hepliaklqana.
             Escaped with the Orb
             ... and 5 runes on Apr 18, 2023!
             The game lasted 03:34:02 (61388 turns).

Implojin the Cutthroat (Human Hexslinger)          Turns: 61388, Time: 03:34:02

Health: 184/184    AC: 25    Str:  8    XL:     27
Magic:  30/30      EV: 43    Int: 14    God:    Hepliaklqana [*****.]
Gold:   5607       SH: 29    Dex: 34    Spells: 24/28 levels left

rFire   + + +      SeeInvis .    D - +9 rapier (vamp)
rCold   + + .      Faith    .    h - +5 kite shield {reflect}
rNeg    . . .      Spirit   .    m - +4 faerie dragon scales {rElec rCorr}
rPois   +          Reflect  +    Y - +0 hat of Lethargy {rF++ rC+ Will+ Str+3}
rElec   +          Rampage  +    R - scarf {rC+ rF+}
rCorr   +                        P - +1 pair of gloves of the Glimmering Gods {Rampage rC- Will+++ Stlth+}
Will    +++++                    i - +2 pair of boots {Fly}
Stlth   +++                      w - amulet of Gacyretu {Reflect Dex+3 SH+5}
HPRegen 0.50/turn                X - ring "Neilacs" {rPois EV+5 Dex+2 Slay+5}
MPRegen 0.22/turn                L - +4 ring of protection

@: flying
A: reduced essence, agile 1, cold resistance 1, dopey 1, frail 1, poison
resistance, weak 2
0: Orb of Zot
}: 5/15 runes: barnacled, slimy, silver, abyssal, gossamer
a: Renounce Religion, Recall Ancestor, Ancestor Identity, Transference, Idealise


You escaped.
You worshipped Hepliaklqana.
Hepliaklqana was extremely pleased with you.
You visited 11 branches of the dungeon, and saw 53 of its levels.
You visited the Abyss 1 time.
You visited 1 bazaar.
You also visited: Ice Cave and Wizlab.

You collected 9544 gold pieces.
You spent 3937 gold pieces at shops.

Inventory:

Hand Weapons
 D - a +9 vampiric rapier (weapon)
 I - a +9 rapier of venom
Missiles
 l - 12 curare-tipped darts
 o - 2 throwing nets
 x - 2 boomerangs of dispersal
 y - 14 javelins
 G - 62 boomerangs
 M - 2 silver boomerangs (quivered)
 V - 4 silver javelins
Armour
 h - a +5 kite shield of reflection (worn)
 i - a +2 pair of boots of flying (worn)
 m - the +4 faerie dragon scales (worn) {rElec rCorr}
   (You took it off the Enchantress on level 3 of the Depths)

   rElec:     It insulates you from electricity.
   rCorr:     It protects you from acid and corrosion.
 P - the +1 pair of gloves of the Glimmering Gods (worn) {Rampage rC- Will+++ Stlth+}
   (You bought it in a shop on level 2 of the Orcish Mines)

   rC:        It makes you vulnerable to cold.
   Rampage:   It bestows one free step when moving towards enemies.
   Will:      It greatly increases your willpower.
   Stlth:     It makes you more stealthy.
 R - a scarf of resistance (worn)
 W - a scarf of repulsion
 Y - the +0 hat of Lethargy (worn) {rF++ rC+ Will+ Str+3}
   (You found it on level 1 of the Lair of Beasts)

   Str:       It affects your strength (+3).
   rF:        It greatly protects you from fire.
   rC:        It protects you from cold.
   Will:      It increases your willpower.
Jewellery
 b - a ring of resist corrosion
 r - an amulet of regeneration
 w - the amulet of Gacyretu (around neck) {Reflect Dex+3 SH+5}
   (You took it off a deep elf demonologist on level 3 of the Elven Halls)

   [amulet of reflection]

   It reflects blocked missile attacks.
   Dex:       It affects your dexterity (+3).
   SH:        It affects your SH (+5).
 E - the amulet of the Original Sin {Reflect -Cast rPois Str+5 SH+5}
   (You found it on level 4 of the Shoals)

   [amulet of reflection]

   It reflects blocked missile attacks.
   Str:       It affects your strength (+5).
   rPois:     It protects you from poison.
   -Cast:     It prevents spellcasting.
   SH:        It affects your SH (+5).
 J - the ring of the Endless Violins {EV+5 Dex+3}
   (You found it on level 10 of the Dungeon)

   [ring of evasion]

   EV:        It affects your evasion (+5).
   Dex:       It affects your dexterity (+3).
 L - a +4 ring of protection (right hand)
 X - the ring "Neilacs" (left hand) {rPois EV+5 Dex+2 Slay+5}
   (You took it off a deep elf demonologist on level 3 of the Elven Halls)

   [ring of evasion]

   EV:        It affects your evasion (+5).
   Dex:       It affects your dexterity (+2).
   Slay:      It affects your accuracy & damage with ranged weapons and melee
   (+5).
   rPois:     It protects you from poison.
 Z - the ring "Arit" {rF+++ Will+ MP+9 Dex-2 SInv}
   (You found it on level 1 of the Lair of Beasts)

   [ring of willpower]

   Dex:       It affects your dexterity (-2).
   rF:        It renders you almost immune to fire.
   MP:        It affects your magic capacity (+9).
   SInv:      It lets you see invisible.
   Will:      It increases your willpower.
Wands
 j - a wand of quicksilver (30)
 S - a wand of digging (13)
Scrolls
 a - 7 scrolls of fear
 e - 2 scrolls of silence
 f - 2 scrolls of enchant armour
 g - 4 scrolls of magic mapping
 t - 13 scrolls of teleportation
 u - 4 scrolls of blinking
 F - a scroll of enchant weapon
 H - 11 scrolls of fog
 N - 4 scrolls of summoning
 T - 8 scrolls of poison
Potions
 d - 8 potions of curing
 k - 3 potions of invisibility
 p - 2 potions of magic
 q - 5 potions of resistance
 s - a potion of might
 v - 2 potions of berserk rage
 A - 6 potions of cancellation
 B - 14 potions of flight
 C - a potion of haste
 K - 5 potions of mutation
 O - 2 potions of ambrosia
 Q - 9 potions of heal wounds
Miscellaneous
 c - a phantom mirror (inert)
 n - a box of beasts
 z - a phial of floods


   Skills:
 - Level 22.0 Fighting
 - Level 25.0 Short Blades
 - Level 1.3 Polearms
 - Level 4.0 Ranged Weapons
 - Level 10.0 Throwing
 - Level 17.0 Armour
 * Level 24.1 Dodging
 - Level 17.0 Stealth
 - Level 19.3 Shields
 - Level 1.0 Spellcasting
 - Level 3.0 Hexes
 - Level 10.0 Invocations
 - Level 3.8 Evocations


You had 24 spell levels left.
You knew the following spells:

 Your Spells              Type           Power      Damage    Failure   Level
a - Slow                  Hex            36%        N/A       16%         1
b - Volatile Blastmotes   Fire/Tloc      0%         2d10      85%         3

Your spell library contained the following spells:

 Spells                   Type           Power      Damage    Failure   Level
 Tukima's Dance           Hex            9%         N/A       43%         3
 Apportation              Tloc           0%         N/A       47%         1
 Beastly Appendage        Tmut           0%         N/A       47%         1
 Foxfire                  Conj/Fire      0%         2x1d4     47%         1
 Freeze                   Ice            0%         1d3       47%         1
 Sandblast                Erth           0%         2d4       47%         1
 Shock                    Conj/Air       0%         1d3       47%         1
 Sting                    Tmut/Pois      0%         1d3       47%         1
 Summon Small Mammal      Summ           0%         N/A       47%         1
 Blink                    Tloc           0%         N/A       63%         2
 Cigotuvi's Dreadful Rot  Necr/Pois/Air  0%         N/A       63%         2
 Lesser Beckoning         Tloc           0%         N/A       63%         2
 Momentum Strike          Conj/Tloc      0%         3d8       63%         2
 Poisonous Vapours        Pois/Air       0%         N/A       63%         2
 Static Discharge         Conj/Air       0%         2-2/arc   63%         2
 Sublimation of Blood     Necr           0%         N/A       63%         2
 Wereblood                Tmut           0%         N/A       63%         2
 Dazzling Flash           Conj/Hex       8%         N/A       65%         3
 Inner Flame              Hex/Fire       4%         N/A       65%         3
 Portal Projectile        Hex/Tloc       8%         N/A       65%         3
 Summon Guardian Golem    Hex/Summ       4%         N/A       65%         3
 Cause Fear               Hex            4%         N/A       83%         4
 Frozen Ramparts          Ice            0%         1d1       85%         3
 Gell's Gravitas          Tloc           0%         N/A       85%         3
 Hailstorm                Conj/Ice       0%         3d3       85%         3
 Ignite Poison            Fire/Tmut/Pois 0%         N/A       85%         3
 Spider Form              Tmut/Pois      0%         N/A       85%         3
 Stone Arrow              Conj/Erth      0%         3d7       85%         3
 Teleport Other           Tloc           0%         N/A       85%         3
 Anguish                  Hex/Necr       2%         N/A       96%         4
 Fulminant Prism          Conj/Hex       2%         3d5       96%         4
 Airstrike                Air            0%         2d(0-16)  99%         4
 Animate Armour           Summ/Erth      0%         N/A       99%         4
 Dispel Undead            Necr           0%         3d6       99%         4
 Ice Form                 Ice/Tmut       0%         N/A       99%         4
 Iskenderun's Mystic Bla  Conj/Tloc      0%         2d3       99%         4
 Olgreb's Toxic Radiance  Pois           0%         N/A       99%         4
 Passage of Golubria      Tloc           0%         N/A       99%         4
 Petrify                  Tmut/Erth      0%         N/A       99%         4
 Sticky Flame             Conj/Fire      0%         2d3       99%         4
 Summon Ice Beast         Ice/Summ       0%         N/A       99%         4
 Summon Lightning Spire   Summ/Air       0%         N/A       99%         4
 Agony                    Necr           0%         N/A       100%        5
 Alistair's Intoxication  Tmut/Pois      0%         N/A       100%        5
 Borgnjor's Vile Clutch   Necr/Erth      0%         N/A       100%        5
 Fireball                 Conj/Fire      0%         3d3       100%        5
 Iskenderun's Battlesphe  Conj           0%         2d6       100%        5
 Lee's Rapid Deconstruct  Erth           0%         3d4*      100%        5
 Silence                  Hex/Air        2%         N/A       100%        5
 Summon Forest            Summ/Tloc      0%         N/A       100%        5
 Summon Mana Viper        Hex/Summ       4%         N/A       100%        5
 Yara's Violent Unravell  Hex/Tmut       2%         3d3       100%        5
 Conjure Ball Lightning   Conj/Air       0%         3x3d6     100%        6
 Death Channel            Necr           0%         N/A       100%        6
 Eringya's Noxious Bog    Tmut/Pois      0%         N/A       100%        6
 Plasma Beam              Fire/Air       0%         2x1d11    100%        6
 Simulacrum               Ice/Necr       0%         N/A       100%        6
 Starburst                Conj/Fire      0%         6d3       100%        6
 Statue Form              Tmut/Erth      0%         N/A       100%        6
 Summon Cactus Giant      Summ           0%         N/A       100%        6
 Enfeeble                 Hex            4%         N/A       100%        7
 Malign Gateway           Summ/Tloc      0%         N/A       100%        7
 Monstrous Menagerie      Summ           0%         N/A       100%        7
 Orb of Destruction       Conj           0%         9d5       100%        7
 Ozocubu's Refrigeration  Ice            0%         4d7       100%        7
 Spellforged Servitor     Conj/Summ      0%         N/A       100%        7
 Summon Hydra             Summ           0%         N/A       100%        7
 Discord                  Hex            4%         N/A       100%        8
 Disjunction              Tloc           0%         N/A       100%        8
 Ignition                 Fire           0%         3d3       100%        8
 Lehudib's Crystal Spear  Conj/Erth      0%         10d2      100%        8
 Summon Horrible Things   Summ           0%         N/A       100%        8
 Dragon's Call            Summ           0%         N/A       100%        9
 Fire Storm               Conj/Fire      0%         5d1       100%        9
 Polar Vortex             Ice            0%         N/A       100%        9


Dungeon Overview and Level Annotations

Branches:
Dungeon (15/15)            Temple (1/1) D:5            Lair (5/5) D:11
 Shoals (4/4) Lair:2       Spider (4/4) Lair:2        Slime (5/5) Lair:5
    Orc (2/2) D:10            Elf (3/3) Orc:2        Vaults (5/5) D:14
  Crypt (0/3) Vaults:2     Depths (4/4) D:15            Zot (5/5) Depths:4
  IceCv (visited)          WizLab (visited)

Altars:
Ashenzari
Cheibriados
Dithmenos
Elyvilon
Fedhas
Gozag
Hepliaklqana
Kikubaaqudgha
Nemelex Xobeh
Okawaru
Qazlal
Ru
Sif Muna
Trog
Uskayaw
Vehumet
Wu Jian
Xom
Yredelemnul
Zin
The Shining One
Jiyva

Shops:
D:11 =   Orc:2 (*[:   Elf:1 !   Elf:2 =:*:   Shoals:2 (   Shoals:3 ?[?[(
Vaults:2 [   Vaults:3 *   Vaults:5 =(

Portals:
Hell: Depths:1 Depths:2 Depths:3 Depths:4
Abyss: Depths:3
Pandemonium: Depths:2
Ziggurat: Depths:2

Annotations:
D:3 exclusion: door
D:13 6 transporters
D:14 exclusions: troll and 1 more exclusion, Rupert
Depths:4 6 runed translucent doors
Zot:1 36 runed doors, exclusion: 36 doors


Innate Abilities, Weirdness & Mutations

Your life essence is reduced to manifest your ancestor. (-10% HP)
You are agile. (Dex +4, Str/Int -1)
Your flesh is cold resistant. (rC+)
You are dopey. (Int -2)
You are frail. (-10% HP)
Your system is resistant to poisons. (rPois)
You are very weak. (Str -4)


Message History

(D) Dungeon (T) Temple (L) Lair (A) Shoals (N) Spider Nest (M) Slime Pits (O) Orcish Mines (E) Elven Halls (V) Vaults (C) Crypt (U) Depths (H) Hell (Z) Zot
Where to? (Enter - D:1, ? - help)
There is a stone staircase leading up here.
You fly upwards.
Level annotation: exclusion: door
There is a stone staircase leading down here.
There is a stone staircase leading down here.
You reach down and open the door.
There is an open door here. 🦀 is no longer moving quickly.
There is a shaft here.
There is an open door here.
There is a stone staircase leading up here.
You fly upwards.
There is a stone staircase leading down here.
You reach down and open the door.
There is an open door here.
There is a stone staircase leading up here.
You fly upwards.
There is a stone staircase leading down here.
A toenail golem comes into view.
There is an open door here. 🦀 hits the toenail golem with a +0 antimagic quick blade! 🦀 hits the toenail golem with a +0 antimagic quick blade!
The toenail golem barely misses 🦀.
There is a staircase leading out of the dungeon here.
You rampage towards the toenail golem!
You barely miss the toenail golem.
The toenail golem is heavily damaged. 🦀 hits the toenail golem with a +0 antimagic quick blade. 🦀 hits the toenail golem with a +0 antimagic quick blade!
The toenail golem hits 🦀. 🦀 hits the toenail golem but does no damage.
There is a staircase leading out of the dungeon here. 🦀 hits the toenail golem with a +0 antimagic quick blade!!
The toenail golem is destroyed!
Ancestor HP restored.
You have escaped!

## ##......## .#
##........## .##########
#..........# ..........#
#..........# ..........##
#..........# ...........####
#..........# ..>...........♣
♣♣♣........#
.....)....####♣♣♣♣♣.......##
..........#####♣@♣#.......##
#.#####.......#8R8#....>...#
#..####.......##'##........#
...........................#
....###...>.....#..........#
................#..........#
...#.#.#..#..#####........##
...#.#.#.###.## ##......##
#.##.#...###..# ########


You could see the friendly 🦀 the hexer.

Vanquished Creatures
  the Royal Jelly (Slime:5)
  3 orbs of fire
  A dread lich (Zot:5)
  3 ancient liches
  Mara (Spider:3)
  Margery (Depths:3)
  4 Killer Klowns
  The ghost of Onnujuk the Slayer, a veteran MiBe of Trog (Elf:3)
  A curse toe (Zot:2)
  6 bone dragons
  8 golden dragons
  A Brimstone Fiend (D:4)
  Arachne (Spider:3)
  2 electric golems
  16 tentacled monstrosities
  2 Hell Sentinels
  2 deep elf master archers (Elf:3)
  19 Orb Guardians
  3 deep elf blademasters (Elf:3)
  4 titans
  7 quicksilver dragons
  5 liches
  Mlioglotl (Spider:4)
  A kraken (Shoals:4)
  A walking divine tome (Depths:3)
  7 sphinxes
  2 Executioners
  9 acid blobs
  13 death cobs
  7 tentacled starspawn
  An ancient champion (WizLab)
  9 storm dragons
  7 shadow dragons
  Kirke (Elf:1)
  3 tengu reavers
  3 draconian monks
  4 azure jellies
  2 draconian knights
  3 rockslimes
  7 emperor scorpions
  7 deep elf sorcerers
  4 fire giants
  2 iron dragons
  17 vault wardens
  7 frost giants
  2 draconian scorchers
  5 orc warlords
  6 ghost moths
  A draconian shifter (Depths:4)
  Aizul (Vaults:3)
  5 deep elf elementalists
  A caustic shrike skeleton (Depths:2)
  3 broodmothers
  5 draconian stormcallers
  6 stone giants
  3 spriggan defenders (Depths:3)
  3 quicksilver oozes (Slime:5)
  16 ironbound preservers
  24 very ugly things
  6 ironbound thunderhulks
  6 draconian annihilators
  2 lorocyprocas
  2 vampire knights
  6 deep elf annihilators
  10 green draconians
  6 white draconians
  18 black draconians
  9 red draconians
  11 yellow draconians
  7 deep elf demonologists
  4 dire elephants
  11 spark wasps
  9 purple draconians
  Snorg (D:10)
  4 merfolk impalers
  7 deep elf high priests
  3 merfolk javelineers
  13 yaktaur captains
  5 deep elf death magi (Elf:3)
  4 fire dragons
  A green death (Abyss:2)
  6 ettins
  9 entropy weavers
  6 great orbs of eyes
  31 vault guards
  2 spriggan air magi
  3 rakshasas (Depths:1)
  A ghost crab (Spider:3)
  5 ice dragons
  A jorogumo (Spider:4)
  A merfolk avatar (Shoals:4)
  7 boulder beetles
  6 ironbound frosthearts
  26 centaur warriors
  4 catoblepae
  A radroach (Spider:1)
  13 dancing weapons
  A satyr (Shoals:4)
  5 death yaks (Lair:5)
  7 deep troll shamans
  A merfolk aquamancer (Shoals:1)
  4 two-headed ogres
  4 tengu warriors (D:15)
  A death scarab (Spider:1)
  7 deep troll earth magi
  2 vampire magi
  4 spriggan berserkers
  5 thrashing horrors (Abyss:4)
  6 orc high priests
  3 hell knights
  8 deep elf knights
  Nergalle (Lair:2)
  4 skysharks
  3 sun demons
  3 wretched stars (Abyss:4)
  10 iron trolls
  A titan skeleton (Abyss:4)
  3 sea snakes
  9 skeletal warriors
  5 pharaoh ants
  A shadow demon (Abyss:4)
  A death drake (Abyss:2)
  3 sixfirhies
  A death drake (shapeshifter) (Abyss:4)
  7 orb spiders
  2 deep trolls (shapeshifter)
  69 deep trolls
  2 spatial maelstroms (Abyss:4)
  A storm dragon skeleton (Vaults:2)
  A glowing orange brain (shapeshifter) (Depths:2)
  3 flayed ghosts
  10 lindwurms
  A spriggan simulacrum (Abyss:4)
  9 wizards
  A golden dragon skeleton (Depths:2)
  25 deep elf zephyrmancers
  5 deep elf archers (Elf:2)
  13 harpies
  28 deep elf pyromancers
  A wolf spider zombie (D:15)
  15 orc knights
  2 glowing orange brains
  17 ironbound convokers
  10 steelbarb worms
  A harpy (shapeshifter) (Vaults:5)
  24 ugly things
  22 wolf spiders
  5 necromancers
  5 phantasmal warriors
  7 orc sorcerers
  2 sphinx skeletons (Vaults:2)
  A shining eye (Slime:5)
  A will-o-the-wisp (Abyss:4)
  An oklob plant (Lair:4)
  A shadow dragon skeleton (Vaults:2)
  8 fauns (Shoals:4)
  A rust devil (Depths:2)
  2 manticores (shapeshifter)
  18 manticores
  A worldbinder (Abyss:2)
  7 cyclopes
  3 merfolk sirens
  An elephant (Lair:5)
  A frost giant skeleton (Vaults:2)
  26 moths of wrath
  5 torpor snails
  A fire giant skeleton (Vaults:2)
  19 vault sentinels
  2 stone giant skeletons (Vaults:2)
  A black mamba (Lair:1)
  3 eyes of devastation
  7 demonic crawlers
  4 water nymphs
  2 ice statues (IceCv)
  An orange demon (Depths:2)
  7 cane toads
  A smoke demon (Abyss:4)
  2 gargoyles (D:12)
  Joseph (D:8)
  5 centaur skeletons
  3 kobold demonologists (Abyss:4)
  2 rime drakes
  5 freezing wraiths
  2 efreet
  An elf skeleton (Vaults:2)
  An unseen horror (Abyss:4)
  2 komodo dragons
  An ancient zyme (Abyss:2)
  A spriggan zombie (Depths:2)
  5 ice devils
  29 yaktaurs
  2 anaconda simulacra (IceCv)
  3 harpy zombies (Shoals:2)
  A yaktaur skeleton (Vaults:2)
  16 merfolk
  4 tyrant leeches (Spider:3)
  5 wind drakes
  11 meliai
  16 tarantellas
  3 raiju (Abyss:4)
  7 trolls
  10 dream sheep
  7 hornets
  2 harpy skeletons
  5 snapping turtles
  4 blink frogs
  58 slime creatures
  18 jumping spiders
  2 spriggans (Depths:3)
  A shadow (Abyss:2)
  17 culicivoras
  2 wraiths (D:10)
  5 vampires
  4 dire elephant simulacra (IceCv)
  12 water elementals
  Grum (D:8)
  43 yaks
  2 wyverns
  3 ynoxinuls
  A golden eye (Abyss:4)
  A basilisk (D:15)
  4 neqoxecs
  A death yak simulacrum (IceCv)
  A fire elemental (Elf:1)
  A steam dragon (D:6)
  8 vampire mosquitoes
  56 redbacks
  4 swamp worms (Lair:1)
  5 wargs
  2 chaos spawn (Abyss:4)
  A harpy simulacrum (IceCv)
  8 large abominations
  2 hydra simulacra (IceCv)
  4 acid dragons
  A hell hound (Zot:5)
  5 two-headed ogre zombies (WizLab)
  6 water moccasins
  A glowing shapeshifter skeleton (Vaults:2)
  A floating eye (Depths:1)
  24 orc warriors
  A hexer (Orc:1)
  2 ice beasts
  A manticore zombie (Shoals:2)
  3 boggarts
  5 ogres
  8 centaurs
  2 human skeletons (Vaults:2)
  6 wolves
  A phantom (D:4)
  5 kobold brigands
  13 bullfrogs
  A scorpion (D:5)
  An earth elemental (Elf:3)
  A naga simulacrum (Abyss:4)
  18 wights
  A hornet simulacrum (D:12)
  7 troll zombies (WizLab)
  3 killer bees (D:8)
  6 small abominations
  8 electric eels
  5 lava snakes (Lair:3)
  4 hounds
  3 jellies
  10 orc priests
  3 iguanas
  23 starcursed masses (Abyss:4)
  3 sleepcaps
  A boggart zombie (D:15)
  18 orc wizards
  4 ogre zombies (WizLab)
  Robin (D:3)
  8 adders
  A white imp (IceCv)
  4 ufetubi
  4 worms
  3 dart slugs
  52 orcs
  8 ball pythons
  6 endoplasms
  5 giant cockroaches (D:4)
  19 goblins
  14 hobgoblins
  3 jackals (D:1)
  5 quokkas
  5 bats
  4 frilled lizards
  10 kobolds
  3 rats
  A briar patch (Lair:1)
  A starspawn tentacle (Abyss:4)
1859 creatures vanquished.

Vanquished Creatures (collateral kills)
  An ancient lich (WizLab)
  Vv (Depths:4)
  A golden dragon (Zot:2)
  Nikola (Spider:2)
  the Enchantress (Depths:3)
  A bone dragon (Abyss:4)
  3 electric golems
  4 Orb Guardians (Zot:5)
  3 liches
  5 tentacled monstrosities
  5 titans (Vaults:5)
  A deep elf blademaster (Elf:3)
  3 quicksilver dragons
  A deep elf master archer (Elf:3)
  3 tentacled starspawn
  2 death cobs (Zot:1)
  2 sphinxes
  5 acid blobs (Slime:5)
  A tengu reaver (Depths:2)
  A storm dragon (Zot:1)
  Roxanne (Spider:4)
  A shadow dragon (Vaults:5)
  3 ghost moths
  A draconian scorcher (Zot:3)
  A vault warden (Vaults:4)
  2 emperor scorpions (Spider:4)
  A draconian knight (Zot:4)
  A draconian shifter (Zot:4)
  3 deep elf elementalists (Elf:3)
  An orc warlord (Orc:2)
  3 very ugly things (Vaults:5)
  A spriggan defender (Depths:2)
  3 ironbound preservers
  2 war gargoyles
  A quicksilver ooze (Slime:5)
  A green draconian (Zot:4)
  2 deep elf demonologists (Elf:3)
  2 stone giants
  A vampire knight (Depths:1)
  3 deep elf annihilators
  2 yellow draconians
  4 white draconians
  2 lorocyprocas
  3 spark wasps
  3 purple draconians
  A red draconian (Zot:3)
  A crystal guardian (Vaults:4)
  3 ettins
  4 deep elf death magi
  An entropy weaver (shapeshifter) (Depths:2)
  2 merfolk impalers
  A fire dragon (Depths:2)
  4 rakshasas
  A great orb of eyes (Vaults:4)
  2 deep elf high priests (Elf:3)
  3 yaktaur captains
  A peacekeeper (Vaults:4)
  A jorogumo (Spider:1)
  4 vault guards
  An entropy weaver (Spider:3)
  A merfolk avatar (Shoals:2)
  2 centaur warriors
  A catoblepas (Lair:5)
  2 merfolk aquamancers (Shoals:4)
  An ice dragon (Depths:3)
  A satyr (Shoals:4)
  A death yak (Lair:5)
  11 dancing weapons
  A spriggan berserker (Depths:4)
  A hell knight (Depths:3)
  An orc high priest (Orc:2)
  3 deep elf knights (Elf:2)
  A soul eater (Depths:2)
  A wretched star (Abyss:4)
  An iron troll (Depths:4)
  A skyshark (Shoals:3)
  A sixfirhy (Depths:2)
  3 skeletal warriors
  An iron giant zombie (Abyss:4)
  2 pharaoh ants
  2 glowing orange brains
  A sea snake (Shoals:3)
  9 deep trolls
  3 orb spiders
  An obsidian statue (Depths:2)
  A phantasmal warrior (D:15)
  2 lindwurms (Vaults:4)
  2 deep elf archers
  A wizard (Vaults:4)
  5 harpies
  5 deep elf zephyrmancers
  2 steelbarb worms
  3 deep elf pyromancers
  3 wolf spiders
  7 ugly things
  4 orc sorcerers (Orc:2)
  A wolf spider (shapeshifter) (Vaults:3)
  A mana viper (Abyss:4)
  A faun (Shoals:4)
  5 cyclopes
  2 moths of wrath
  3 elephants (Lair:5)
  Maurice (D:8)
  3 manticores
  A toenail golem (D:1)
  2 water nymphs
  5 torpor snails
  A fire giant skeleton (Vaults:2)
  A rust devil (Depths:2)
  An apocalypse crab (Abyss:1)
  A black mamba (Lair:1)
  An eye of devastation (Abyss:4)
  A guardian serpent (shapeshifter) (Abyss:4)
  A vault sentinel (Vaults:2)
  A smoke demon (Abyss:4)
  A centaur skeleton (D:14)
  3 orange demons
  An unseen horror (D:12)
  3 cane toads
  2 rime drakes
  An anaconda simulacrum (IceCv)
  An efreet (D:13)
  12 yaktaurs
  2 ice devils (IceCv)
  A silent spectre (Abyss:4)
  3 harpy zombies (Shoals:2)
  A freezing wraith (Abyss:4)
  3 komodo dragons
  3 trolls
  2 ancient zymes
  A meliai (Spider:4)
  10 tarantellas
  2 raiju
  8 merfolk
  2 hornets (Abyss:2)
  2 snapping turtles
  5 blink frogs
  4 dream sheep
  15 slime creatures
  8 jumping spiders
  A vampire (D:9)
  3 wraiths
  10 water elementals
  8 culicivoras
  An air elemental (Elf:1)
  3 wyverns
  13 yaks
  A fire bat (Abyss:2)
  A ynoxinul (Abyss:4)
  6 vampire mosquitoes
  19 redbacks
  A chaos spawn (Abyss:4)
  A warg (Orc:2)
  A swamp worm (Lair:1)
  3 water moccasins
  5 large abominations
  4 small abominations
  13 orc warriors
  3 ogres
  2 centaurs
  A boggart (Vaults:2)
  5 wolves
  A starcursed mass (Abyss:4)
  9 wights
  5 killer bees
  A howler monkey (D:11)
  3 electric eels
  2 lava snakes (D:10)
  3 hounds
  3 orc priests
  9 orc wizards
  An ogre zombie (WizLab)
  2 naga simulacra
  2 white imps
  22 orcs
  4 briar patches (Lair:1)
  A lurking horror (Abyss:4)
513 creatures vanquished.

Vanquished Creatures (others)
  A deep elf demonologist (Elf:3)
  A white draconian (Depths:4)
  A merfolk aquamancer (Shoals:4)
  A deep elf pyromancer (Elf:2)
  A manticore (D:13)
  A black mamba (Lair:5)
  A torpor snail (Spider:4)
  A komodo dragon (D:13)
  A tarantella (Spider:1)
  3 hornets (Abyss:2)
  An air elemental (Elf:3)
  A small abomination (Abyss:4)
  3 humans (Elf:1)
  A redback (Spider:3)
  A kobold brigand (Abyss:4)
  2 lava snakes
  41 hexers
  An ancestor (D:7)
  3 briar patches (Lair:1)
  4 foxfires (Abyss:4)
  23 fungi
  2 lurking horrors
  112 plants
  23 starspawn tentacles
230 creatures vanquished.

Grand Total: 2602 creatures vanquished

Notes
Turn   | Place    | Note
-------+----------+-------------------------------------------
     0 | D:1      | Implojin the Human Hexslinger began the quest for the Orb.
     0 | D:1      | Reached XP level 1. HP: 15/15 MP: 2/2
   132 | D:1      | Reached XP level 2. HP: 19/21 MP: 3/3
   186 | D:1      | Danger: Low HP Warning |T2| Reason: 42% HP (9/21)
   187 | D:1      | Danger: Low HP Warning |T2| Reason: 42% HP (9/21)
   188 | D:1      | Danger: Low HP Warning |T2| Reason: 33% HP (7/21)
   189 | D:1      | Danger: Low HP Warning |T2| Reason: 33% HP (7/21)
   190 | D:1      | Danger: Low HP Warning |T2| Reason: 38% HP (8/21)
   191 | D:1      | Danger: Low HP Warning |T2| Reason: 38% HP (8/21)
   192 | D:1      | Danger: Low HP Warning |T2| Reason: 38% HP (8/21)
   193 | D:1      | Danger: Low HP Warning |T2| Reason: 38% HP (8/21)
   194 | D:1      | Danger: Low HP Warning |T2| Reason: 42% HP (9/21)
   195 | D:1      | Danger: Low HP Warning |T2| Reason: 42% HP (9/21)
   196 | D:1      | Danger: Low HP Warning |T2| Reason: 42% HP (9/21)
   197 | D:1      | Danger: Low HP Warning |T2| Reason: 42% HP (9/21)
   401 | D:1      | Danger: Low HP Warning |T2| Reason: 47% HP (10/21)
   402 | D:1      | Danger: Low HP Warning |T2| Reason: 52% HP (11/21)
   403 | D:1      | Danger: Low HP Warning |T2| Reason: 47% HP (10/21)
   404 | D:1      | Danger: Low HP Warning |T2| Reason: 42% HP (9/21)
   466 | D:2      | Reached XP level 3. HP: 21/26 MP: 4/4
  1756 | D:1      | Reached XP level 4. HP: 25/32 MP: 5/5
  1871 | D:1      | Danger: Low HP Warning |T2| Reason: 59% HP (19/32)
  2377 | D:3      | Noticed a water moccasin
  2378 | D:3      | Danger: water moccasin |T2| Reason: OOD monster, careful!
  2380 | D:3      | Danger: Low HP Warning |T2| Reason: 56% HP (18/32)
  2381 | D:3      | Danger: Low HP Warning |T2| Reason: 56% HP (18/32)
  2382 | D:3      | Danger: Low HP Warning |T2| Reason: 56% HP (18/32)
  2383 | D:3      | Danger: Low HP Warning |T2| Reason: 56% HP (18/32)
  2384 | D:3      | Danger: Low HP Warning |T2| Reason: 59% HP (19/32)
  2679 | D:3      | Noticed Robin
  2680 | D:3      | Danger: Robin |T2| Reason: Unique monster, careful!
  2683 | D:3      | Danger: Robin |T2| Reason: Unique monster, careful!
  2691 | D:2      | Danger: Low HP Warning |T2| Reason: 60% HP (20/33)
  2692 | D:2      | Danger: Low HP Warning |T2| Reason: 60% HP (20/33)
  2693 | D:2      | Danger: Low HP Warning |T2| Reason: 60% HP (20/33)
  2694 | D:2      | Danger: Low HP Warning |T2| Reason: 48% HP (16/33)
  2695 | D:2      | Danger: Low HP Warning |T2| Reason: 45% HP (15/33)
  2696 | D:2      | Danger: Low HP Warning |T2| Reason: 45% HP (15/33)
  2697 | D:2      | Danger: Low HP Warning |T2| Reason: 48% HP (16/33)
  2698 | D:2      | Danger: Low HP Warning |T2| Reason: 45% HP (15/33)
  2699 | D:2      | Danger: Low HP Warning |T2| Reason: 42% HP (14/33)
  2700 | D:2      | Danger: Low HP Warning |T2| Reason: 45% HP (15/33)
  2701 | D:2      | Danger: Low HP Warning |T2| Reason: 45% HP (15/33)
  2894 | D:3      | Danger: water moccasin |T2| Reason: OOD monster, careful!
  2917 | D:3      | Danger: Robin |T2| Reason: Unique monster, careful!
  2927 | D:3      | Reached XP level 5. HP: 28/39 MP: 6/6
  2940 | D:3      | Killed Robin
  2941 | D:3      | Reached skill level 1 in Polearms
  3064 | D:3      | Danger: water moccasin |T2| Reason: OOD monster, careful!
  3142 | D:3      | Reached skill level 1 in Short Blades
  3500 | D:4      | Danger: orc wizard |T2| Reason: OOD monster, careful!
  3506 | D:4      | Danger: orc wizard |T2| Reason: OOD monster, careful!
  3577 | D:4      | Danger: orc wizard |T2| Reason: OOD monster, careful!
  3584 | D:4      | Reached skill level 2 in Short Blades
  3596 | D:4      | Noticed a phantom
  3666 | D:4      | Danger: Low HP Warning |T2| Reason: 35% HP (14/39)
  3667 | D:4      | Danger: Low HP Warning |T2| Reason: 35% HP (14/39)
  3668 | D:4      | Danger: Low HP Warning |T2| Reason: 35% HP (14/39)
  3669 | D:4      | Danger: Low HP Warning |T2| Reason: 38% HP (15/39)
  3670 | D:4      | Reached XP level 6. HP: 18/46 MP: 3/7
  3905 | D:4      | Reached skill level 3 in Short Blades
  4487 | D:4      | Reached skill level 4 in Short Blades
  4487 | D:4      | Reached XP level 7. HP: 36/51 MP: 6/8
  5148 | D:5      | Entered Level 5 of the Dungeon
  5211 | D:5      | Danger: centaur |T2| Reason: OOD monster, careful!
  5221 | D:5      | Danger: centaur |T2| Reason: OOD monster, careful!
  5236 | D:5      | Danger: centaur |T2| Reason: OOD monster, careful!
  5279 | D:5      | Danger: centaur |T2| Reason: OOD monster, careful!
  5414 | D:5      | Danger: Low HP Warning |T2| Reason: 50% HP (26/51)
  5415 | D:5      | Reached skill level 1 in Throwing
  5599 | D:5      | Found a staircase to the Ecumenical Temple.
  5608 | Temple   | Entered the Ecumenical Temple
  5906 | Temple   | Became a worshipper of Hepliaklqana the Forgotten
  5984 | D:5      | Reached skill level 1 in Evocations
  5996 | D:5      | Danger: centaur |T2| Reason: OOD monster, careful!
  6053 | D:5      | Danger: orc |T2| Reason: Quivering boomerangs, careful!
  6059 | D:5      | Reached XP level 8. HP: 51/57 MP: 9/9
  6102 | D:5      | Danger: centaur |T2| Reason: OOD monster, careful!
  6370 | D:5      | Learned a level 3 spell: Volatile Blastmotes
  6395 | D:6      | Danger: steam dragon |T2| Reason: Steam Ball deals more
                  | than 50% MHP!
  6828 | D:6      | Danger: Low HP Warning |T2| Reason: 53% HP (32/60)
  6829 | D:6      | Reached XP level 9. HP: 36/65 MP: 10/10
  6922 | D:6      | Reached skill level 5 in Dodging
  7088 | D:6      | Reached * piety under Hepliaklqana
  7569 | D:7      | Danger: Low HP Warning |T2| Reason: 48% HP (28/58)
  7570 | D:7      | Danger: Low HP Warning |T2| Reason: 50% HP (29/58)
  7571 | D:7      | Danger: Low HP Warning |T2| Reason: 41% HP (24/58)
  7572 | D:7      | Danger: Low HP Warning |T2| Reason: 43% HP (25/58)
  7573 | D:7      | Danger: Low HP Warning |T2| Reason: 44% HP (26/58)
  7574 | D:7      | Danger: Low HP Warning |T2| Reason: 46% HP (27/58)
  7575 | D:7      | Danger: Low HP Warning |T2| Reason: 48% HP (28/58)
  7576 | D:7      | Danger: Low HP Warning |T2| Reason: 50% HP (29/58)
  7577 | D:7      | Danger: Low HP Warning |T2| Reason: 51% HP (30/58)
  7578 | D:7      | Danger: Low HP Warning |T2| Reason: 53% HP (31/58)
  7579 | D:7      | Danger: Low HP Warning |T2| Reason: 55% HP (32/58)
  7580 | D:7      | Danger: Low HP Warning |T2| Reason: 58% HP (34/58)
  7581 | D:7      | Danger: Low HP Warning |T2| Reason: 60% HP (35/58)
  7583 | D:6      | Danger: yak |T2| Reason: OOD monster, careful!
  7919 | D:7      | Reached skill level 5 in Short Blades
  7941 | D:7      | Reached skill level 6 in Short Blades
  7957 | D:7      | Reached skill level 7 in Short Blades
  7957 | D:7      | Reached skill level 1 in Invocations
  7957 | D:7      | Reached XP level 10. HP: 63/63 MP: 11/11
  8151 | D:8      | Reached ** piety under Hepliaklqana
  8313 | D:8      | Noticed Maurice
  8314 | D:8      | Danger: Maurice |T2| Reason: Unique monster, careful!
  8314 | D:8      | Danger: Maurice |T2| Reason: carrying a wand of flame (14),
                  | careful!
  8329 | D:8      | Danger: Maurice |T2| Reason: carrying a wand of flame (13),
                  | careful!
  8330 | D:8      | Killed Maurice
  8331 | D:8      | Reached skill level 5 in Stealth
  8335 | D:8      | Remembered your ancestor 🦀 as a hexer
  8583 | D:8      | Noticed Joseph
  8584 | D:8      | Danger: Joseph |T2| Reason: Unique monster, careful!
  8600 | D:8      | Killed Joseph
  8641 | D:8      | Noticed Grum
  8642 | D:8      | Danger: Grum |T2| Reason: Unique monster, careful!
  8642 | D:8      | Danger: Grum |T2| Reason: carrying a wand of polymorph (7),
                  | careful!
  8649 | D:8      | Danger: Grum |T2| Reason: Unique monster, careful!
  8649 | D:8      | Danger: Grum |T2| Reason: carrying a wand of polymorph (7),
                  | careful!
  8651 | D:8      | Danger: Low HP Warning |T2| Reason: 57% HP (36/63)
  8652 | D:8      | Danger: Low HP Warning |T2| Reason: 33% HP (21/63)
  8656 | D:8      | Killed Grum
  8677 | D:8      | Reached skill level 5 in Fighting
  9304 | D:3      | Danger: water moccasin |T2| Reason: OOD monster, careful!
  9530 | D:9      | Noticed a two-headed ogre
  9536 | D:9      | Killed a two-headed ogre
  9541 | D:9      | Reached skill level 8 in Short Blades
  9541 | D:9      | Reached XP level 11. HP: 68/72 MP: 14/14
  9722 | D:9      | Reached *** piety under Hepliaklqana
  9763 | D:9      | Danger: Low HP Warning |T2| Reason: 54% HP (39/72)
  9764 | D:9      | Danger: Low HP Warning |T2| Reason: 44% HP (32/72)
  9765 | D:9      | Danger: Low HP Warning |T2| Reason: 45% HP (33/72)
  9766 | D:9      | Reached skill level 9 in Short Blades
  9862 | D:9      | Noticed a cyclops
  9864 | D:9      | Danger: cyclops |T2| Reason: Quivering large rocks, watch
                  | out!!
  9864 | D:9      | Danger: cyclops |T2| Reason: OOD monster, careful!
  9870 | D:9      | Killed a cyclops
 10343 | D:10     | Entered Level 10 of the Dungeon
 10356 | D:9      | Reached skill level 10 in Short Blades
 10395 | D:10     | Danger: Low HP Warning |T2| Reason: 48% HP (36/74)
 10396 | D:10     | Danger: Low HP Warning |T2| Reason: 50% HP (37/74)
 10397 | D:10     | Danger: Low HP Warning |T2| Reason: 50% HP (37/74)
 10398 | D:10     | Danger: Low HP Warning |T2| Reason: 51% HP (38/74)
 10399 | D:10     | Danger: Low HP Warning |T2| Reason: 51% HP (38/74)
 10400 | D:10     | Danger: Low HP Warning |T2| Reason: 52% HP (39/74)
 10401 | D:10     | Danger: Low HP Warning |T2| Reason: 52% HP (39/74)
 10404 | D:10     | Danger: Low HP Warning |T2| Reason: 56% HP (42/74)
 10405 | D:10     | Danger: Low HP Warning |T2| Reason: 58% HP (43/74)
 10406 | D:10     | Danger: Low HP Warning |T2| Reason: 60% HP (45/74)
 10492 | D:10     | Danger: Low HP Warning |T2| Reason: 57% HP (43/75)
 10493 | D:10     | Danger: Low HP Warning |T2| Reason: 58% HP (44/75)
 10494 | D:10     | Danger: Low HP Warning |T2| Reason: 52% HP (39/75)
 10495 | D:10     | Danger: Low HP Warning |T2| Reason: 52% HP (39/75)
 10496 | D:10     | Danger: Low HP Warning |T2| Reason: 53% HP (40/75)
 10497 | D:10     | Danger: Low HP Warning |T2| Reason: 49% HP (37/75)
 10498 | D:10     | Danger: Low HP Warning |T2| Reason: 50% HP (38/75)
 10499 | D:10     | Danger: Low HP Warning |T2| Reason: 50% HP (38/75)
 10500 | D:10     | Danger: Low HP Warning |T2| Reason: 42% HP (32/75)
 10501 | D:10     | Danger: Low HP Warning |T2| Reason: 42% HP (32/75)
 10502 | D:10     | Danger: Low HP Warning |T2| Reason: 44% HP (33/75)
 10503 | D:10     | Danger: Low HP Warning |T2| Reason: 44% HP (33/75)
 10505 | D:10     | Danger: Low HP Warning |T2| Reason: 34% HP (26/75)
 10506 | D:10     | Danger: Low HP Warning |T2| Reason: 34% HP (26/75)
 10507 | D:10     | Danger: Low HP Warning |T2| Reason: 36% HP (27/75)
 10515 | D:10     | Danger: Low HP Warning |T2| Reason: 48% HP (36/75)
 10517 | D:10     | Danger: Low HP Warning |T2| Reason: 50% HP (38/75)
 10518 | D:10     | Danger: Low HP Warning |T2| Reason: 52% HP (39/75)
 10519 | D:10     | Danger: Low HP Warning |T2| Reason: 53% HP (40/75)
 10520 | D:10     | Danger: Low HP Warning |T2| Reason: 54% HP (41/75)
 10521 | D:10     | Danger: Low HP Warning |T2| Reason: 54% HP (41/75)
 10732 | D:10     | Danger: orc |T2| Reason: Quivering boomerangs, careful!
 10732 | D:10     | Noticed Snorg
 10733 | D:10     | Danger: Snorg |T2| Reason: Unique monster, careful!
 10738 | D:10     | Danger: Low HP Warning |T2| Reason: 59% HP (46/77)
 10739 | D:10     | Danger: Low HP Warning |T2| Reason: 38% HP (30/77)
 10877 | D:10     | Reached **** piety under Hepliaklqana
 10889 | D:10     | Found a staircase to the Orcish Mines.
 10917 | D:10     | Identified the ring of the Endless Violins {EV+5 Dex+3}
 11011 | D:10     | Found a sacrificial altar of Ru.
 11109 | D:10     | Found a broken altar of Ashenzari.
 11109 | D:10     | Found a hide-covered altar of Uskayaw.
 11109 | D:10     | Found a stormy altar of Qazlal.
 11134 | D:10     | Noticed a boulder beetle
 11134 | D:10     | Noticed a two-headed ogre
 11135 | D:10     | Danger: acid dragon |T2| Reason: Spit Acid deals more than
                  | 50% MHP!
 11135 | D:10     | Danger: acid dragon |T2| Reason: Spit Acid deals more than
                  | 50% MHP!
 11135 | D:10     | Danger: boulder beetle |T2| Reason: OOD monster, careful!
 11167 | D:10     | Killed a boulder beetle
 11176 | D:10     | Killed a two-headed ogre
 11184 | D:10     | Reached XP level 12. HP: 74/87 MP: 15/15
 11190 | D:10     | Danger: manticore |T2| Reason: OOD monster, careful!
 11202 | D:10     | Reached skill level 10 in Fighting
 11203 | D:10     | Danger: Low HP Warning |T2| Reason: 60% HP (53/87)
 11206 | D:10     | Danger: Low HP Warning |T2| Reason: 57% HP (50/87)
 11207 | D:10     | Danger: Low HP Warning |T2| Reason: 58% HP (51/87)
 11208 | D:10     | Danger: Low HP Warning |T2| Reason: 59% HP (52/87)
 11209 | D:10     | Danger: Low HP Warning |T2| Reason: 60% HP (53/87)
 11226 | D:10     | Danger: Low HP Warning |T2| Reason: 59% HP (52/87)
 11227 | D:10     | Danger: Low HP Warning |T2| Reason: 57% HP (50/87)
 11228 | D:10     | Danger: Low HP Warning |T2| Reason: 58% HP (51/87)
 11229 | D:10     | Danger: Low HP Warning |T2| Reason: 52% HP (46/87)
 11230 | D:10     | Danger: Low HP Warning |T2| Reason: 43% HP (38/87)
 11231 | D:10     | Danger: Low HP Warning |T2| Reason: 43% HP (38/87)
 11232 | D:10     | Danger: Low HP Warning |T2| Reason: 45% HP (40/87)
 11233 | D:10     | Danger: Low HP Warning |T2| Reason: 47% HP (41/87)
 11234 | D:10     | Danger: Low HP Warning |T2| Reason: 48% HP (42/87)
 11235 | D:10     | Danger: Low HP Warning |T2| Reason: 49% HP (43/87)
 11236 | D:10     | Danger: Low HP Warning |T2| Reason: 49% HP (43/87)
 11238 | D:10     | Danger: Snorg |T2| Reason: Unique monster, careful!
 11238 | D:10     | Danger: Low HP Warning |T2| Reason: 52% HP (46/87)
 11244 | D:10     | Danger: Snorg |T2| Reason: Unique monster, careful!
 11311 | D:10     | Danger: Snorg |T2| Reason: Unique monster, careful!
 11321 | D:10     | Danger: Low HP Warning |T2| Reason: 60% HP (53/87)
 11322 | D:10     | Danger: Low HP Warning |T2| Reason: 40% HP (35/87)
 11323 | D:10     | Danger: Low HP Warning |T2| Reason: 41% HP (36/87)
 11324 | D:10     | Danger: Low HP Warning |T2| Reason: 41% HP (36/87)
 11325 | D:10     | Danger: Low HP Warning |T3| Reason: 21% HP (19/87)
 11326 | D:10     | Danger: Low HP Warning |T3| Reason: 22% HP (20/87)
 11327 | D:10     | Danger: Low HP Warning |T3| Reason: 24% HP (21/87)
 11328 | D:10     | Danger: Low HP Warning |T3| Reason: 25% HP (22/87)
 11329 | D:10     | Danger: Low HP Warning |T2| Reason: 26% HP (23/87)
 11331 | D:10     | Danger: Snorg |T2| Reason: Unique monster, careful!
 11331 | D:10     | Danger: Low HP Warning |T2| Reason: 28% HP (25/87)
 11357 | D:10     | Danger: Snorg |T2| Reason: Unique monster, careful!
 11367 | D:10     | Danger: Low HP Warning |T2| Reason: 58% HP (51/87)
 11368 | D:10     | Danger: acid dragon |T3| Reason: IMMINENT DEATH: Spit Acid
                  | deals 42 damage, you have 40 HP!!
 11368 | D:10     | Danger: Low HP Warning |T2| Reason: 45% HP (40/87)
 11371 | D:10     | Danger: Low HP Warning |T2| Reason: 58% HP (51/87)
 11372 | D:10     | Danger: Low HP Warning |T2| Reason: 59% HP (52/87)
 11373 | D:10     | Danger: Low HP Warning |T2| Reason: 60% HP (53/87)
 11374 | D:10     | Danger: Low HP Warning |T2| Reason: 60% HP (53/87)
 11375 | D:10     | Danger: Low HP Warning |T2| Reason: 60% HP (53/87)
 11436 | D:11     | Danger: cyclops |T2| Reason: Quivering large rocks, watch
                  | out!!
 11473 | D:11     | Danger: Low HP Warning |T2| Reason: 55% HP (48/87)
 11474 | D:11     | Danger: Low HP Warning |T2| Reason: 55% HP (48/87)
 11475 | D:11     | Danger: Low HP Warning |T2| Reason: 57% HP (50/87)
 11476 | D:11     | Danger: Low HP Warning |T2| Reason: 57% HP (50/87)
 11477 | D:11     | Danger: Low HP Warning |T2| Reason: 57% HP (50/87)
 11478 | D:11     | Danger: Low HP Warning |T2| Reason: 57% HP (50/87)
 11479 | D:11     | Danger: Low HP Warning |T2| Reason: 58% HP (51/87)
 11480 | D:11     | Danger: Low HP Warning |T2| Reason: 54% HP (47/87)
 11481 | D:11     | Danger: Low HP Warning |T2| Reason: 55% HP (48/87)
 11566 | D:11     | Found Eloummis's Jewellery Emporium.
 11685 | D:11     | Danger: deep elf pyromancer |T2| Reason: OOD monster,
                  | careful!
 11685 | D:11     | Danger: deep elf pyromancer |T2| Reason: Bolt of Fire deals
                  | more than 50% MHP!
 11688 | D:11     | Danger: deep elf pyromancer |T2| Reason: OOD monster,
                  | careful!
 11688 | D:11     | Danger: deep elf pyromancer |T2| Reason: Bolt of Fire deals
                  | more than 50% MHP!
 11701 | D:11     | Danger: deep elf pyromancer |T2| Reason: OOD monster,
                  | careful!
 11701 | D:11     | Danger: deep elf pyromancer |T2| Reason: Bolt of Fire deals
                  | more than 50% MHP!
 11705 | D:11     | Danger: deep elf pyromancer |T2| Reason: OOD monster,
                  | careful!
 11705 | D:11     | Danger: deep elf pyromancer |T2| Reason: Bolt of Fire deals
                  | more than 50% MHP!
 11709 | D:11     | Danger: deep elf pyromancer |T2| Reason: OOD monster,
                  | careful!
 11709 | D:11     | Danger: deep elf pyromancer |T2| Reason: Bolt of Fire deals
                  | more than 50% MHP!
 11743 | D:11     | Danger: deep elf pyromancer |T2| Reason: OOD monster,
                  | careful!
 11743 | D:11     | Danger: deep elf pyromancer |T2| Reason: Bolt of Fire deals
                  | more than 50% MHP!
 11927 | D:11     | Found a staircase to the Lair.
 12130 | D:11     | Danger: Low HP Warning |T2| Reason: 57% HP (50/87)
 12133 | D:11     | Danger: Low HP Warning |T2| Reason: 58% HP (51/87)
 12135 | D:11     | Danger: Low HP Warning |T2| Reason: 60% HP (53/87)
 12139 | D:11     | Danger: Low HP Warning |T2| Reason: 41% HP (36/87)
 12140 | D:11     | Danger: Low HP Warning |T2| Reason: 41% HP (36/87)
 12142 | D:11     | Danger: Low HP Warning |T2| Reason: 43% HP (38/87)
 12143 | D:11     | Danger: Low HP Warning |T2| Reason: 43% HP (38/87)
 12144 | D:11     | Danger: Low HP Warning |T2| Reason: 34% HP (30/87)
 12145 | D:11     | Danger: Low HP Warning |T2| Reason: 34% HP (30/87)
 12146 | D:11     | Danger: Low HP Warning |T2| Reason: 35% HP (31/87)
 12374 | D:11     | Identified a scroll of acquirement
 12374 | D:11     | Acquired a manual of Dodging
 12422 | Lair:1   | Entered Level 1 of the Lair of Beasts
 12432 | Lair:1   | Found a transporter.
 12461 | Lair:1   | Found a frozen archway.
 12465 | Lair:1   | Reached skill level 10 in Dodging
 12490 | IceCv    | Entered an ice cave
 12584 | IceCv    | Danger: ice statue |T2| Reason: Bolt of Cold deals more
                  | than 50% MHP!
 12584 | IceCv    | Danger: ice statue |T2| Reason: Throw Icicle deals more
                  | than 50% MHP!
 12584 | IceCv    | Danger: ice statue |T2| Reason: Bolt of Cold deals more
                  | than 50% MHP!
 12584 | IceCv    | Danger: ice statue |T2| Reason: Throw Icicle deals more
                  | than 50% MHP!
 12610 | IceCv    | Danger: ice statue |T2| Reason: Bolt of Cold deals more
                  | than 50% MHP!
 12610 | IceCv    | Danger: ice statue |T2| Reason: Throw Icicle deals more
                  | than 50% MHP!
 12610 | IceCv    | Danger: ice statue |T2| Reason: Bolt of Cold deals more
                  | than 50% MHP!
 12610 | IceCv    | Danger: ice statue |T2| Reason: Throw Icicle deals more
                  | than 50% MHP!
 12631 | IceCv    | Danger: Low HP Warning |T2| Reason: 60% HP (53/87)
 12632 | IceCv    | Danger: ice statue |T2| Reason: Bolt of Cold deals more
                  | than 50% MHP!
 12632 | IceCv    | Danger: ice statue |T2| Reason: Throw Icicle deals more
                  | than 50% MHP!
 12632 | IceCv    | Danger: Low HP Warning |T2| Reason: 57% HP (50/87)
 12633 | IceCv    | Danger: Low HP Warning |T2| Reason: 58% HP (51/87)
 12634 | IceCv    | Danger: Low HP Warning |T2| Reason: 59% HP (52/87)
 12638 | IceCv    | Danger: Low HP Warning |T2| Reason: 52% HP (46/87)
 12639 | IceCv    | Danger: Low HP Warning |T2| Reason: 54% HP (47/87)
 12640 | IceCv    | Danger: Low HP Warning |T2| Reason: 55% HP (48/87)
 12641 | IceCv    | Danger: Low HP Warning |T2| Reason: 55% HP (48/87)
 12642 | IceCv    | Danger: Low HP Warning |T2| Reason: 56% HP (49/87)
 12643 | IceCv    | Danger: Low HP Warning |T2| Reason: 45% HP (40/87)
 12644 | IceCv    | Danger: Low HP Warning |T2| Reason: 47% HP (41/87)
 12645 | IceCv    | Danger: Low HP Warning |T2| Reason: 47% HP (41/87)
 12646 | IceCv    | Danger: Low HP Warning |T2| Reason: 48% HP (42/87)
 12647 | IceCv    | Danger: Low HP Warning |T2| Reason: 49% HP (43/87)
 12648 | IceCv    | Danger: Low HP Warning |T2| Reason: 50% HP (44/87)
 12649 | IceCv    | Danger: Low HP Warning |T2| Reason: 51% HP (45/87)
 12650 | IceCv    | Danger: Low HP Warning |T2| Reason: 51% HP (45/87)
 12651 | IceCv    | Danger: Low HP Warning |T2| Reason: 45% HP (40/87)
 12652 | IceCv    | Danger: Low HP Warning |T2| Reason: 47% HP (41/87)
 12653 | IceCv    | Danger: Low HP Warning |T2| Reason: 48% HP (42/87)
 12654 | IceCv    | Danger: Low HP Warning |T2| Reason: 49% HP (43/87)
 12655 | IceCv    | Danger: Low HP Warning |T2| Reason: 49% HP (43/87)
 12656 | IceCv    | Danger: Low HP Warning |T2| Reason: 50% HP (44/87)
 12657 | IceCv    | Danger: Low HP Warning |T2| Reason: 51% HP (45/87)
 12658 | IceCv    | Danger: Low HP Warning |T2| Reason: 52% HP (46/87)
 12659 | IceCv    | Danger: Low HP Warning |T2| Reason: 54% HP (47/87)
 12660 | IceCv    | Danger: Low HP Warning |T2| Reason: 49% HP (43/87)
 12661 | IceCv    | Danger: Low HP Warning |T2| Reason: 50% HP (44/87)
 12662 | IceCv    | Danger: Low HP Warning |T2| Reason: 51% HP (45/87)
 12663 | IceCv    | Danger: Low HP Warning |T2| Reason: 52% HP (46/87)
 12664 | IceCv    | Danger: Low HP Warning |T2| Reason: 54% HP (47/87)
 12665 | IceCv    | Danger: Low HP Warning |T2| Reason: 54% HP (47/87)
 12666 | IceCv    | Danger: Low HP Warning |T2| Reason: 55% HP (48/87)
 12667 | IceCv    | Danger: Low HP Warning |T2| Reason: 56% HP (49/87)
 12668 | IceCv    | Danger: Low HP Warning |T2| Reason: 57% HP (50/87)
 12669 | IceCv    | Danger: Low HP Warning |T2| Reason: 58% HP (51/87)
 12686 | IceCv    | Danger: ice statue |T2| Reason: Bolt of Cold deals more
                  | than 50% MHP!
 12686 | IceCv    | Danger: ice statue |T2| Reason: Throw Icicle deals more
                  | than 50% MHP!
 12686 | IceCv    | Danger: ice statue |T2| Reason: Bolt of Cold deals more
                  | than 50% MHP!
 12686 | IceCv    | Danger: ice statue |T2| Reason: Throw Icicle deals more
                  | than 50% MHP!
 12701 | IceCv    | Danger: ice statue |T2| Reason: Bolt of Cold deals more
                  | than 50% MHP!
 12701 | IceCv    | Danger: ice statue |T2| Reason: Throw Icicle deals more
                  | than 50% MHP!
 12707 | IceCv    | Danger: ice statue |T2| Reason: Bolt of Cold deals more
                  | than 50% MHP!
 12707 | IceCv    | Danger: ice statue |T2| Reason: Throw Icicle deals more
                  | than 50% MHP!
 12838 | IceCv    | Reached skill level 1 in Armour
 12838 | IceCv    | Reached XP level 13. HP: 69/92 MP: 16/16
 13056 | IceCv    | Noticed a reaper
 13097 | IceCv    | Danger: Low HP Warning |T2| Reason: 35% HP (33/92)
 13098 | IceCv    | Danger: Low HP Warning |T2| Reason: 36% HP (34/92)
 13257 | Lair:1   | Found a transporter.
 13370 | Lair:1   | Reached skill level 5 in Armour
 13654 | Lair:1   | Reached ***** piety under Hepliaklqana
 14221 | Lair:2   | Noticed Nergalle
 14222 | Lair:2   | Danger: Nergalle |T2| Reason: Unique monster, careful!
 14222 | Lair:2   | Danger: Nergalle |T2| Reason: Bolt of Draining deals more
                  | than 50% MHP!
 14223 | Lair:2   | Found a staircase to the Shoals.
 14233 | Lair:2   | Killed Nergalle
 14290 | Lair:2   | Found a hole to the Spider Nest.
 14297 | Lair:2   | Danger: Low HP Warning |T2| Reason: 55% HP (48/86)
 14299 | Lair:2   | Danger: rime drake |T3| Reason: IMMINENT DEATH: Flash
                  | Freeze deals 36 damage, you have 18 HP!!
 14299 | Lair:2   | Danger: Low HP Warning |T3| Reason: 22% HP (18/81)
 14300 | Lair:2   | Danger: Low HP Warning |T3| Reason: 23% HP (19/82)
 14301 | Lair:2   | Danger: Low HP Warning |T3| Reason: 24% HP (20/82)
 14311 | Lair:2   | Danger: Low HP Warning |T2| Reason: 36% HP (31/86)
 14312 | Lair:2   | Danger: Low HP Warning |T2| Reason: 37% HP (32/86)
 14313 | Lair:2   | Danger: Low HP Warning |T2| Reason: 39% HP (34/86)
 14314 | Lair:2   | Danger: Low HP Warning |T2| Reason: 40% HP (35/86)
 14315 | Lair:2   | Danger: Low HP Warning |T2| Reason: 40% HP (35/86)
 14316 | Lair:2   | Danger: Low HP Warning |T2| Reason: 41% HP (36/86)
 14317 | Lair:2   | Danger: Low HP Warning |T2| Reason: 43% HP (37/86)
 14460 | Lair:2   | Danger: Low HP Warning |T2| Reason: 57% HP (50/87)
 14461 | Lair:2   | Danger: Low HP Warning |T2| Reason: 56% HP (49/87)
 14462 | Lair:2   | Danger: Low HP Warning |T2| Reason: 55% HP (48/87)
 14463 | Lair:2   | Reached skill level 15 in Dodging
 14463 | Lair:2   | Danger: Low HP Warning |T2| Reason: 52% HP (46/88)
 14464 | Lair:2   | Danger: Low HP Warning |T2| Reason: 52% HP (46/88)
 14465 | Lair:2   | Danger: Low HP Warning |T2| Reason: 51% HP (45/88)
 14466 | Lair:2   | Danger: Low HP Warning |T2| Reason: 51% HP (45/88)
 14467 | Lair:2   | Danger: Low HP Warning |T2| Reason: 45% HP (40/88)
 14468 | Lair:2   | Danger: Low HP Warning |T2| Reason: 36% HP (32/88)
 14501 | Lair:2   | Danger: Low HP Warning |T2| Reason: 57% HP (51/89)
 14502 | Lair:2   | Danger: Low HP Warning |T2| Reason: 58% HP (52/89)
 14503 | Lair:2   | Danger: Low HP Warning |T2| Reason: 59% HP (53/89)
 14504 | Lair:2   | Danger: Low HP Warning |T2| Reason: 60% HP (54/89)
 14964 | Lair:3   | Noticed a catoblepas
 14966 | Lair:3   | Killed a catoblepas
 15049 | Lair:3   | Danger: dream sheep |T2| Reason: Irresistible Dream Dust
                  | (4%), watch out!
 15049 | Lair:3   | Danger: dream sheep |T2| Reason: OOD monster, careful!
 15051 | Lair:3   | Danger: dream sheep |T2| Reason: Irresistible Dream Dust
                  | (52%), watch out!
 15051 | Lair:3   | Danger: dream sheep |T2| Reason: Irresistible Dream Dust
                  | (52%), watch out!
 15051 | Lair:3   | Danger: dream sheep |T2| Reason: OOD monster, careful!
 15058 | Lair:3   | Danger: dream sheep |T2| Reason: Irresistible Dream Dust
                  | (80.8%), watch out!
 15058 | Lair:3   | Danger: dream sheep |T2| Reason: Irresistible Dream Dust
                  | (80.8%), watch out!
 15058 | Lair:3   | Danger: dream sheep |T2| Reason: Irresistible Dream Dust
                  | (80.8%), watch out!
 15058 | Lair:3   | Danger: dream sheep |T2| Reason: OOD monster, careful!
 15058 | Lair:3   | Danger: dream sheep |T2| Reason: Irresistible Dream Dust
                  | (80.8%), watch out!
 15058 | Lair:3   | Danger: dream sheep |T2| Reason: OOD monster, careful!
 15058 | Lair:3   | Danger: dream sheep |T2| Reason: Irresistible Dream Dust
                  | (80.8%), watch out!
 15058 | Lair:3   | Danger: dream sheep |T2| Reason: OOD monster, careful!
 15059 | Lair:3   | Danger: dream sheep |T2| Reason: Irresistible Dream Dust
                  | (68%), watch out!
 15059 | Lair:3   | Danger: dream sheep |T2| Reason: Irresistible Dream Dust
                  | (68%), watch out!
 15059 | Lair:3   | Danger: dream sheep |T2| Reason: Irresistible Dream Dust
                  | (68%), watch out!
 15060 | Lair:3   | Danger: dream sheep |T2| Reason: Irresistible Dream Dust
                  | (52%), watch out!
 15060 | Lair:3   | Danger: dream sheep |T2| Reason: Irresistible Dream Dust
                  | (52%), watch out!
 15062 | Lair:3   | Danger: dream sheep |T2| Reason: Irresistible Dream Dust
                  | (4%), watch out!
 15106 | Lair:3   | Danger: electric eel |T2| Reason: Electrical Bolt and no
                  | rElec
 15125 | Lair:3   | Danger: electric eel |T2| Reason: Electrical Bolt and no
                  | rElec
 15131 | Lair:3   | Danger: electric eel |T2| Reason: Electrical Bolt and no
                  | rElec
 15132 | Lair:3   | Danger: electric eel |T2| Reason: Electrical Bolt and no
                  | rElec
 15135 | Lair:3   | Danger: Low HP Warning |T2| Reason: 58% HP (54/92)
 15136 | Lair:3   | Danger: Low HP Warning |T2| Reason: 59% HP (55/92)
 15137 | Lair:3   | Danger: Low HP Warning |T2| Reason: 60% HP (56/92)
 15139 | Lair:3   | Danger: Low HP Warning |T2| Reason: 45% HP (42/92)
 15140 | Lair:3   | Danger: Low HP Warning |T2| Reason: 46% HP (43/92)
 15737 | Lair:4   | Found a glowing golden altar of the Shining One.
 15756 | Lair:4   | Reached XP level 14. HP: 97/99 MP: 17/17
 16019 | Lair:4   | Danger: lindwurm |T2| Reason: Fire Breath deals more than
                  | 50% MHP!
 16036 | Lair:4   | Reached skill level 5 in Invocations
 16288 | Lair:5   | Entered Level 5 of the Lair of Beasts
 16493 | Lair:5   | Found a viscous altar of Jiyva.
 16496 | Lair:5   | Found a staircase to the Slime Pits.
 16612 | Lair:5   | Reached skill level 10 in Stealth
 16769 | Lair:5   | Danger: manticore |T2| Reason: OOD monster, careful!
 16867 | Lair:5   | Danger: Low HP Warning |T2| Reason: 58% HP (58/99)
 16868 | Lair:5   | Danger: Low HP Warning |T2| Reason: 59% HP (59/99)
 16869 | Lair:5   | Danger: Low HP Warning |T2| Reason: 60% HP (60/99)
 16963 | Lair:5   | Danger: manticore |T2| Reason: OOD monster, careful!
 17538 | D:11     | Bought a ring of flight for 210 gold pieces
 17611 | Lair:1   | Danger: Low HP Warning |T2| Reason: 54% HP (54/99)
 17612 | Lair:1   | Danger: Low HP Warning |T2| Reason: 55% HP (55/99)
 17613 | Lair:1   | Danger: Low HP Warning |T2| Reason: 56% HP (56/99)
 17614 | Lair:1   | Danger: Low HP Warning |T2| Reason: 57% HP (57/99)
 17615 | Lair:1   | Danger: Low HP Warning |T2| Reason: 58% HP (58/99)
 17616 | Lair:1   | Danger: Low HP Warning |T2| Reason: 58% HP (58/99)
 17617 | Lair:1   | Danger: Low HP Warning |T2| Reason: 59% HP (59/99)
 17618 | Lair:1   | Danger: Low HP Warning |T2| Reason: 60% HP (60/99)
 17620 | Lair:1   | Danger: Low HP Warning |T2| Reason: 45% HP (45/99)
 17621 | Lair:1   | Danger: swamp worm |T3| Reason: IMMINENT DEATH: Harpoon
                  | Shot deals 26 damage, you have 22 HP!!
 17621 | Lair:1   | Danger: swamp worm |T3| Reason: IMMINENT DEATH: Harpoon
                  | Shot deals 26 damage, you have 22 HP!!
 17621 | Lair:1   | Danger: swamp worm |T3| Reason: IMMINENT DEATH: Harpoon
                  | Shot deals 26 damage, you have 22 HP!!
 17621 | Lair:1   | Danger: Low HP Warning |T3| Reason: 22% HP (22/99)
 17622 | Lair:1   | Danger: Low HP Warning |T2| Reason: 51% HP (51/99)
 17623 | Lair:1   | Danger: Low HP Warning |T2| Reason: 51% HP (51/99)
 17624 | Lair:1   | Danger: Low HP Warning |T2| Reason: 52% HP (52/99)
 17625 | Lair:1   | Danger: Low HP Warning |T2| Reason: 46% HP (46/99)
 17626 | Lair:1   | Danger: Low HP Warning |T2| Reason: 47% HP (47/99)
 17627 | Lair:1   | Danger: Low HP Warning |T2| Reason: 48% HP (48/99)
 17628 | Lair:1   | Danger: Low HP Warning |T2| Reason: 48% HP (48/99)
 17629 | Lair:1   | Danger: swamp worm |T3| Reason: IMMINENT DEATH: Harpoon
                  | Shot deals 24 damage, you have 20 HP!!
 17629 | Lair:1   | Danger: swamp worm |T3| Reason: IMMINENT DEATH: Harpoon
                  | Shot deals 26 damage, you have 20 HP!!
 17629 | Lair:1   | Danger: Low HP Warning |T3| Reason: 20% HP (20/99)
 17630 | Lair:1   | Danger: Low HP Warning |T3| Reason: 21% HP (21/99)
 17631 | Lair:1   | Danger: Low HP Warning |T3| Reason: 23% HP (23/99)
 17632 | Lair:1   | Danger: Low HP Warning |T3| Reason: 24% HP (24/99)
 17633 | Lair:1   | Danger: Low HP Warning |T3| Reason: 25% HP (25/99)
 17634 | Lair:1   | Danger: Low HP Warning |T2| Reason: 26% HP (26/99)
 17752 | Lair:1   | Danger: Low HP Warning |T2| Reason: 57% HP (57/99)
 17753 | Lair:1   | Danger: Low HP Warning |T2| Reason: 58% HP (58/99)
 17754 | Lair:1   | Danger: Low HP Warning |T2| Reason: 59% HP (59/99)
 17755 | Lair:1   | Danger: Low HP Warning |T2| Reason: 31% HP (31/99)
 17756 | Lair:1   | Danger: Low HP Warning |T2| Reason: 50% HP (50/99)
 17757 | Lair:1   | Danger: Low HP Warning |T2| Reason: 30% HP (30/99)
 17758 | Lair:1   | Danger: Low HP Warning |T2| Reason: 52% HP (52/99)
 17759 | Lair:1   | Danger: Low HP Warning |T2| Reason: 41% HP (41/99)
 17760 | Lair:1   | Danger: Low HP Warning |T2| Reason: 39% HP (39/99)
 17761 | Lair:1   | Danger: Low HP Warning |T2| Reason: 38% HP (38/99)
 17769 | Lair:1   | Danger: Low HP Warning |T2| Reason: 37% HP (37/99)
 17773 | Lair:1   | Danger: Low HP Warning |T2| Reason: 42% HP (42/99)
 17867 | Lair:1   | Identified the +0 hat of Lethargy {rF++ rC+ Will+ Str+3}
 17870 | Lair:1   | Identified the ring "Arit" {rF+++ Will+ MP+9 Dex-2 SInv}
 17938 | D:12     | Noticed Sonja
 17939 | D:12     | Danger: Sonja |T3| Reason: Distortion weapon!
 17939 | D:12     | Danger: Sonja |T3| Reason: Quivering curare and no rPois,
                  | watch out!!
 17939 | D:12     | Danger: Sonja |T2| Reason: Unique monster, careful!
 17939 | D:12     | Sonja changed into Sonja the rime drake
 17939 | D:12     | Noticed Sonja
 17950 | D:12     | Danger: cyclops |T2| Reason: Quivering large rocks, watch
                  | out!!
 17955 | D:12     | Killed Sonja the rime drake
 17964 | D:12     | You fall into a shaft and drop 2 floors!
 17964 | D:12     | Danger: Shafted! |T3| Reason: Shafted!
 17969 | D:14     | Noticed Rupert
 17970 | D:14     | Danger: Rupert |T3| Reason: Paralyse and low Will
 17970 | D:14     | Danger: Rupert |T2| Reason: Unique monster, careful!
 18004 | D:14     | Danger: deep elf pyromancer |T2| Reason: Bolt of Fire deals
                  | more than 50% MHP!
 18048 | D:13     | Danger: wizard |T3| Reason: Banishment and low Will
 18048 | D:13     | Danger: wizard |T2| Reason: Fireball deals more than 50%
                  | MHP!
 18049 | D:13     | Danger: wizard |T3| Reason: Banishment and low Will
 18050 | D:13     | Danger: wizard |T3| Reason: Banishment and low Will
 18051 | D:13     | Danger: wizard |T3| Reason: Banishment and low Will
 18052 | D:13     | Danger: wizard |T3| Reason: Banishment and low Will
 18053 | D:13     | Danger: wizard |T3| Reason: Banishment and low Will
 18054 | D:13     | Danger: wizard |T3| Reason: Banishment and low Will
 18055 | D:13     | Found a transporter.
 18249 | D:12     | Danger: cyclops |T2| Reason: Quivering large rocks, watch
                  | out!!
 18371 | D:12     | Danger: cyclops |T2| Reason: Quivering large rocks, watch
                  | out!!
 18572 | D:12     | Danger: hornet simulacrum |T2| Reason: OOD monster,
                  | careful!
 18577 | D:12     | Danger: hornet simulacrum |T2| Reason: OOD monster,
                  | careful!
 18664 | D:12     | Reached XP level 15. HP: 103/103 MP: 21/21
 18826 | D:12     | Danger: cyclops |T2| Reason: Quivering large rocks, watch
                  | out!!
 19104 | D:13     | Danger: wizard |T2| Reason: Fireball deals more than 50%
                  | MHP!
 19108 | D:13     | Danger: wizard |T2| Reason: Fireball deals more than 50%
                  | MHP!
 19115 | D:13     | Danger: wizard |T2| Reason: Fireball deals more than 50%
                  | MHP!
 19175 | D:13     | Found a transporter.
 19184 | D:13     | Found a transporter.
 19185 | D:13     | Found a transporter.
 19217 | D:13     | Danger: Low HP Warning |T2| Reason: 47% HP (49/103)
 19218 | D:13     | Danger: Low HP Warning |T2| Reason: 48% HP (50/103)
 19219 | D:13     | Danger: Low HP Warning |T2| Reason: 49% HP (51/103)
 19220 | D:13     | Danger: Low HP Warning |T2| Reason: 50% HP (52/103)
 19221 | D:13     | Danger: Low HP Warning |T2| Reason: 51% HP (53/103)
 19222 | D:13     | Danger: Low HP Warning |T2| Reason: 53% HP (55/103)
 19223 | D:13     | Danger: Low HP Warning |T2| Reason: 54% HP (56/103)
 19224 | D:13     | Danger: Low HP Warning |T2| Reason: 55% HP (57/103)
 19225 | D:13     | Danger: Low HP Warning |T2| Reason: 56% HP (58/103)
 19226 | D:13     | Danger: Low HP Warning |T2| Reason: 57% HP (59/103)
 19227 | D:13     | Danger: Low HP Warning |T2| Reason: 49% HP (51/103)
 19228 | D:13     | Danger: Low HP Warning |T2| Reason: 37% HP (39/103)
 19229 | D:13     | Danger: Low HP Warning |T2| Reason: 38% HP (40/103)
 19230 | D:13     | Danger: Low HP Warning |T2| Reason: 38% HP (40/103)
 19231 | D:13     | Danger: Low HP Warning |T3| Reason: 22% HP (23/103)
 19233 | D:13     | Danger: Low HP Warning |T3| Reason: 24% HP (25/103)
 19234 | D:13     | Danger: Low HP Warning |T3| Reason: 17% HP (18/103)
 19235 | D:13     | Danger: Low HP Warning |T3| Reason: 18% HP (19/103)
 19236 | D:13     | Danger: Low HP Warning |T3| Reason: 19% HP (20/103)
 19237 | D:13     | Danger: Low HP Warning |T3| Reason: 15% HP (16/103)
 19238 | D:13     | Danger: Low HP Warning |T3| Reason: 16% HP (17/103)
 19239 | D:13     | Danger: Low HP Warning |T3| Reason: 16% HP (17/103)
 19240 | D:13     | Danger: Low HP Warning |T3| Reason: 24% HP (25/103)
 19241 | D:13     | Danger: Low HP Warning |T3| Reason: 21% HP (22/103)
 19242 | D:13     | Danger: Low HP Warning |T3| Reason: 22% HP (23/103)
 19243 | D:13     | Danger: Low HP Warning |T3| Reason: 23% HP (24/103)
 19345 | D:13     | Found a transporter.
 19346 | D:13     | Found a transporter.
 19408 | D:13     | Reached skill level 10 in Armour
 19472 | D:13     | Danger: cyclops |T2| Reason: Quivering large rocks, watch
                  | out!!
 19703 | D:14     | Reached ****** piety under Hepliaklqana
 19705 | D:14     | Danger: cyclops |T2| Reason: Quivering large rocks, watch
                  | out!!
 19839 | D:14     | Danger: Low HP Warning |T2| Reason: 51% HP (53/103)
 19840 | D:14     | Danger: Low HP Warning |T2| Reason: 52% HP (54/103)
 19841 | D:14     | Danger: Low HP Warning |T2| Reason: 53% HP (55/103)
 19842 | D:14     | Danger: Low HP Warning |T2| Reason: 54% HP (56/103)
 19843 | D:14     | Danger: Low HP Warning |T2| Reason: 46% HP (48/103)
 19844 | D:14     | Danger: Low HP Warning |T2| Reason: 47% HP (49/103)
 19845 | D:14     | Danger: Low HP Warning |T2| Reason: 48% HP (50/103)
 19846 | D:14     | Danger: Low HP Warning |T2| Reason: 48% HP (50/103)
 19847 | D:14     | Danger: Low HP Warning |T2| Reason: 45% HP (47/103)
 19848 | D:14     | Danger: Low HP Warning |T2| Reason: 45% HP (47/103)
 19849 | D:14     | Danger: Low HP Warning |T2| Reason: 36% HP (38/103)
 19850 | D:14     | Danger: Low HP Warning |T2| Reason: 37% HP (39/103)
 19852 | D:14     | Danger: Low HP Warning |T3| Reason: 24% HP (25/103)
 19995 | D:14     | Reached skill level 11 in Short Blades
 19996 | D:14     | Danger: wizard |T2| Reason: Fireball deals more than 50%
                  | MHP!
 20083 | D:14     | Danger: kobold brigand |T3| Reason: Quivering curare and no
                  | rPois, watch out!!
 20084 | D:14     | Danger: kobold brigand |T3| Reason: Quivering curare and no
                  | rPois, watch out!!
 20085 | D:14     | Danger: boggart |T2| Reason: OOD monster, careful!
 20085 | D:14     | Danger: kobold brigand |T3| Reason: Quivering curare and no
                  | rPois, watch out!!
 20086 | D:14     | Danger: kobold brigand |T3| Reason: Quivering curare and no
                  | rPois, watch out!!
 20087 | D:14     | Danger: kobold brigand |T3| Reason: Quivering curare and no
                  | rPois, watch out!!
 20088 | D:14     | Danger: kobold brigand |T3| Reason: Quivering curare and no
                  | rPois, watch out!!
 20089 | D:14     | Danger: kobold brigand |T3| Reason: Quivering curare and no
                  | rPois, watch out!!
 20090 | D:14     | Danger: kobold brigand |T3| Reason: Quivering curare and no
                  | rPois, watch out!!
 20091 | D:14     | Danger: kobold brigand |T3| Reason: Quivering curare and no
                  | rPois, watch out!!
 20092 | D:14     | Danger: kobold brigand |T3| Reason: Quivering curare and no
                  | rPois, watch out!!
 20093 | D:14     | Danger: kobold brigand |T3| Reason: Quivering curare and no
                  | rPois, watch out!!
 20151 | D:14     | Found a gate to the Vaults.
 20161 | D:14     | Danger: Low HP Warning |T2| Reason: 58% HP (60/103)
 20162 | D:14     | Danger: Low HP Warning |T2| Reason: 59% HP (61/103)
 20163 | D:14     | Danger: Low HP Warning |T2| Reason: 59% HP (61/103)
 20164 | D:14     | Danger: Low HP Warning |T2| Reason: 60% HP (62/103)
 20166 | D:14     | Danger: Low HP Warning |T2| Reason: 52% HP (54/103)
 20167 | D:14     | Danger: Low HP Warning |T2| Reason: 52% HP (54/103)
 20168 | D:14     | Danger: Low HP Warning |T2| Reason: 53% HP (55/103)
 20169 | D:14     | Danger: Low HP Warning |T2| Reason: 54% HP (56/103)
 20170 | D:14     | Danger: Low HP Warning |T2| Reason: 55% HP (57/103)
 20171 | D:14     | Danger: Low HP Warning |T2| Reason: 44% HP (46/103)
 20172 | D:14     | Danger: Low HP Warning |T2| Reason: 45% HP (47/103)
 20173 | D:14     | Danger: Low HP Warning |T2| Reason: 37% HP (39/103)
 20174 | D:14     | Danger: Low HP Warning |T2| Reason: 31% HP (32/103)
 20175 | D:14     | Danger: Low HP Warning |T2| Reason: 32% HP (33/103)
 20176 | D:14     | Danger: Low HP Warning |T2| Reason: 33% HP (34/103)
 20177 | D:14     | Danger: Low HP Warning |T2| Reason: 33% HP (35/103)
 20178 | D:14     | Danger: Low HP Warning |T2| Reason: 33% HP (35/103)
 20179 | D:14     | Danger: Low HP Warning |T2| Reason: 34% HP (36/103)
 20180 | D:14     | Danger: Low HP Warning |T2| Reason: 35% HP (37/103)
 20243 | D:14     | Danger: orc warrior |T3| Reason: Distortion weapon!
 20278 | D:14     | Danger: orc warrior |T3| Reason: Distortion weapon!
 20279 | D:14     | Danger: orc warrior |T3| Reason: Distortion weapon!
 20280 | D:14     | Danger: orc warrior |T3| Reason: Distortion weapon!
 20282 | D:14     | Danger: orc knight |T2| Reason: OOD monster, careful!
 20285 | D:14     | Danger: orc knight |T2| Reason: OOD monster, careful!
 20286 | D:14     | Reached skill level 12 in Short Blades
 20290 | D:14     | Identified the staff of fire "Ikhludi" {rElec rF+ Will+
                  | Dex-5 Stlth+}
 20414 | D:14     | Identified the +2 robe "Kuann" {Str+2}
 21139 | D:15     | Entered Level 15 of the Dungeon
 21160 | D:15     | Danger: deep troll earth mage |T2| Reason: OOD monster,
                  | careful!
 21160 | D:15     | Danger: deep troll earth mage |T2| Reason: Lee's Rapid
                  | Deconstruction deals more than 50% MHP!
 21161 | D:15     | Danger: phantasmal warrior |T2| Reason: OOD monster,
                  | careful!
 21171 | D:15     | Danger: deep troll earth mage |T3| Reason: IMMINENT DEATH:
                  | Lee's Rapid Deconstruction deals 54 damage, you have 42
                  | HP!!
 21171 | D:15     | Danger: Low HP Warning |T2| Reason: 40% HP (42/103)
 21172 | D:15     | Danger: deep troll earth mage |T3| Reason: IMMINENT DEATH:
                  | Lee's Rapid Deconstruction deals 54 damage, you have 25
                  | HP!!
 21172 | D:15     | Danger: Low HP Warning |T3| Reason: 24% HP (25/103)
 21173 | D:15     | Danger: deep troll earth mage |T3| Reason: IMMINENT DEATH:
                  | Lee's Rapid Deconstruction deals 54 damage, you have 26
                  | HP!!
 21173 | D:15     | Danger: Low HP Warning |T3| Reason: 25% HP (26/103)
 21174 | D:15     | Danger: deep troll earth mage |T3| Reason: IMMINENT DEATH:
                  | Lee's Rapid Deconstruction deals 54 damage, you have 52
                  | HP!!
 21174 | D:15     | Danger: Low HP Warning |T2| Reason: 50% HP (52/103)
 21175 | D:15     | Danger: deep troll earth mage |T3| Reason: IMMINENT DEATH:
                  | Lee's Rapid Deconstruction deals 54 damage, you have 50
                  | HP!!
 21175 | D:15     | Danger: Low HP Warning |T2| Reason: 48% HP (50/103)
 21176 | D:15     | Danger: deep troll earth mage |T3| Reason: IMMINENT DEATH:
                  | Lee's Rapid Deconstruction deals 54 damage, you have 51
                  | HP!!
 21176 | D:15     | Danger: Low HP Warning |T2| Reason: 49% HP (51/103)
 21177 | D:15     | Danger: deep troll earth mage |T3| Reason: IMMINENT DEATH:
                  | Lee's Rapid Deconstruction deals 54 damage, you have 52
                  | HP!!
 21177 | D:15     | Danger: Low HP Warning |T2| Reason: 50% HP (52/103)
 21178 | D:15     | Danger: deep troll earth mage |T3| Reason: IMMINENT DEATH:
                  | Lee's Rapid Deconstruction deals 54 damage, you have 52
                  | HP!!
 21178 | D:15     | Danger: Low HP Warning |T2| Reason: 50% HP (52/103)
 21179 | D:15     | Danger: deep troll earth mage |T3| Reason: IMMINENT DEATH:
                  | Lee's Rapid Deconstruction deals 54 damage, you have 53
                  | HP!!
 21179 | D:15     | Danger: Low HP Warning |T2| Reason: 51% HP (53/103)
 21180 | D:15     | Danger: Low HP Warning |T2| Reason: 52% HP (54/103)
 21402 | D:15     | Danger: Low HP Warning |T2| Reason: 59% HP (61/103)
 21403 | D:15     | Danger: Low HP Warning |T2| Reason: 60% HP (62/103)
 21410 | D:15     | Danger: Low HP Warning |T2| Reason: 53% HP (55/103)
 21411 | D:15     | Danger: Low HP Warning |T2| Reason: 54% HP (56/103)
 21412 | D:15     | Danger: Low HP Warning |T2| Reason: 52% HP (54/103)
 21413 | D:15     | Danger: Low HP Warning |T2| Reason: 53% HP (55/103)
 21414 | D:15     | Danger: Low HP Warning |T2| Reason: 54% HP (56/103)
 21415 | D:15     | Danger: Low HP Warning |T2| Reason: 54% HP (56/103)
 21416 | D:15     | Danger: Low HP Warning |T2| Reason: 55% HP (57/103)
 21417 | D:15     | Danger: Low HP Warning |T2| Reason: 56% HP (58/103)
 21418 | D:15     | Danger: Low HP Warning |T2| Reason: 56% HP (58/103)
 21489 | D:15     | Reached skill level 1 in Shields
 21780 | D:15     | Danger: Low HP Warning |T2| Reason: 56% HP (58/103)
 21781 | D:15     | Danger: Low HP Warning |T2| Reason: 57% HP (59/103)
 21782 | D:15     | Danger: Low HP Warning |T2| Reason: 58% HP (60/103)
 21783 | D:15     | Danger: Low HP Warning |T2| Reason: 46% HP (48/103)
 21785 | D:15     | Danger: Low HP Warning |T2| Reason: 48% HP (50/103)
 21786 | D:15     | Reached XP level 16. HP: 53/109 MP: 22/22
 22185 | D:15     | Danger: wizard |T2| Reason: Fireball deals more than 50%
                  | MHP!
 22191 | D:15     | Danger: orc sorcerer |T2| Reason: OOD monster, careful!
 22202 | D:15     | Danger: orc sorcerer |T2| Reason: OOD monster, careful!
 22209 | D:15     | Danger: wizard |T2| Reason: Fireball deals more than 50%
                  | MHP!
 22214 | D:15     | Reached skill level 5 in Shields
 22234 | D:15     | Found a staircase to the Depths.
 22235 | D:15     | Danger: necromancer |T2| Reason: OOD monster, careful!
 22235 | D:15     | Danger: necromancer |T2| Reason: Bolt of Draining deals
                  | more than 50% MHP!
 22397 | Orc:1    | Entered Level 1 of the Orcish Mines
 22404 | Orc:1    | Danger: orc |T2| Reason: Quivering boomerangs, careful!
 22406 | Orc:1    | Danger: orc |T2| Reason: Quivering boomerangs, careful!
 22638 | Orc:2    | Entered Level 2 of the Orcish Mines
 22685 | Orc:2    | Danger: orc warrior |T2| Reason: Quivering boomerangs,
                  | careful!
 22714 | Orc:2    | Danger: orc sorcerer |T2| Reason: Bolt of Fire deals more
                  | than 50% MHP!
 22714 | Orc:2    | Danger: orc sorcerer |T2| Reason: Bolt of Draining deals
                  | more than 50% MHP!
 22716 | Orc:2    | Danger: orc sorcerer |T2| Reason: Bolt of Fire deals more
                  | than 50% MHP!
 22716 | Orc:2    | Danger: orc sorcerer |T2| Reason: Bolt of Draining deals
                  | more than 50% MHP!
 22717 | Orc:2    | Danger: orc sorcerer |T2| Reason: Bolt of Fire deals more
                  | than 50% MHP!
 22717 | Orc:2    | Danger: orc sorcerer |T2| Reason: Bolt of Draining deals
                  | more than 50% MHP!
 22729 | Orc:2    | Danger: cyclops |T2| Reason: Quivering large rocks, watch
                  | out!!
 22826 | Orc:2    | Found Watafir's Antique Weapon Shoppe.
 22827 | Orc:2    | Danger: orc warrior |T2| Reason: Quivering boomerangs,
                  | careful!
 22887 | Orc:2    | Danger: orc warrior |T2| Reason: Quivering boomerangs,
                  | careful!
 22920 | Orc:2    | Danger: orc warrior |T2| Reason: Quivering boomerangs,
                  | careful!
 22965 | Orc:2    | Found Gakaff's General Store.
 22992 | Orc:2    | Danger: Low HP Warning |T2| Reason: 55% HP (61/109)
 22993 | Orc:2    | Danger: Low HP Warning |T2| Reason: 35% HP (39/109)
 22994 | Orc:2    | Danger: Low HP Warning |T2| Reason: 37% HP (41/109)
 22995 | Orc:2    | Danger: Low HP Warning |T2| Reason: 37% HP (41/109)
 22996 | Orc:2    | Danger: Low HP Warning |T2| Reason: 38% HP (42/109)
 22997 | Orc:2    | Danger: Low HP Warning |T2| Reason: 39% HP (43/109)
 22998 | Orc:2    | Danger: Low HP Warning |T2| Reason: 40% HP (44/109)
 22999 | Orc:2    | Danger: Low HP Warning |T2| Reason: 40% HP (44/109)
 23000 | Orc:2    | Danger: Low HP Warning |T2| Reason: 41% HP (45/109)
 23001 | Orc:2    | Danger: Low HP Warning |T2| Reason: 42% HP (46/109)
 23002 | Orc:2    | Danger: Low HP Warning |T2| Reason: 43% HP (47/109)
 23003 | Orc:2    | Danger: Low HP Warning |T2| Reason: 43% HP (47/109)
 23004 | Orc:2    | Danger: Low HP Warning |T2| Reason: 36% HP (40/109)
 23005 | Orc:2    | Danger: Low HP Warning |T2| Reason: 37% HP (41/109)
 23013 | Orc:2    | Danger: Low HP Warning |T2| Reason: 45% HP (50/109)
 23014 | Orc:2    | Danger: Low HP Warning |T2| Reason: 46% HP (51/109)
 23015 | Orc:2    | Danger: Low HP Warning |T2| Reason: 47% HP (52/109)
 23016 | Orc:2    | Danger: Low HP Warning |T2| Reason: 49% HP (54/109)
 23017 | Orc:2    | Danger: Low HP Warning |T2| Reason: 49% HP (54/109)
 23018 | Orc:2    | Danger: Low HP Warning |T2| Reason: 50% HP (55/109)
 23019 | Orc:2    | Danger: Low HP Warning |T2| Reason: 51% HP (56/109)
 23020 | Orc:2    | Danger: Low HP Warning |T2| Reason: 52% HP (57/109)
 23021 | Orc:2    | Danger: Low HP Warning |T2| Reason: 53% HP (58/109)
 23089 | Orc:2    | Found Ufrogira's Book Emporium.
 23095 | Orc:2    | Found a staircase to the Elven Halls.
 23096 | Orc:2    | Danger: orc warrior |T2| Reason: Quivering boomerangs,
                  | careful!
 23113 | Orc:2    | Danger: Low HP Warning |T2| Reason: 55% HP (61/109)
 23114 | Orc:2    | Danger: Low HP Warning |T2| Reason: 56% HP (62/109)
 23115 | Orc:2    | Danger: Low HP Warning |T2| Reason: 57% HP (63/109)
 23116 | Orc:2    | Danger: Low HP Warning |T2| Reason: 58% HP (64/109)
 23117 | Orc:2    | Danger: Low HP Warning |T2| Reason: 59% HP (65/109)
 23118 | Orc:2    | Danger: Low HP Warning |T2| Reason: 52% HP (57/109)
 23119 | Orc:2    | Danger: Low HP Warning |T2| Reason: 53% HP (58/109)
 23120 | Orc:2    | Danger: Low HP Warning |T2| Reason: 54% HP (59/109)
 23121 | Orc:2    | Danger: Low HP Warning |T2| Reason: 55% HP (60/109)
 23122 | Orc:2    | Danger: Low HP Warning |T2| Reason: 55% HP (60/109)
 23123 | Orc:2    | Danger: Low HP Warning |T2| Reason: 55% HP (61/109)
 23124 | Orc:2    | Danger: Low HP Warning |T2| Reason: 56% HP (62/109)
 23125 | Orc:2    | Danger: Low HP Warning |T2| Reason: 57% HP (63/109)
 23126 | Orc:2    | Danger: Low HP Warning |T2| Reason: 57% HP (63/109)
 23127 | Orc:2    | Danger: Low HP Warning |T2| Reason: 43% HP (47/109)
 23128 | Orc:2    | Danger: Low HP Warning |T2| Reason: 36% HP (40/109)
 23129 | Orc:2    | Danger: Low HP Warning |T2| Reason: 37% HP (41/109)
 23130 | Orc:2    | Danger: Low HP Warning |T2| Reason: 38% HP (42/109)
 23131 | Orc:2    | Danger: Low HP Warning |T2| Reason: 39% HP (43/109)
 23132 | Orc:2    | Danger: Low HP Warning |T2| Reason: 40% HP (44/109)
 23133 | Orc:2    | Danger: Low HP Warning |T2| Reason: 40% HP (44/109)
 23134 | Orc:2    | Danger: Low HP Warning |T2| Reason: 41% HP (45/109)
 23135 | Orc:2    | Danger: Low HP Warning |T2| Reason: 42% HP (46/109)
 23136 | Orc:2    | Danger: Low HP Warning |T2| Reason: 42% HP (46/109)
 23137 | Orc:2    | Danger: Low HP Warning |T2| Reason: 42% HP (46/109)
 23138 | Orc:2    | Danger: Low HP Warning |T2| Reason: 43% HP (47/109)
 23139 | Orc:2    | Danger: Low HP Warning |T2| Reason: 44% HP (48/109)
 23140 | Orc:2    | Danger: Low HP Warning |T2| Reason: 41% HP (45/109)
 23142 | Orc:2    | Danger: Low HP Warning |T2| Reason: 43% HP (47/109)
 23143 | Orc:2    | Danger: Low HP Warning |T2| Reason: 44% HP (48/109)
 23144 | Orc:2    | Danger: Low HP Warning |T2| Reason: 44% HP (49/109)
 23145 | Orc:2    | Danger: Low HP Warning |T2| Reason: 45% HP (50/109)
 23146 | Orc:2    | Danger: Low HP Warning |T2| Reason: 46% HP (51/109)
 23147 | Orc:2    | Danger: Low HP Warning |T2| Reason: 47% HP (52/109)
 23148 | Orc:2    | Danger: Low HP Warning |T2| Reason: 48% HP (53/109)
 23149 | Orc:2    | Danger: Low HP Warning |T2| Reason: 49% HP (54/109)
 23150 | Orc:2    | Danger: Low HP Warning |T2| Reason: 49% HP (54/109)
 23151 | Orc:2    | Danger: Low HP Warning |T2| Reason: 51% HP (56/109)
 23152 | Orc:2    | Danger: Low HP Warning |T2| Reason: 51% HP (56/109)
 23153 | Orc:2    | Danger: Low HP Warning |T2| Reason: 52% HP (57/109)
 23154 | Orc:2    | Danger: Low HP Warning |T2| Reason: 53% HP (58/109)
 23155 | Orc:2    | Danger: Low HP Warning |T2| Reason: 54% HP (59/109)
 23156 | Orc:2    | Danger: Low HP Warning |T2| Reason: 55% HP (60/109)
 23157 | Orc:2    | Danger: Low HP Warning |T2| Reason: 55% HP (61/109)
 23158 | Orc:2    | Danger: Low HP Warning |T2| Reason: 56% HP (62/109)
 23159 | Orc:2    | Danger: Low HP Warning |T2| Reason: 57% HP (63/109)
 23160 | Orc:2    | Danger: Low HP Warning |T2| Reason: 58% HP (64/109)
 23161 | Orc:2    | Danger: Low HP Warning |T2| Reason: 59% HP (65/109)
 23162 | Orc:2    | Danger: Low HP Warning |T2| Reason: 49% HP (54/109)
 23163 | Orc:2    | Danger: Low HP Warning |T2| Reason: 50% HP (55/109)
 23164 | Orc:2    | Danger: Low HP Warning |T2| Reason: 51% HP (56/109)
 23165 | Orc:2    | Danger: Low HP Warning |T2| Reason: 51% HP (56/109)
 23266 | Orc:2    | Found Pueppim's Antique Armour Emporium.
 23291 | Orc:2    | Bought a pair of polished gloves for 228 gold pieces
 23291 | Orc:2    | Identified the +1 pair of gloves of the Glimmering Gods
                  | {Rampage rC- Will+++ Stlth+} (You bought it in a shop on
                  | level 2 of the Orcish Mines)
 23757 | Orc:1    | Reached skill level 10 in Shields
 23885 | Orc:2    | Bought a runed rapier for 196 gold pieces
 23983 | Orc:2    | Bought a box of beasts for 560 gold pieces
 24182 | D:10     | Found a hide-covered altar of Uskayaw.
 24182 | D:10     | Found a stormy altar of Qazlal.
 24183 | D:10     | Found a broken altar of Ashenzari.
 24292 | D:10     | Found a sacrificial altar of Ru.
 24329 | D:10     | Found a staircase to the Orcish Mines.
 24419 | D:10     | Danger: Snorg |T2| Reason: Unique monster, careful!
 24431 | D:10     | Killed Snorg
 24573 | Spider:1 | Entered Level 1 of the Spider Nest
 24573 | Spider:1 | Danger: Malevolent teleportation! |T3| Reason: Malevolent
                  | teleportation!
 24647 | Spider:1 | Danger: jorogumo |T2| Reason: Bolt of Draining deals more
                  | than 50% MHP!
 24648 | Spider:1 | Danger: radroach |T2| Reason: Irradiate deals more than 50%
                  | MHP!
 24952 | Spider:1 | Danger: orb spider |T2| Reason: Orb of Destruction deals
                  | more than 50% MHP!
 24952 | Spider:1 | Danger: death scarab |T2| Reason: OOD monster, careful!
 24953 | Spider:1 | Noticed an emperor scorpion
 24957 | Spider:1 | Danger: orb spider |T3| Reason: IMMINENT DEATH: Orb of
                  | Destruction deals 99 damage, you have 97 HP!!
 24959 | Spider:1 | Danger: orb spider |T3| Reason: IMMINENT DEATH: Orb of
                  | Destruction deals 99 damage, you have 82 HP!!
 24960 | Spider:1 | Danger: orb spider |T3| Reason: IMMINENT DEATH: Orb of
                  | Destruction deals 99 damage, you have 80 HP!!
 24962 | Spider:1 | Danger: Low HP Warning |T2| Reason: 51% HP (56/109)
 24963 | Spider:1 | Danger: Low HP Warning |T2| Reason: 52% HP (57/109)
 24964 | Spider:1 | Danger: Low HP Warning |T2| Reason: 46% HP (51/109)
 24965 | Spider:1 | Danger: Low HP Warning |T2| Reason: 47% HP (52/109)
 24966 | Spider:1 | Danger: Low HP Warning |T2| Reason: 48% HP (53/109)
 24967 | Spider:1 | Danger: Low HP Warning |T2| Reason: 49% HP (54/109)
 24968 | Spider:1 | Danger: Low HP Warning |T2| Reason: 48% HP (53/109)
 24969 | Spider:1 | Danger: Low HP Warning |T2| Reason: 49% HP (54/109)
 24970 | Spider:1 | Danger: Low HP Warning |T2| Reason: 38% HP (42/109)
 24971 | Spider:1 | Danger: Low HP Warning |T2| Reason: 39% HP (43/109)
 24972 | Spider:1 | Danger: Low HP Warning |T2| Reason: 39% HP (43/109)
 24973 | Spider:1 | Danger: Low HP Warning |T2| Reason: 40% HP (44/109)
 24974 | Spider:1 | Danger: Low HP Warning |T2| Reason: 41% HP (45/109)
 24975 | Spider:1 | Danger: Low HP Warning |T2| Reason: 42% HP (46/109)
 24976 | Spider:1 | Danger: Low HP Warning |T2| Reason: 43% HP (47/109)
 24977 | Spider:1 | Danger: Low HP Warning |T2| Reason: 43% HP (47/109)
 24978 | Spider:1 | Danger: Low HP Warning |T2| Reason: 44% HP (48/109)
 24979 | Spider:1 | Danger: death scarab |T2| Reason: OOD monster, careful!
 24979 | Spider:1 | Danger: Low HP Warning |T2| Reason: 44% HP (49/109)
 24980 | Spider:1 | Danger: Low HP Warning |T2| Reason: 44% HP (49/109)
 24981 | Spider:1 | Danger: Low HP Warning |T2| Reason: 45% HP (50/109)
 24982 | Spider:1 | Danger: Low HP Warning |T2| Reason: 45% HP (50/109)
 24983 | Spider:1 | Danger: Low HP Warning |T2| Reason: 46% HP (51/109)
 24984 | Spider:1 | Danger: Low HP Warning |T2| Reason: 47% HP (52/109)
 24985 | Spider:1 | Danger: Low HP Warning |T3| Reason: 25% HP (28/109)
 24986 | Spider:1 | Danger: Low HP Warning |T2| Reason: 26% HP (29/109)
 24987 | Spider:1 | Danger: Low HP Warning |T2| Reason: 27% HP (30/109)
 24988 | Spider:1 | Danger: Low HP Warning |T2| Reason: 28% HP (31/109)
 24989 | Spider:1 | Danger: Low HP Warning |T2| Reason: 29% HP (32/109)
 24990 | Spider:1 | Danger: Low HP Warning |T2| Reason: 29% HP (32/109)
 24991 | Spider:1 | Danger: Low HP Warning |T2| Reason: 30% HP (33/109)
 24992 | Spider:1 | Danger: Low HP Warning |T2| Reason: 31% HP (34/109)
 24993 | Spider:1 | Danger: Low HP Warning |T2| Reason: 32% HP (35/109)
 24994 | Spider:1 | Danger: Low HP Warning |T2| Reason: 33% HP (36/109)
 24995 | Spider:1 | Danger: Low HP Warning |T2| Reason: 33% HP (37/109)
 24996 | Spider:1 | Danger: Low HP Warning |T2| Reason: 34% HP (38/109)
 24997 | Spider:1 | Danger: Low HP Warning |T2| Reason: 35% HP (39/109)
 24998 | Spider:1 | Danger: Low HP Warning |T2| Reason: 37% HP (41/109)
 24999 | Spider:1 | Danger: Low HP Warning |T2| Reason: 38% HP (42/109)
 25000 | Spider:1 | Danger: Low HP Warning |T2| Reason: 39% HP (43/109)
 25001 | Spider:1 | Danger: Low HP Warning |T2| Reason: 39% HP (43/109)
 25002 | Spider:1 | Danger: Low HP Warning |T2| Reason: 40% HP (44/109)
 25130 | Spider:1 | Danger: Low HP Warning |T2| Reason: 57% HP (63/109)
 25131 | Spider:1 | Danger: Low HP Warning |T2| Reason: 47% HP (52/109)
 25132 | Spider:1 | Reached XP level 17. HP: 56/115 MP: 23/23
 25132 | Spider:1 | Danger: Low HP Warning |T2| Reason: 48% HP (56/115)
 25133 | Spider:1 | Danger: Low HP Warning |T2| Reason: 49% HP (57/115)
 25134 | Spider:1 | Danger: Low HP Warning |T2| Reason: 50% HP (58/115)
 25135 | Spider:1 | Danger: Low HP Warning |T2| Reason: 51% HP (59/115)
 25136 | Spider:1 | Danger: Low HP Warning |T2| Reason: 51% HP (59/115)
 25137 | Spider:1 | Danger: Low HP Warning |T2| Reason: 52% HP (60/115)
 25138 | Spider:1 | Danger: Low HP Warning |T2| Reason: 53% HP (61/115)
 25140 | Spider:1 | Danger: Low HP Warning |T2| Reason: 46% HP (53/115)
 25141 | Spider:1 | Danger: Low HP Warning |T2| Reason: 46% HP (54/115)
 25142 | Spider:1 | Danger: Low HP Warning |T2| Reason: 46% HP (54/115)
 25144 | Spider:1 | Danger: Low HP Warning |T2| Reason: 48% HP (56/115)
 25225 | Spider:1 | Danger: Low HP Warning |T2| Reason: 57% HP (63/110)
 25309 | Spider:1 | Danger: jorogumo |T2| Reason: Bolt of Draining deals more
                  | than 50% MHP!
 25334 | Spider:1 | Danger: Low HP Warning |T2| Reason: 57% HP (65/113)
 25335 | Spider:1 | Danger: Low HP Warning |T2| Reason: 48% HP (55/113)
 25336 | Spider:1 | Danger: Low HP Warning |T2| Reason: 46% HP (52/113)
 25337 | Spider:1 | Danger: Low HP Warning |T2| Reason: 45% HP (52/114)
 25475 | Spider:1 | Danger: radroach |T2| Reason: Irradiate deals more than 50%
                  | MHP!
 25475 | Spider:1 | Danger: death scarab |T2| Reason: OOD monster, careful!
 25487 | Spider:1 | Danger: death scarab |T2| Reason: OOD monster, careful!
 25494 | Spider:1 | Danger: death scarab |T2| Reason: OOD monster, careful!
 25552 | Spider:1 | Danger: death scarab |T2| Reason: OOD monster, careful!
 25632 | Spider:1 | Danger: orb spider |T2| Reason: Orb of Destruction deals
                  | more than 50% MHP!
 25634 | Spider:1 | Danger: orb spider |T2| Reason: Orb of Destruction deals
                  | more than 50% MHP!
 25643 | Spider:1 | Danger: orb spider |T3| Reason: IMMINENT DEATH: Orb of
                  | Destruction deals 99 damage, you have 89 HP!!
 25644 | Spider:1 | Danger: orb spider |T3| Reason: IMMINENT DEATH: Orb of
                  | Destruction deals 99 damage, you have 90 HP!!
 25645 | Spider:1 | Danger: orb spider |T3| Reason: IMMINENT DEATH: Orb of
                  | Destruction deals 99 damage, you have 91 HP!!
 25646 | Spider:1 | Danger: orb spider |T3| Reason: IMMINENT DEATH: Orb of
                  | Destruction deals 99 damage, you have 92 HP!!
 25649 | Spider:1 | Danger: orb spider |T2| Reason: Orb of Destruction deals
                  | more than 50% MHP!
 25649 | Spider:1 | Danger: orb spider |T3| Reason: IMMINENT DEATH: Orb of
                  | Destruction deals 99 damage, you have 95 HP!!
 25650 | Spider:1 | Danger: orb spider |T3| Reason: IMMINENT DEATH: Orb of
                  | Destruction deals 99 damage, you have 96 HP!!
 25651 | Spider:1 | Danger: orb spider |T3| Reason: IMMINENT DEATH: Orb of
                  | Destruction deals 99 damage, you have 97 HP!!
 25652 | Spider:1 | Danger: orb spider |T3| Reason: IMMINENT DEATH: Orb of
                  | Destruction deals 99 damage, you have 98 HP!!
 25904 | Spider:2 | Danger: orb spider |T2| Reason: Orb of Destruction deals
                  | more than 50% MHP!
 26020 | Spider:2 | Danger: orb spider |T2| Reason: Orb of Destruction deals
                  | more than 50% MHP!
 26061 | Spider:2 | Noticed Nikola
 26062 | Spider:2 | Danger: Nikola |T2| Reason: Unique monster, careful!
 26062 | Spider:2 | Danger: Nikola |T2| Reason: Lightning Bolt and no rElec
 26062 | Spider:2 | Danger: Nikola |T3| Reason: Chain Lightning and no rElec
 26062 | Spider:2 | Danger: Nikola |T3| Reason: Nikola and no rElec
 26062 | Spider:2 | Danger: Nikola |T3| Reason: Nikola in LOS and not silenced
                  | or waterlogged
 26062 | Spider:2 | Danger: Nikola |T2| Reason: Lightning Bolt deals more than
                  | 50% MHP!
 26062 | Spider:2 | Danger: Nikola |T2| Reason: Chain Lightning deals more than
                  | 50% MHP!
 26062 | Spider:2 | Danger: Nikola |T3| Reason: IMMINENT DEATH: Chain Lightning
                  | deals 135 damage, you have 117 HP!!
 26091 | Spider:2 | Danger: Nikola |T2| Reason: Unique monster, careful!
 26091 | Spider:2 | Danger: Nikola |T2| Reason: Lightning Bolt deals more than
                  | 50% MHP!
 26091 | Spider:2 | Danger: Nikola |T2| Reason: Chain Lightning deals more than
                  | 50% MHP!
 26091 | Spider:2 | Danger: Nikola |T3| Reason: IMMINENT DEATH: Chain Lightning
                  | deals 135 damage, you have 117 HP!!
 26092 | Spider:2 | Danger: Nikola |T3| Reason: IMMINENT DEATH: Chain Lightning
                  | deals 135 damage, you have 117 HP!!
 26093 | Spider:2 | Danger: Nikola |T3| Reason: IMMINENT DEATH: Chain Lightning
                  | deals 135 damage, you have 114 HP!!
 26093 | Spider:2 | Killed Nikola
 26354 | Spider:2 | Danger: orb spider |T2| Reason: Orb of Destruction deals
                  | more than 50% MHP!
 26373 | Spider:2 | Danger: orb spider |T3| Reason: IMMINENT DEATH: Orb of
                  | Destruction deals 99 damage, you have 96 HP!!
 26374 | Spider:2 | Danger: orb spider |T3| Reason: IMMINENT DEATH: Orb of
                  | Destruction deals 99 damage, you have 97 HP!!
 26375 | Spider:2 | Danger: orb spider |T3| Reason: IMMINENT DEATH: Orb of
                  | Destruction deals 99 damage, you have 92 HP!!
 26376 | Spider:2 | Danger: orb spider |T3| Reason: IMMINENT DEATH: Orb of
                  | Destruction deals 99 damage, you have 93 HP!!
 26377 | Spider:2 | Danger: orb spider |T3| Reason: IMMINENT DEATH: Orb of
                  | Destruction deals 99 damage, you have 93 HP!!
 26863 | Spider:3 | Reached skill level 13 in Short Blades
 26885 | Spider:3 | Danger: orb spider |T2| Reason: Orb of Destruction deals
                  | more than 50% MHP!
 27044 | Spider:3 | Noticed Arachne
 27045 | Spider:3 | Danger: Arachne |T2| Reason: Unique monster, careful!
 27045 | Spider:3 | Danger: Arachne |T2| Reason: Venom Bolt deals more than 50%
                  | MHP!
 27045 | Spider:3 | Danger: Arachne |T2| Reason: Poison Arrow deals more than
                  | 50% MHP!
 27055 | Spider:3 | Killed Arachne
 27144 | Spider:3 | Danger: orb spider |T2| Reason: Orb of Destruction deals
                  | more than 50% MHP!
 27387 | Spider:3 | Danger: orb spider |T2| Reason: Orb of Destruction deals
                  | more than 50% MHP!
 27404 | Spider:3 | Reached skill level 14 in Short Blades
 27761 | Spider:3 | Reached XP level 18. HP: 116/133 MP: 0/24
 28032 | Spider:4 | Entered Level 4 of the Spider Nest
 28048 | Spider:4 | Reached skill level 15 in Fighting
 28054 | Spider:4 | Danger: Low HP Warning |T2| Reason: 55% HP (75/134)
 28055 | Spider:4 | Danger: Low HP Warning |T2| Reason: 56% HP (76/134)
 28056 | Spider:4 | Danger: Low HP Warning |T2| Reason: 58% HP (78/134)
 28057 | Spider:4 | Danger: Low HP Warning |T2| Reason: 58% HP (78/134)
 28058 | Spider:4 | Danger: Low HP Warning |T2| Reason: 58% HP (79/134)
 28059 | Spider:4 | Danger: Low HP Warning |T2| Reason: 48% HP (65/134)
 28060 | Spider:4 | Danger: Low HP Warning |T2| Reason: 37% HP (50/134)
 28061 | Spider:4 | Danger: Low HP Warning |T2| Reason: 35% HP (48/134)
 28062 | Spider:4 | Danger: Low HP Warning |T2| Reason: 33% HP (45/134)
 28063 | Spider:4 | Danger: Low HP Warning |T2| Reason: 34% HP (46/134)
 28064 | Spider:4 | Danger: Low HP Warning |T2| Reason: 35% HP (47/134)
 28065 | Spider:4 | Danger: Low HP Warning |T2| Reason: 35% HP (47/134)
 28066 | Spider:4 | Danger: Low HP Warning |T2| Reason: 35% HP (48/134)
 28067 | Spider:4 | Danger: Low HP Warning |T2| Reason: 36% HP (49/134)
 28068 | Spider:4 | Danger: Low HP Warning |T2| Reason: 36% HP (49/134)
 28069 | Spider:4 | Danger: Low HP Warning |T2| Reason: 37% HP (50/134)
 28070 | Spider:4 | Danger: Low HP Warning |T2| Reason: 38% HP (51/134)
 28223 | Spider:4 | Danger: orb spider |T2| Reason: Orb of Destruction deals
                  | more than 50% MHP!
 28348 | Spider:4 | Noticed Mara
 28349 | Spider:4 | Danger: Mara |T2| Reason: Unique monster, careful!
 28349 | Spider:4 | Danger: Mara |T2| Reason: Bolt of Fire deals more than 50%
                  | MHP!
 28351 | Spider:4 | Noticed Implojin's illusion
 28352 | Spider:4 | Danger: Mara |T2| Reason: Unique monster, careful!
 28352 | Spider:4 | Danger: Mara |T2| Reason: Bolt of Fire deals more than 50%
                  | MHP!
 28352 | Spider:4 | Danger: Mara |T2| Reason: Unique monster, careful!
 28352 | Spider:4 | Danger: Mara |T2| Reason: Bolt of Fire deals more than 50%
                  | MHP!
 28364 | Spider:3 | Noticed Implojin's illusion
 28369 | Spider:3 | Danger: Mara |T2| Reason: Unique monster, careful!
 28369 | Spider:3 | Danger: Mara |T2| Reason: Bolt of Fire deals more than 50%
                  | MHP!
 28369 | Spider:3 | Danger: Mara |T2| Reason: Unique monster, careful!
 28369 | Spider:3 | Danger: Mara |T2| Reason: Bolt of Fire deals more than 50%
                  | MHP!
 28380 | Spider:3 | Killed Mara
 28436 | Spider:4 | Danger: orb spider |T2| Reason: Orb of Destruction deals
                  | more than 50% MHP!
 28459 | Spider:4 | Danger: orb spider |T2| Reason: Orb of Destruction deals
                  | more than 50% MHP!
 28471 | Spider:4 | Danger: orb spider |T2| Reason: Orb of Destruction deals
                  | more than 50% MHP!
 28532 | Spider:4 | Danger: orb spider |T2| Reason: Orb of Destruction deals
                  | more than 50% MHP!
 28562 | Spider:4 | Danger: orb spider |T2| Reason: Orb of Destruction deals
                  | more than 50% MHP!
 28584 | Spider:4 | Danger: orb spider |T2| Reason: Orb of Destruction deals
                  | more than 50% MHP!
 28642 | Spider:4 | Danger: orb spider |T2| Reason: Orb of Destruction deals
                  | more than 50% MHP!
 28651 | Spider:4 | Danger: orb spider |T2| Reason: Orb of Destruction deals
                  | more than 50% MHP!
 28658 | Spider:4 | Danger: orb spider |T3| Reason: IMMINENT DEATH: Orb of
                  | Destruction deals 99 damage, you have 42 HP!!
 28658 | Spider:4 | Danger: Low HP Warning |T2| Reason: 30% HP (42/138)
 28659 | Spider:4 | Danger: orb spider |T3| Reason: IMMINENT DEATH: Orb of
                  | Destruction deals 99 damage, you have 38 HP!!
 28659 | Spider:4 | Danger: Low HP Warning |T2| Reason: 27% HP (38/138)
 28660 | Spider:4 | Danger: orb spider |T3| Reason: IMMINENT DEATH: Orb of
                  | Destruction deals 99 damage, you have 36 HP!!
 28660 | Spider:4 | Danger: Low HP Warning |T2| Reason: 26% HP (36/138)
 28661 | Spider:4 | Danger: orb spider |T3| Reason: IMMINENT DEATH: Orb of
                  | Destruction deals 99 damage, you have 35 HP!!
 28661 | Spider:4 | Danger: Low HP Warning |T3| Reason: 25% HP (35/138)
 28662 | Spider:4 | Danger: orb spider |T3| Reason: IMMINENT DEATH: Orb of
                  | Destruction deals 99 damage, you have 35 HP!!
 28662 | Spider:4 | Danger: Low HP Warning |T3| Reason: 25% HP (35/138)
 28858 | Spider:4 | Noticed Mlioglotl
 28859 | Spider:4 | Danger: Mlioglotl |T2| Reason: Unique monster, careful!
 28863 | Spider:4 | Killed Mlioglotl
 28950 | Spider:4 | Danger: orb spider |T2| Reason: Orb of Destruction deals
                  | more than 50% MHP!
 28973 | Spider:4 | Danger: orb spider |T2| Reason: Orb of Destruction deals
                  | more than 50% MHP!
 28980 | Spider:4 | Danger: orb spider |T2| Reason: Orb of Destruction deals
                  | more than 50% MHP!
 29041 | Spider:4 | Reached skill level 15 in Short Blades
 29062 | Spider:4 | Danger: electric eel |T2| Reason: Electrical Bolt and no
                  | rElec
 29239 | Spider:4 | Danger: Low HP Warning |T2| Reason: 54% HP (75/138)
 29240 | Spider:4 | Danger: Low HP Warning |T2| Reason: 54% HP (75/138)
 29253 | Spider:4 | Danger: Low HP Warning |T2| Reason: 58% HP (81/138)
 29254 | Spider:4 | Danger: Low HP Warning |T2| Reason: 60% HP (83/138)
 29255 | Spider:4 | Danger: Low HP Warning |T2| Reason: 60% HP (84/138)
 29273 | Spider:4 | Danger: Low HP Warning |T2| Reason: 57% HP (80/138)
 29274 | Spider:4 | Danger: Low HP Warning |T2| Reason: 58% HP (81/138)
 29275 | Spider:4 | Danger: Low HP Warning |T2| Reason: 57% HP (80/138)
 29276 | Spider:4 | Danger: Low HP Warning |T2| Reason: 57% HP (80/138)
 29277 | Spider:4 | Danger: Low HP Warning |T2| Reason: 58% HP (81/138)
 29278 | Spider:4 | Danger: Low HP Warning |T2| Reason: 59% HP (82/138)
 29327 | Spider:4 | Danger: electric eel |T2| Reason: Electrical Bolt and no
                  | rElec
 29381 | Spider:4 | Danger: Low HP Warning |T2| Reason: 60% HP (83/138)
 29382 | Spider:4 | Danger: Low HP Warning |T2| Reason: 58% HP (81/138)
 29383 | Spider:4 | Danger: Low HP Warning |T2| Reason: 56% HP (78/138)
 29384 | Spider:4 | Danger: Low HP Warning |T2| Reason: 54% HP (75/138)
 29385 | Spider:4 | Danger: Low HP Warning |T2| Reason: 49% HP (68/138)
 29386 | Spider:4 | Danger: Low HP Warning |T2| Reason: 47% HP (66/138)
 29387 | Spider:4 | Reached skill level 16 in Short Blades
 29393 | Spider:4 | Danger: Low HP Warning |T2| Reason: 45% HP (63/138)
 29394 | Spider:4 | Danger: Low HP Warning |T2| Reason: 45% HP (63/138)
 29395 | Spider:4 | Danger: Low HP Warning |T2| Reason: 45% HP (63/138)
 29396 | Spider:4 | Danger: Low HP Warning |T2| Reason: 46% HP (64/138)
 29397 | Spider:4 | Danger: Low HP Warning |T2| Reason: 47% HP (65/138)
 29398 | Spider:4 | Danger: Low HP Warning |T2| Reason: 47% HP (65/138)
 29399 | Spider:4 | Danger: Low HP Warning |T2| Reason: 47% HP (66/138)
 29400 | Spider:4 | Danger: Low HP Warning |T2| Reason: 48% HP (67/138)
 29406 | Spider:4 | Identified the orb "Vahubbut" {mayhem, rC- Dex+5}
 29410 | Spider:4 | Got a gossamer rune of Zot
 29567 | Spider:4 | Identified Roxanne's Verses on Scree
 29567 | Spider:4 | Noticed Roxanne
 29568 | Spider:4 | Danger: Roxanne |T2| Reason: Unique monster, careful!
 29568 | Spider:4 | Danger: Roxanne |T2| Reason: Bolt of Magma deals more than
                  | 50% MHP!
 29568 | Spider:4 | Danger: Roxanne |T2| Reason: Iron Shot deals more than 50%
                  | MHP!
 29568 | Spider:4 | Danger: Roxanne |T2| Reason: Lehudib's Crystal Spear deals
                  | more than 50% MHP!
 29597 | Spider:4 | Killed Roxanne
 29819 | Spider:4 | Danger: meliai |T3| Reason: Distortion weapon!
 29820 | Spider:4 | Danger: meliai |T3| Reason: Distortion weapon!
 29821 | Spider:4 | Danger: meliai |T3| Reason: Distortion weapon!
 29822 | Spider:4 | Danger: meliai |T3| Reason: Distortion weapon!
 29823 | Spider:4 | Danger: meliai |T3| Reason: Distortion weapon!
 29824 | Spider:4 | Danger: meliai |T3| Reason: Distortion weapon!
 29825 | Spider:4 | Danger: meliai |T3| Reason: Distortion weapon!
 29826 | Spider:4 | Danger: meliai |T3| Reason: Distortion weapon!
 29827 | Spider:4 | Danger: meliai |T3| Reason: Distortion weapon!
 29827 | Spider:4 | Danger: Low HP Warning |T2| Reason: 55% HP (77/138)
 29828 | Spider:4 | Danger: meliai |T3| Reason: Distortion weapon!
 29828 | Spider:4 | Danger: Low HP Warning |T2| Reason: 48% HP (67/138)
 29829 | Spider:4 | Danger: meliai |T3| Reason: Distortion weapon!
 29829 | Spider:4 | Danger: Low HP Warning |T2| Reason: 49% HP (68/138)
 29830 | Spider:4 | Danger: meliai |T3| Reason: Distortion weapon!
 29830 | Spider:4 | Danger: Low HP Warning |T2| Reason: 44% HP (62/138)
 29831 | Spider:4 | Danger: meliai |T3| Reason: Distortion weapon!
 29831 | Spider:4 | Danger: Low HP Warning |T2| Reason: 45% HP (63/138)
 30089 | Shoals:1 | Entered Level 1 of the Shoals
 30103 | Shoals:1 | Danger: merfolk aquamancer |T2| Reason: Throw Icicle deals
                  | more than 50% MHP!
 30105 | Shoals:1 | Danger: merfolk aquamancer |T2| Reason: Throw Icicle deals
                  | more than 50% MHP!
 30108 | Shoals:1 | Danger: merfolk aquamancer |T2| Reason: Throw Icicle deals
                  | more than 50% MHP!
 30143 | Shoals:1 | Danger: merfolk |T2| Reason: Quivering boomerangs, careful!
 30224 | Shoals:1 | Reached XP level 19. HP: 144/144 MP: 25/25
 30276 | Shoals:1 | Danger: merfolk |T2| Reason: Quivering boomerangs, careful!
 30282 | Shoals:1 | Danger: merfolk |T2| Reason: Quivering boomerangs, careful!
 30433 | Shoals:1 | Reached skill level 17 in Short Blades
 30471 | Shoals:1 | Identified the +4 flail of the Solstice {flame, rN+}
 30892 | Shoals:2 | Danger: merfolk |T3| Reason: Quivering throwing nets, watch
                  | out!
 30893 | Shoals:2 | Danger: merfolk |T3| Reason: Quivering throwing nets, watch
                  | out!
 30894 | Shoals:2 | Danger: merfolk |T3| Reason: Quivering throwing nets, watch
                  | out!
 30894 | Shoals:2 | Danger: merfolk |T2| Reason: Quivering boomerangs, careful!
 30894 | Shoals:2 | Danger: merfolk |T3| Reason: Quivering throwing nets, watch
                  | out!
 30895 | Shoals:2 | Danger: merfolk |T3| Reason: Quivering throwing nets, watch
                  | out!
 30896 | Shoals:2 | Danger: merfolk |T3| Reason: Quivering throwing nets, watch
                  | out!
 30897 | Shoals:2 | Danger: merfolk |T3| Reason: Quivering throwing nets, watch
                  | out!
 30898 | Shoals:2 | Danger: merfolk |T3| Reason: Quivering throwing nets, watch
                  | out!
 30899 | Shoals:2 | Danger: merfolk |T3| Reason: Quivering throwing nets, watch
                  | out!
 30900 | Shoals:2 | Danger: merfolk |T3| Reason: Quivering throwing nets, watch
                  | out!
 30901 | Shoals:2 | Danger: merfolk |T3| Reason: Quivering throwing nets, watch
                  | out!
 30902 | Shoals:2 | Danger: merfolk |T3| Reason: Quivering throwing nets, watch
                  | out!
 30903 | Shoals:2 | Danger: merfolk |T3| Reason: Quivering throwing nets, watch
                  | out!
 30904 | Shoals:2 | Danger: merfolk |T3| Reason: Quivering throwing nets, watch
                  | out!
 30905 | Shoals:2 | Danger: merfolk |T3| Reason: Quivering throwing nets, watch
                  | out!
 30906 | Shoals:2 | Danger: merfolk |T3| Reason: Quivering throwing nets, watch
                  | out!
 30907 | Shoals:2 | Danger: merfolk |T3| Reason: Quivering throwing nets, watch
                  | out!
 30908 | Shoals:2 | Danger: merfolk |T3| Reason: Quivering throwing nets, watch
                  | out!
 30909 | Shoals:2 | Danger: merfolk |T3| Reason: Quivering throwing nets, watch
                  | out!
 30909 | Shoals:2 | Danger: Low HP Warning |T2| Reason: 55% HP (80/144)
 30910 | Shoals:2 | Danger: merfolk |T3| Reason: Quivering throwing nets, watch
                  | out!
 30910 | Shoals:2 | Danger: Low HP Warning |T2| Reason: 56% HP (81/144)
 30911 | Shoals:2 | Danger: Low HP Warning |T2| Reason: 56% HP (82/144)
 30912 | Shoals:2 | Danger: Low HP Warning |T2| Reason: 57% HP (83/144)
 30913 | Shoals:2 | Danger: Low HP Warning |T2| Reason: 57% HP (83/144)
 30914 | Shoals:2 | Danger: Low HP Warning |T2| Reason: 58% HP (84/144)
 30915 | Shoals:2 | Danger: Low HP Warning |T2| Reason: 58% HP (84/144)
 30916 | Shoals:2 | Danger: Low HP Warning |T2| Reason: 59% HP (85/144)
 30917 | Shoals:2 | Danger: Low HP Warning |T2| Reason: 59% HP (86/144)
 30918 | Shoals:2 | Danger: Low HP Warning |T2| Reason: 60% HP (87/144)
 30919 | Shoals:2 | Danger: Low HP Warning |T2| Reason: 60% HP (87/144)
 31389 | Shoals:2 | Found Leycutomn's Weapon Emporium.
 31393 | Shoals:2 | Danger: merfolk |T2| Reason: Quivering boomerangs, careful!
 31399 | Shoals:2 | Danger: merfolk |T2| Reason: Quivering boomerangs, careful!
 31417 | Shoals:2 | Danger: merfolk |T2| Reason: Quivering boomerangs, careful!
 31641 | Shoals:3 | Danger: dream sheep |T2| Reason: Irresistible Dream Dust
                  | (4%), watch out!
 31645 | Shoals:3 | Danger: cyclops |T2| Reason: Quivering large rocks, watch
                  | out!!
 31647 | Shoals:3 | Danger: dream sheep |T2| Reason: Irresistible Dream Dust
                  | (52%), watch out!
 31647 | Shoals:3 | Danger: dream sheep |T2| Reason: Irresistible Dream Dust
                  | (52%), watch out!
 31648 | Shoals:3 | Danger: dream sheep |T2| Reason: Irresistible Dream Dust
                  | (4%), watch out!
 31650 | Shoals:3 | Danger: cyclops |T2| Reason: Quivering large rocks, watch
                  | out!!
 31650 | Shoals:3 | Danger: dream sheep |T2| Reason: Irresistible Dream Dust
                  | (4%), watch out!
 31651 | Shoals:3 | Danger: dream sheep |T2| Reason: Irresistible Dream Dust
                  | (52%), watch out!
 31651 | Shoals:3 | Danger: dream sheep |T2| Reason: Irresistible Dream Dust
                  | (52%), watch out!
 31655 | Shoals:3 | Danger: dream sheep |T2| Reason: Irresistible Dream Dust
                  | (4%), watch out!
 31672 | Shoals:3 | Danger: cyclops |T2| Reason: Quivering large rocks, watch
                  | out!!
 31681 | Shoals:3 | Danger: dream sheep |T2| Reason: Irresistible Dream Dust
                  | (4%), watch out!
 31908 | Shoals:3 | Found Munlef's Magic Scroll Shop.
 31913 | Shoals:3 | Bought 3 scrolls of summoning for 427 gold pieces
 31913 | Shoals:3 | Bought a scroll of teleportation for 45 gold pieces
 31913 | Shoals:3 | Bought a scroll of brand weapon for 142 gold pieces
 31913 | Shoals:3 | Bought a scroll of blinking for 112 gold pieces
 31913 | Shoals:3 | Bought a scroll of teleportation for 45 gold pieces
 31913 | Shoals:3 | Bought a scroll of enchant weapon for 112 gold pieces
 31913 | Shoals:3 | Bought a scroll of silence for 142 gold pieces
 31913 | Shoals:3 | Bought a scroll of fear for 60 gold pieces
 31949 | Shoals:3 | Found Raisibb's Antique Armour Shoppe.
 31956 | Shoals:3 | Found Goff's Magic Scroll Boutique.
 32002 | Shoals:3 | Found Coveugra's Antique Armour Boutique.
 32326 | Shoals:3 | Found Tubbung's Weapon Emporium.
 32376 | Shoals:3 | Bought a bloodstained leather armour for 161 gold pieces
 32376 | Shoals:3 | Identified the +0 leather armour "Seim Mao" {Will+ Regen+
                  | Stlth-} (You bought it in a shop on level 3 of the Shoals)
 32386 | Shoals:3 | Bought a scroll of blinking for 127 gold pieces
 32407 | Shoals:4 | Entered Level 4 of the Shoals
 32416 | Shoals:4 | Danger: merfolk javelineer |T2| Reason: Quivering javelins,
                  | watch out!
 32547 | Shoals:4 | Identified the staff of conjuration "Nuov" {Str+2}
 32608 | Shoals:4 | Identified the amulet of the Original Sin {Reflect -Cast
                  | rPois Str+5 SH+5}
 32616 | Shoals:4 | Danger: merfolk |T3| Reason: Quivering throwing nets, watch
                  | out!
 32617 | Shoals:4 | Danger: merfolk aquamancer |T3| Reason: IMMINENT DEATH:
                  | Throw Icicle deals 69 damage, you have 67 HP!!
 32617 | Shoals:4 | Danger: merfolk aquamancer |T3| Reason: IMMINENT DEATH:
                  | Throw Icicle deals 69 damage, you have 67 HP!!
 32617 | Shoals:4 | Danger: merfolk aquamancer |T3| Reason: IMMINENT DEATH:
                  | Throw Icicle deals 69 damage, you have 67 HP!!
 32617 | Shoals:4 | Danger: merfolk |T3| Reason: Quivering throwing nets, watch
                  | out!
 32617 | Shoals:4 | Danger: Low HP Warning |T2| Reason: 46% HP (67/144)
 32618 | Shoals:4 | Danger: merfolk aquamancer |T3| Reason: IMMINENT DEATH:
                  | Throw Icicle deals 69 damage, you have 68 HP!!
 32618 | Shoals:4 | Danger: merfolk aquamancer |T3| Reason: IMMINENT DEATH:
                  | Throw Icicle deals 69 damage, you have 68 HP!!
 32618 | Shoals:4 | Danger: merfolk |T3| Reason: Quivering throwing nets, watch
                  | out!
 32618 | Shoals:4 | Danger: Low HP Warning |T2| Reason: 47% HP (68/144)
 32619 | Shoals:4 | Danger: merfolk |T3| Reason: Quivering throwing nets, watch
                  | out!
 32619 | Shoals:4 | Danger: Low HP Warning |T2| Reason: 48% HP (70/144)
 32620 | Shoals:4 | Danger: Low HP Warning |T2| Reason: 49% HP (71/144)
 32621 | Shoals:4 | Danger: Low HP Warning |T2| Reason: 50% HP (72/144)
 32622 | Shoals:4 | Danger: merfolk aquamancer |T3| Reason: IMMINENT DEATH:
                  | Throw Icicle deals 69 damage, you have 68 HP!!
 32622 | Shoals:4 | Danger: Low HP Warning |T2| Reason: 47% HP (68/144)
 32623 | Shoals:4 | Danger: Low HP Warning |T2| Reason: 48% HP (70/144)
 32624 | Shoals:4 | Danger: merfolk aquamancer |T3| Reason: IMMINENT DEATH:
                  | Throw Icicle deals 69 damage, you have 64 HP!!
 32624 | Shoals:4 | Danger: merfolk aquamancer |T3| Reason: IMMINENT DEATH:
                  | Throw Icicle deals 69 damage, you have 64 HP!!
 32624 | Shoals:4 | Danger: merfolk aquamancer |T3| Reason: IMMINENT DEATH:
                  | Throw Icicle deals 66 damage, you have 64 HP!!
 32624 | Shoals:4 | Danger: Low HP Warning |T2| Reason: 44% HP (64/144)
 32625 | Shoals:4 | Danger: merfolk |T3| Reason: Quivering throwing nets, watch
                  | out!
 32625 | Shoals:4 | Danger: merfolk aquamancer |T3| Reason: IMMINENT DEATH:
                  | Throw Icicle deals 69 damage, you have 65 HP!!
 32625 | Shoals:4 | Danger: merfolk aquamancer |T3| Reason: IMMINENT DEATH:
                  | Throw Icicle deals 69 damage, you have 65 HP!!
 32625 | Shoals:4 | Danger: Low HP Warning |T2| Reason: 45% HP (65/144)
 32626 | Shoals:4 | Danger: merfolk aquamancer |T3| Reason: IMMINENT DEATH:
                  | Throw Icicle deals 69 damage, you have 66 HP!!
 32626 | Shoals:4 | Danger: merfolk |T3| Reason: Quivering throwing nets, watch
                  | out!
 32626 | Shoals:4 | Danger: Low HP Warning |T2| Reason: 45% HP (66/144)
 32627 | Shoals:4 | Danger: merfolk aquamancer |T3| Reason: IMMINENT DEATH:
                  | Throw Icicle deals 69 damage, you have 68 HP!!
 32627 | Shoals:4 | Danger: merfolk |T3| Reason: Quivering throwing nets, watch
                  | out!
 32627 | Shoals:4 | Danger: Low HP Warning |T2| Reason: 47% HP (68/144)
 32628 | Shoals:4 | Danger: Low HP Warning |T2| Reason: 47% HP (69/144)
 32629 | Shoals:4 | Danger: merfolk |T3| Reason: Quivering throwing nets, watch
                  | out!
 32629 | Shoals:4 | Danger: Low HP Warning |T2| Reason: 48% HP (70/144)
 32630 | Shoals:4 | Danger: merfolk |T3| Reason: Quivering throwing nets, watch
                  | out!
 32630 | Shoals:4 | Danger: Low HP Warning |T2| Reason: 49% HP (71/144)
 32631 | Shoals:4 | Danger: Low HP Warning |T2| Reason: 50% HP (73/144)
 32632 | Shoals:4 | Danger: Low HP Warning |T2| Reason: 51% HP (74/144)
 32633 | Shoals:4 | Danger: Low HP Warning |T2| Reason: 52% HP (75/144)
 32634 | Shoals:4 | Danger: Low HP Warning |T2| Reason: 41% HP (60/144)
 32635 | Shoals:4 | Danger: merfolk |T3| Reason: Quivering throwing nets, watch
                  | out!
 32635 | Shoals:4 | Danger: Low HP Warning |T2| Reason: 41% HP (60/144)
 32636 | Shoals:4 | Danger: merfolk |T3| Reason: Quivering throwing nets, watch
                  | out!
 32636 | Shoals:4 | Danger: Low HP Warning |T2| Reason: 42% HP (61/144)
 32637 | Shoals:4 | Danger: merfolk |T3| Reason: Quivering throwing nets, watch
                  | out!
 32637 | Shoals:4 | Danger: Low HP Warning |T2| Reason: 43% HP (62/144)
 32638 | Shoals:4 | Danger: merfolk |T3| Reason: Quivering throwing nets, watch
                  | out!
 32638 | Shoals:4 | Danger: Low HP Warning |T2| Reason: 43% HP (63/144)
 32639 | Shoals:4 | Danger: merfolk |T2| Reason: Quivering boomerangs, careful!
 32639 | Shoals:4 | Danger: merfolk |T3| Reason: Quivering throwing nets, watch
                  | out!
 32639 | Shoals:4 | Danger: Low HP Warning |T2| Reason: 44% HP (64/144)
 32640 | Shoals:4 | Danger: merfolk |T3| Reason: Quivering throwing nets, watch
                  | out!
 32640 | Shoals:4 | Danger: Low HP Warning |T2| Reason: 45% HP (65/144)
 32641 | Shoals:4 | Danger: Low HP Warning |T2| Reason: 45% HP (66/144)
 32642 | Shoals:4 | Danger: Low HP Warning |T2| Reason: 46% HP (67/144)
 32643 | Shoals:4 | Danger: Low HP Warning |T2| Reason: 47% HP (68/144)
 32644 | Shoals:4 | Danger: Low HP Warning |T2| Reason: 47% HP (69/144)
 32645 | Shoals:4 | Danger: Low HP Warning |T2| Reason: 36% HP (53/144)
 32646 | Shoals:4 | Danger: Low HP Warning |T2| Reason: 37% HP (54/144)
 32647 | Shoals:4 | Reached skill level 10 in Invocations
 32647 | Shoals:4 | Danger: water nymph |T3| Reason: IMMINENT DEATH:
                  | Waterstrike deals 51 damage, you have 22 HP!!
 32647 | Shoals:4 | Danger: Low HP Warning |T3| Reason: 15% HP (22/144)
 32815 | Shoals:4 | Danger: Low HP Warning |T2| Reason: 59% HP (85/144)
 32816 | Shoals:4 | Danger: Low HP Warning |T2| Reason: 59% HP (86/144)
 32817 | Shoals:4 | Danger: Low HP Warning |T2| Reason: 60% HP (87/144)
 32902 | Shoals:4 | Got a barnacled rune of Zot
 32906 | Shoals:4 | Danger: merfolk |T2| Reason: Quivering boomerangs, careful!
 32911 | Shoals:4 | Danger: merfolk |T2| Reason: Quivering boomerangs, careful!
 32997 | Shoals:4 | Danger: merfolk |T2| Reason: Quivering boomerangs, careful!
 33149 | Shoals:4 | Danger: dream sheep |T2| Reason: Irresistible Dream Dust
                  | (4%), watch out!
 33150 | Shoals:4 | Danger: dream sheep |T2| Reason: Irresistible Dream Dust
                  | (52%), watch out!
 33150 | Shoals:4 | Danger: dream sheep |T2| Reason: Irresistible Dream Dust
                  | (52%), watch out!
 33151 | Shoals:4 | Danger: dream sheep |T2| Reason: Irresistible Dream Dust
                  | (68%), watch out!
 33151 | Shoals:4 | Danger: dream sheep |T2| Reason: Irresistible Dream Dust
                  | (68%), watch out!
 33151 | Shoals:4 | Danger: cyclops |T2| Reason: Quivering large rocks, watch
                  | out!!
 33151 | Shoals:4 | Danger: dream sheep |T2| Reason: Irresistible Dream Dust
                  | (68%), watch out!
 33155 | Shoals:4 | Danger: dream sheep |T2| Reason: Irresistible Dream Dust
                  | (52%), watch out!
 33155 | Shoals:4 | Danger: dream sheep |T2| Reason: Irresistible Dream Dust
                  | (52%), watch out!
 33157 | Shoals:4 | Danger: dream sheep |T2| Reason: Irresistible Dream Dust
                  | (4%), watch out!
 33174 | Shoals:4 | Identified the +7 arbalest "Joutauw" {heavy, rC++}
 33830 | Elf:1    | Entered Level 1 of the Elven Halls
 33830 | Elf:1    | Found a runed translucent gate.
 33830 | Elf:1    | Found a runed translucent gate.
 33830 | Elf:1    | Found a runed translucent gate.
 33830 | Elf:1    | Found a runed translucent gate.
 33830 | Elf:1    | Found a runed translucent gate.
 33830 | Elf:1    | Found a runed translucent gate.
 33831 | Elf:1    | Found a runed translucent door.
 33833 | Elf:1    | Danger: deep elf sorcerer |T3| Reason: Damnation in LOF,
                  | watch out!
 33833 | Elf:1    | Danger: deep elf annihilator |T2| Reason: Lightning Bolt
                  | and no rElec
 33833 | Elf:1    | Danger: deep elf annihilator |T2| Reason: Iron Shot deals
                  | more than 50% MHP!
 33833 | Elf:1    | Danger: deep elf annihilator |T2| Reason: Lehudib's Crystal
                  | Spear deals more than 50% MHP!
 33834 | Elf:1    | Danger: deep elf sorcerer |T3| Reason: Damnation in LOF,
                  | watch out!
 33835 | Elf:1    | Danger: deep elf sorcerer |T3| Reason: Damnation in LOF,
                  | watch out!
 33836 | Elf:1    | Danger: deep elf sorcerer |T3| Reason: Damnation in LOF,
                  | watch out!
 33837 | Elf:1    | Danger: deep elf sorcerer |T3| Reason: Damnation in LOF,
                  | watch out!
 33838 | Elf:1    | Danger: deep elf sorcerer |T3| Reason: Damnation in LOF,
                  | watch out!
 33839 | Elf:1    | Danger: deep elf sorcerer |T3| Reason: Damnation in LOF,
                  | watch out!
 33840 | Elf:1    | Danger: deep elf sorcerer |T3| Reason: Damnation in LOF,
                  | watch out!
 34045 | Elf:1    | Danger: deep elf zephyrmancer |T2| Reason: Lightning Bolt
                  | and no rElec
 34348 | Elf:1    | Identified the +3 leather armour of Okawaru's Benevolence
                  | {rF+ Str+4 Slay-4}
 34360 | Elf:1    | Reached XP level 20. HP: 151/151 MP: 27/27
 34407 | Elf:1    | Found a transporter.
 34407 | Elf:1    | Found Tucefyru's Distillery.
 34441 | Elf:1    | Noticed Kirke
 34442 | Elf:1    | Danger: Kirke |T2| Reason: Unique monster, careful!
 34448 | Elf:1    | Killed Kirke
 34515 | Elf:1    | Danger: deep elf zephyrmancer |T2| Reason: Lightning Bolt
                  | and no rElec
 34606 | Elf:1    | Found a transporter.
 34614 | Elf:1    | Found a runed translucent door.
 35050 | Elf:1    | Danger: deep elf zephyrmancer |T2| Reason: Lightning Bolt
                  | and no rElec
 35050 | Elf:1    | Danger: deep elf zephyrmancer |T2| Reason: Lightning Bolt
                  | and no rElec
 35198 | Elf:1    | Danger: deep elf zephyrmancer |T2| Reason: Lightning Bolt
                  | and no rElec
 35237 | Elf:1    | Danger: deep elf zephyrmancer |T2| Reason: Lightning Bolt
                  | and no rElec
 35238 | Elf:1    | Danger: air elemental |T3| Reason: Stunning Burst
                  | (paralyse) and no rElec
 35239 | Elf:1    | Danger: air elemental |T3| Reason: Stunning Burst
                  | (paralyse) and no rElec
 35240 | Elf:1    | Danger: air elemental |T3| Reason: Stunning Burst
                  | (paralyse) and no rElec
 35241 | Elf:1    | Danger: air elemental |T3| Reason: Stunning Burst
                  | (paralyse) and no rElec
 35241 | Elf:1    | Paralysed by an air elemental for 1 turns
 35243 | Elf:1    | Danger: air elemental |T3| Reason: Stunning Burst
                  | (paralyse) and no rElec
 35244 | Elf:1    | Danger: air elemental |T3| Reason: Stunning Burst
                  | (paralyse) and no rElec
 35245 | Elf:1    | Danger: air elemental |T3| Reason: Stunning Burst
                  | (paralyse) and no rElec
 35246 | Elf:1    | Danger: air elemental |T3| Reason: Stunning Burst
                  | (paralyse) and no rElec
 35247 | Elf:1    | Danger: air elemental |T3| Reason: Stunning Burst
                  | (paralyse) and no rElec
 35248 | Elf:1    | Danger: air elemental |T3| Reason: Stunning Burst
                  | (paralyse) and no rElec
 35249 | Elf:1    | Danger: air elemental |T3| Reason: Stunning Burst
                  | (paralyse) and no rElec
 35250 | Elf:1    | Danger: air elemental |T3| Reason: Stunning Burst
                  | (paralyse) and no rElec
 35251 | Elf:1    | Danger: air elemental |T3| Reason: Stunning Burst
                  | (paralyse) and no rElec
 35342 | Elf:1    | Bought a potion of mutation for 120 gold pieces
 35342 | Elf:1    | Bought a potion of haste for 150 gold pieces
 35342 | Elf:1    | Bought a potion of cancellation for 120 gold pieces
 35386 | Elf:2    | Found Qevuho's Book Shoppe.
 35409 | Elf:2    | Danger: deep elf zephyrmancer |T2| Reason: Lightning Bolt
                  | and no rElec
 35418 | Elf:2    | Danger: deep elf zephyrmancer |T2| Reason: Lightning Bolt
                  | and no rElec
 35421 | Elf:2    | Danger: deep elf zephyrmancer |T2| Reason: Lightning Bolt
                  | and no rElec
 35429 | Elf:2    | Danger: deep elf zephyrmancer |T2| Reason: Lightning Bolt
                  | and no rElec
 35431 | Elf:2    | Danger: deep elf high priest |T3| Reason: Damnation (smite)
                  | in LOS, watch out!
 35432 | Elf:2    | Danger: deep elf high priest |T3| Reason: Damnation (smite)
                  | in LOS, watch out!
 35433 | Elf:2    | Danger: deep elf high priest |T3| Reason: Damnation (smite)
                  | in LOS, watch out!
 35434 | Elf:2    | Danger: deep elf high priest |T3| Reason: Damnation (smite)
                  | in LOS, watch out!
 35435 | Elf:2    | Danger: deep elf high priest |T3| Reason: Damnation (smite)
                  | in LOS, watch out!
 35436 | Elf:2    | Noticed a Brimstone Fiend
 35436 | Elf:2    | Danger: Brimstone Fiend |T3| Reason: Torment and not
                  | torment immune!
 35436 | Elf:2    | Danger: Brimstone Fiend |T2| Reason: Damnation in LOS,
                  | careful!
 35436 | Elf:2    | Danger: deep elf high priest |T3| Reason: Damnation (smite)
                  | in LOS, watch out!
 35437 | Elf:2    | Danger: Brimstone Fiend |T3| Reason: Torment and not
                  | torment immune!
 35437 | Elf:2    | Danger: deep elf high priest |T3| Reason: Damnation (smite)
                  | in LOS, watch out!
 35438 | Elf:2    | Danger: Brimstone Fiend |T3| Reason: Damnation in LOF,
                  | watch out!
 35438 | Elf:2    | Danger: Brimstone Fiend |T3| Reason: Torment and not
                  | torment immune!
 35438 | Elf:2    | Danger: deep elf high priest |T3| Reason: Damnation (smite)
                  | in LOS, watch out!
 35438 | Elf:2    | Danger: Low HP Warning |T2| Reason: 50% HP (77/151)
 35439 | Elf:3    | Entered Level 3 of the Elven Halls
 35440 | Elf:3    | Danger: Low HP Warning |T2| Reason: 52% HP (79/151)
 35441 | Elf:3    | Danger: Low HP Warning |T2| Reason: 49% HP (74/151)
 35442 | Elf:3    | Danger: Low HP Warning |T2| Reason: 49% HP (74/151)
 35443 | Elf:3    | Danger: Low HP Warning |T2| Reason: 49% HP (75/151)
 35444 | Elf:3    | Danger: Low HP Warning |T2| Reason: 50% HP (76/151)
 35445 | Elf:3    | Danger: Low HP Warning |T2| Reason: 49% HP (74/151)
 35486 | Elf:2    | Danger: deep elf zephyrmancer |T2| Reason: Lightning Bolt
                  | and no rElec
 35486 | Elf:2    | Danger: deep elf zephyrmancer |T2| Reason: Lightning Bolt
                  | and no rElec
 35486 | Elf:2    | Danger: deep elf high priest |T3| Reason: Damnation (smite)
                  | in LOS, watch out!
 35486 | Elf:2    | Danger: Low HP Warning |T2| Reason: 53% HP (81/151)
 35562 | Elf:2    | Danger: deep elf zephyrmancer |T2| Reason: Lightning Bolt
                  | and no rElec
 35562 | Elf:2    | Danger: deep elf high priest |T3| Reason: Damnation (smite)
                  | in LOS, watch out!
 35562 | Elf:2    | Danger: deep elf zephyrmancer |T2| Reason: Lightning Bolt
                  | and no rElec
 35563 | Elf:2    | Danger: deep elf high priest |T3| Reason: Damnation (smite)
                  | in LOS, watch out!
 35564 | Elf:2    | Danger: deep elf high priest |T3| Reason: Damnation (smite)
                  | in LOS, watch out!
 35565 | Elf:2    | Danger: deep elf high priest |T3| Reason: Damnation (smite)
                  | in LOS, watch out!
 35566 | Elf:2    | Danger: deep elf high priest |T3| Reason: Damnation (smite)
                  | in LOS, watch out!
 35567 | Elf:2    | Danger: deep elf high priest |T3| Reason: Damnation (smite)
                  | in LOS, watch out!
 35568 | Elf:2    | Danger: deep elf high priest |T3| Reason: Damnation (smite)
                  | in LOS, watch out!
 35569 | Elf:2    | Danger: deep elf zephyrmancer |T2| Reason: Lightning Bolt
                  | and no rElec
 35570 | Elf:2    | Danger: deep elf zephyrmancer |T2| Reason: Lightning Bolt
                  | and no rElec
 35611 | Elf:2    | Danger: deep elf zephyrmancer |T2| Reason: Lightning Bolt
                  | and no rElec
 35614 | Elf:2    | Danger: deep elf zephyrmancer |T2| Reason: Lightning Bolt
                  | and no rElec
 35619 | Elf:2    | Danger: deep elf zephyrmancer |T2| Reason: Lightning Bolt
                  | and no rElec
 35621 | Elf:2    | Danger: deep elf zephyrmancer |T2| Reason: Lightning Bolt
                  | and no rElec
 35634 | Elf:2    | Danger: deep elf zephyrmancer |T2| Reason: Lightning Bolt
                  | and no rElec
 35670 | Elf:2    | Found a huge runed translucent gate.
 35670 | Elf:2    | Found a huge runed translucent gate.
 35670 | Elf:2    | Found a huge runed translucent gate.
 35670 | Elf:2    | Found a huge runed translucent gate.
 35673 | Elf:2    | Found a huge runed translucent gate.
 35710 | Elf:2    | Danger: deep elf zephyrmancer |T2| Reason: Lightning Bolt
                  | and no rElec
 35794 | Elf:2    | Danger: deep elf zephyrmancer |T2| Reason: Lightning Bolt
                  | and no rElec
 35807 | Elf:2    | Found an ancient bone altar of Kikubaaqudgha.
 35818 | Elf:2    | Found Puestisch's Book Boutique.
 35968 | Elf:2    | Danger: deep elf zephyrmancer |T2| Reason: Lightning Bolt
                  | and no rElec
 35974 | Elf:2    | Danger: deep elf zephyrmancer |T2| Reason: Lightning Bolt
                  | and no rElec
 36018 | Elf:2    | Danger: deep elf zephyrmancer |T2| Reason: Lightning Bolt
                  | and no rElec
 36027 | Elf:2    | Danger: Low HP Warning |T2| Reason: 53% HP (81/151)
 36028 | Elf:2    | Danger: Low HP Warning |T2| Reason: 54% HP (82/151)
 36029 | Elf:2    | Danger: Low HP Warning |T2| Reason: 55% HP (84/151)
 36030 | Elf:2    | Danger: Low HP Warning |T2| Reason: 56% HP (85/151)
 36031 | Elf:2    | Danger: Low HP Warning |T2| Reason: 56% HP (85/151)
 36032 | Elf:2    | Danger: Low HP Warning |T2| Reason: 56% HP (86/151)
 36033 | Elf:2    | Danger: Low HP Warning |T2| Reason: 60% HP (92/151)
 36034 | Elf:2    | Danger: Low HP Warning |T2| Reason: 60% HP (92/151)
 36038 | Elf:2    | Danger: deep elf zephyrmancer |T2| Reason: Lightning Bolt
                  | and no rElec
 36135 | Elf:2    | Danger: deep elf zephyrmancer |T2| Reason: Lightning Bolt
                  | and no rElec
 36142 | Elf:2    | Danger: Low HP Warning |T2| Reason: 52% HP (81/153)
 36143 | Elf:2    | Danger: Low HP Warning |T2| Reason: 51% HP (79/153)
 36144 | Elf:2    | Danger: Low HP Warning |T2| Reason: 49% HP (76/153)
 36145 | Elf:2    | Danger: Low HP Warning |T2| Reason: 48% HP (74/153)
 36146 | Elf:2    | Danger: Low HP Warning |T2| Reason: 47% HP (73/153)
 36147 | Elf:2    | Danger: Low HP Warning |T2| Reason: 47% HP (73/153)
 36148 | Elf:2    | Danger: Low HP Warning |T2| Reason: 47% HP (72/153)
 36164 | Elf:2    | Danger: deep elf zephyrmancer |T2| Reason: Lightning Bolt
                  | and no rElec
 36164 | Elf:2    | Danger: Low HP Warning |T2| Reason: 56% HP (86/153)
 36165 | Elf:2    | Danger: Low HP Warning |T2| Reason: 56% HP (87/153)
 36166 | Elf:2    | Danger: Low HP Warning |T2| Reason: 57% HP (88/153)
 36310 | Elf:2    | Danger: deep elf zephyrmancer |T2| Reason: Lightning Bolt
                  | and no rElec
 36314 | Elf:2    | Danger: deep elf zephyrmancer |T2| Reason: Lightning Bolt
                  | and no rElec
 36332 | Elf:2    | Danger: deep elf zephyrmancer |T2| Reason: Lightning Bolt
                  | and no rElec
 36426 | Elf:2    | Danger: deep elf zephyrmancer |T2| Reason: Lightning Bolt
                  | and no rElec
 36432 | Elf:2    | Danger: deep elf zephyrmancer |T2| Reason: Lightning Bolt
                  | and no rElec
 36439 | Elf:2    | Danger: Low HP Warning |T2| Reason: 52% HP (81/153)
 36440 | Elf:2    | Danger: Low HP Warning |T2| Reason: 53% HP (82/153)
 36441 | Elf:2    | Danger: Low HP Warning |T2| Reason: 54% HP (83/153)
 36442 | Elf:2    | Danger: Low HP Warning |T2| Reason: 54% HP (84/153)
 36443 | Elf:2    | Danger: Low HP Warning |T2| Reason: 55% HP (85/153)
 36444 | Elf:2    | Danger: Low HP Warning |T2| Reason: 56% HP (86/153)
 36445 | Elf:2    | Danger: Low HP Warning |T2| Reason: 56% HP (87/153)
 36446 | Elf:2    | Danger: Low HP Warning |T2| Reason: 57% HP (88/153)
 36447 | Elf:2    | Danger: Low HP Warning |T2| Reason: 58% HP (89/153)
 36448 | Elf:2    | Danger: Low HP Warning |T2| Reason: 58% HP (90/153)
 36665 | Elf:2    | Found Geinwet's Jewellery Emporium.
 36730 | Elf:2    | Found Qygiw's General Store.
 36755 | Elf:2    | Bought a potion of heal wounds for 70 gold pieces
 36763 | Elf:2    | Danger: deep elf zephyrmancer |T2| Reason: Lightning Bolt
                  | and no rElec
 36763 | Elf:2    | Danger: deep elf zephyrmancer |T2| Reason: Lightning Bolt
                  | and no rElec
 36772 | Elf:2    | Danger: deep elf zephyrmancer |T2| Reason: Lightning Bolt
                  | and no rElec
 36775 | Elf:2    | Danger: deep elf zephyrmancer |T2| Reason: Lightning Bolt
                  | and no rElec
 36779 | Elf:2    | Danger: deep elf zephyrmancer |T2| Reason: Lightning Bolt
                  | and no rElec
 36860 | Elf:2    | Danger: deep elf zephyrmancer |T2| Reason: Lightning Bolt
                  | and no rElec
 37077 | Elf:3    | Found a runed translucent door.
 37077 | Elf:3    | Found a shimmering altar of Xom.
 37077 | Elf:3    | Noticed Onnujuk's ghost (veteran MiBe)
 37106 | Elf:3    | Danger: Low HP Warning |T2| Reason: 59% HP (91/154)
 37107 | Elf:3    | Danger: Low HP Warning |T2| Reason: 59% HP (91/154)
 37108 | Elf:3    | Danger: Low HP Warning |T2| Reason: 59% HP (92/154)
 37109 | Elf:3    | Danger: Low HP Warning |T2| Reason: 50% HP (78/154)
 37110 | Elf:3    | Danger: Low HP Warning |T2| Reason: 51% HP (79/154)
 37111 | Elf:3    | Danger: Low HP Warning |T2| Reason: 51% HP (79/154)
 37112 | Elf:3    | Danger: Low HP Warning |T2| Reason: 44% HP (69/154)
 37113 | Elf:3    | Danger: Low HP Warning |T2| Reason: 44% HP (69/154)
 37114 | Elf:3    | Danger: Low HP Warning |T2| Reason: 45% HP (70/154)
 37115 | Elf:3    | Danger: Low HP Warning |T2| Reason: 45% HP (70/154)
 37115 | Elf:3    | Killed Onnujuk's ghost
 37116 | Elf:3    | Danger: Low HP Warning |T2| Reason: 46% HP (71/154)
 37117 | Elf:3    | Danger: Low HP Warning |T2| Reason: 28% HP (44/154)
 37118 | Elf:3    | Danger: Low HP Warning |T2| Reason: 29% HP (45/154)
 37119 | Elf:3    | Danger: Low HP Warning |T2| Reason: 29% HP (46/154)
 37120 | Elf:3    | Danger: Low HP Warning |T2| Reason: 29% HP (46/154)
 37121 | Elf:3    | Danger: Low HP Warning |T2| Reason: 30% HP (47/154)
 37122 | Elf:3    | Danger: Low HP Warning |T2| Reason: 30% HP (47/154)
 37271 | Elf:3    | Danger: deep elf zephyrmancer |T2| Reason: Lightning Bolt
                  | and no rElec
 37296 | Elf:3    | Danger: electric eel |T2| Reason: Electrical Bolt and no
                  | rElec
 37334 | Elf:3    | Danger: deep elf zephyrmancer |T2| Reason: Lightning Bolt
                  | and no rElec
 37334 | Elf:3    | Danger: electric eel |T2| Reason: Electrical Bolt and no
                  | rElec
 37375 | Elf:3    | Danger: electric eel |T2| Reason: Electrical Bolt and no
                  | rElec
 37386 | Elf:3    | Danger: deep elf zephyrmancer |T2| Reason: Lightning Bolt
                  | and no rElec
 37389 | Elf:3    | Danger: electric eel |T2| Reason: Electrical Bolt and no
                  | rElec
 37390 | Elf:3    | Danger: electric eel |T2| Reason: Electrical Bolt and no
                  | rElec
 37526 | Elf:3    | Danger: deep elf zephyrmancer |T2| Reason: Lightning Bolt
                  | and no rElec
 37908 | Elf:3    | Danger: deep elf high priest |T3| Reason: Damnation (smite)
                  | in LOS, watch out!
 37909 | Elf:3    | Danger: deep elf high priest |T3| Reason: Damnation (smite)
                  | in LOS, watch out!
 37909 | Elf:3    | Danger: deep elf high priest |T3| Reason: Damnation (smite)
                  | in LOS, watch out!
 37910 | Elf:3    | Danger: deep elf high priest |T3| Reason: Damnation (smite)
                  | in LOS, watch out!
 37913 | Elf:3    | Danger: deep elf high priest |T3| Reason: Damnation (smite)
                  | in LOS, watch out!
 37914 | Elf:3    | Danger: deep elf high priest |T3| Reason: Damnation (smite)
                  | in LOS, watch out!
 37915 | Elf:3    | Danger: deep elf high priest |T3| Reason: Damnation (smite)
                  | in LOS, watch out!
 37917 | Elf:3    | Danger: deep elf high priest |T3| Reason: Damnation (smite)
                  | in LOS, watch out!
 37918 | Elf:3    | Danger: deep elf high priest |T3| Reason: Damnation (smite)
                  | in LOS, watch out!
 37919 | Elf:3    | Danger: deep elf high priest |T3| Reason: Damnation (smite)
                  | in LOS, watch out!
 37920 | Elf:3    | Danger: deep elf high priest |T3| Reason: Damnation (smite)
                  | in LOS, watch out!
 37921 | Elf:3    | Danger: deep elf high priest |T3| Reason: Damnation (smite)
                  | in LOS, watch out!
 37922 | Elf:3    | Danger: deep elf annihilator |T2| Reason: Lightning Bolt
                  | and no rElec
 37922 | Elf:3    | Danger: deep elf annihilator |T2| Reason: Iron Shot deals
                  | more than 50% MHP!
 37922 | Elf:3    | Danger: deep elf annihilator |T2| Reason: Lehudib's Crystal
                  | Spear deals more than 50% MHP!
 37922 | Elf:3    | Danger: deep elf high priest |T3| Reason: Damnation (smite)
                  | in LOS, watch out!
 37923 | Elf:3    | Danger: deep elf high priest |T3| Reason: Damnation (smite)
                  | in LOS, watch out!
 37924 | Elf:3    | Danger: deep elf high priest |T3| Reason: Damnation (smite)
                  | in LOS, watch out!
 37925 | Elf:3    | Danger: deep elf sorcerer |T3| Reason: Damnation in LOF,
                  | watch out!
 37925 | Elf:3    | Danger: deep elf high priest |T3| Reason: Damnation (smite)
                  | in LOS, watch out!
 37926 | Elf:3    | Danger: deep elf sorcerer |T3| Reason: Damnation in LOF,
                  | watch out!
 37926 | Elf:3    | Danger: deep elf high priest |T3| Reason: Damnation (smite)
                  | in LOS, watch out!
 37927 | Elf:3    | Danger: deep elf sorcerer |T2| Reason: Damnation in LOS,
                  | careful!
 37928 | Elf:3    | Danger: deep elf high priest |T3| Reason: Damnation (smite)
                  | in LOS, watch out!
 37929 | Elf:3    | Danger: deep elf high priest |T3| Reason: Damnation (smite)
                  | in LOS, watch out!
 37930 | Elf:3    | Danger: deep elf annihilator |T2| Reason: Poison Arrow
                  | deals more than 50% MHP!
 37930 | Elf:3    | Danger: deep elf sorcerer |T3| Reason: Damnation in LOF,
                  | watch out!
 37930 | Elf:3    | Danger: deep elf sorcerer |T2| Reason: Corrosive Bolt deals
                  | more than 50% MHP!
 37930 | Elf:3    | Danger: deep elf elementalist |T2| Reason: Fireball deals
                  | more than 50% MHP!
 37930 | Elf:3    | Danger: deep elf high priest |T3| Reason: Damnation (smite)
                  | in LOS, watch out!
 37932 | Elf:3    | Danger: deep elf sorcerer |T3| Reason: Damnation in LOF,
                  | watch out!
 37932 | Elf:3    | Danger: deep elf high priest |T3| Reason: Damnation (smite)
                  | in LOS, watch out!
 37933 | Elf:3    | Danger: deep elf elementalist |T2| Reason: Fireball deals
                  | more than 50% MHP!
 37933 | Elf:3    | Danger: deep elf high priest |T3| Reason: Damnation (smite)
                  | in LOS, watch out!
 37934 | Elf:3    | Danger: deep elf high priest |T3| Reason: Damnation (smite)
                  | in LOS, watch out!
 37936 | Elf:3    | Danger: deep elf high priest |T3| Reason: Damnation (smite)
                  | in LOS, watch out!
 37937 | Elf:3    | Danger: deep elf high priest |T3| Reason: Damnation (smite)
                  | in LOS, watch out!
 37938 | Elf:3    | Danger: deep elf high priest |T3| Reason: Damnation (smite)
                  | in LOS, watch out!
 37939 | Elf:3    | Danger: deep elf high priest |T3| Reason: Damnation (smite)
                  | in LOS, watch out!
 37940 | Elf:3    | Danger: deep elf high priest |T3| Reason: Damnation (smite)
                  | in LOS, watch out!
 37941 | Elf:3    | Danger: deep elf high priest |T3| Reason: Damnation (smite)
                  | in LOS, watch out!
 37942 | Elf:3    | Danger: deep elf high priest |T3| Reason: Damnation (smite)
                  | in LOS, watch out!
 37943 | Elf:3    | Danger: deep elf high priest |T3| Reason: Damnation (smite)
                  | in LOS, watch out!
 37944 | Elf:3    | Danger: deep elf high priest |T3| Reason: Damnation (smite)
                  | in LOS, watch out!
 37945 | Elf:3    | Danger: deep elf high priest |T3| Reason: Damnation (smite)
                  | in LOS, watch out!
 37946 | Elf:3    | Danger: deep elf high priest |T3| Reason: Damnation (smite)
                  | in LOS, watch out!
 37961 | Elf:3    | Reached XP level 21. HP: 111/162 MP: 28/28
 38147 | Elf:3    | Paralysed by an air elemental for 1 turns
 38148 | Elf:3    | Danger: air elemental |T3| Reason: Stunning Burst
                  | (paralyse) and no rElec
 38149 | Elf:3    | Danger: air elemental |T3| Reason: Stunning Burst
                  | (paralyse) and no rElec
 38150 | Elf:3    | Danger: air elemental |T3| Reason: Stunning Burst
                  | (paralyse) and no rElec
 38150 | Elf:3    | Paralysed by an air elemental for 1 turns
 38151 | Elf:3    | Danger: air elemental |T3| Reason: Stunning Burst
                  | (paralyse) and no rElec
 38152 | Elf:3    | Danger: air elemental |T3| Reason: Stunning Burst
                  | (paralyse) and no rElec
 38153 | Elf:3    | Danger: air elemental |T3| Reason: Stunning Burst
                  | (paralyse) and no rElec
 38161 | Elf:3    | Danger: deep elf annihilator |T2| Reason: Lightning Bolt
                  | and no rElec
 38161 | Elf:3    | Danger: deep elf annihilator |T2| Reason: Iron Shot deals
                  | more than 50% MHP!
 38161 | Elf:3    | Danger: deep elf annihilator |T2| Reason: Lehudib's Crystal
                  | Spear deals more than 50% MHP!
 38163 | Elf:3    | Danger: deep elf annihilator |T3| Reason: IMMINENT DEATH:
                  | Iron Shot deals 84 damage, you have 81 HP!!
 38163 | Elf:3    | Danger: deep elf annihilator |T3| Reason: IMMINENT DEATH:
                  | Lehudib's Crystal Spear deals 102 damage, you have 81 HP!!
 38163 | Elf:3    | Danger: Low HP Warning |T2| Reason: 50% HP (81/162)
 38164 | Elf:3    | Danger: deep elf high priest |T3| Reason: Damnation (smite)
                  | in LOS, watch out!
 38164 | Elf:3    | Danger: deep elf annihilator |T3| Reason: IMMINENT DEATH:
                  | Iron Shot deals 84 damage, you have 83 HP!!
 38164 | Elf:3    | Danger: deep elf annihilator |T3| Reason: IMMINENT DEATH:
                  | Lehudib's Crystal Spear deals 102 damage, you have 83 HP!!
 38164 | Elf:3    | Danger: Low HP Warning |T2| Reason: 51% HP (83/162)
 38165 | Elf:3    | Danger: deep elf annihilator |T3| Reason: IMMINENT DEATH:
                  | Lehudib's Crystal Spear deals 102 damage, you have 84 HP!!
 38165 | Elf:3    | Danger: deep elf high priest |T3| Reason: Damnation (smite)
                  | in LOS, watch out!
 38165 | Elf:3    | Danger: Low HP Warning |T2| Reason: 51% HP (84/162)
 38166 | Elf:3    | Danger: deep elf annihilator |T3| Reason: IMMINENT DEATH:
                  | Iron Shot deals 84 damage, you have 66 HP!!
 38166 | Elf:3    | Danger: deep elf annihilator |T3| Reason: IMMINENT DEATH:
                  | Lehudib's Crystal Spear deals 102 damage, you have 66 HP!!
 38166 | Elf:3    | Danger: deep elf high priest |T3| Reason: Damnation (smite)
                  | in LOS, watch out!
 38166 | Elf:3    | Danger: Low HP Warning |T2| Reason: 40% HP (66/162)
 38167 | Elf:3    | Danger: deep elf annihilator |T3| Reason: IMMINENT DEATH:
                  | Iron Shot deals 84 damage, you have 67 HP!!
 38167 | Elf:3    | Danger: deep elf annihilator |T3| Reason: IMMINENT DEATH:
                  | Lehudib's Crystal Spear deals 102 damage, you have 67 HP!!
 38167 | Elf:3    | Danger: deep elf high priest |T3| Reason: Damnation (smite)
                  | in LOS, watch out!
 38167 | Elf:3    | Danger: Low HP Warning |T2| Reason: 41% HP (67/162)
 38168 | Elf:3    | Danger: deep elf annihilator |T3| Reason: IMMINENT DEATH:
                  | Iron Shot deals 84 damage, you have 68 HP!!
 38168 | Elf:3    | Danger: deep elf annihilator |T3| Reason: IMMINENT DEATH:
                  | Lehudib's Crystal Spear deals 102 damage, you have 68 HP!!
 38168 | Elf:3    | Danger: deep elf high priest |T3| Reason: Damnation (smite)
                  | in LOS, watch out!
 38168 | Elf:3    | Danger: Low HP Warning |T2| Reason: 41% HP (68/162)
 38169 | Elf:3    | Danger: Low HP Warning |T2| Reason: 43% HP (70/162)
 38170 | Elf:3    | Danger: deep elf annihilator |T2| Reason: Lightning Bolt
                  | and no rElec
 38170 | Elf:3    | Danger: deep elf annihilator |T2| Reason: Iron Shot deals
                  | more than 50% MHP!
 38170 | Elf:3    | Danger: deep elf annihilator |T3| Reason: IMMINENT DEATH:
                  | Iron Shot deals 84 damage, you have 71 HP!!
 38170 | Elf:3    | Danger: deep elf annihilator |T2| Reason: Lehudib's Crystal
                  | Spear deals more than 50% MHP!
 38170 | Elf:3    | Danger: deep elf annihilator |T3| Reason: IMMINENT DEATH:
                  | Lehudib's Crystal Spear deals 102 damage, you have 71 HP!!
 38170 | Elf:3    | Danger: deep elf high priest |T3| Reason: Damnation (smite)
                  | in LOS, watch out!
 38170 | Elf:3    | Danger: Low HP Warning |T2| Reason: 43% HP (71/162)
 38171 | Elf:3    | Danger: Low HP Warning |T2| Reason: 44% HP (72/162)
 38172 | Elf:3    | Danger: deep elf annihilator |T2| Reason: Lightning Bolt
                  | and no rElec
 38172 | Elf:3    | Danger: deep elf annihilator |T2| Reason: Lehudib's Crystal
                  | Spear deals more than 50% MHP!
 38172 | Elf:3    | Danger: deep elf annihilator |T3| Reason: IMMINENT DEATH:
                  | Lehudib's Crystal Spear deals 96 damage, you have 80 HP!!
 38172 | Elf:3    | Danger: Low HP Warning |T2| Reason: 49% HP (80/162)
 38173 | Elf:3    | Danger: deep elf annihilator |T3| Reason: IMMINENT DEATH:
                  | Lehudib's Crystal Spear deals 96 damage, you have 82 HP!!
 38173 | Elf:3    | Danger: Low HP Warning |T2| Reason: 50% HP (82/162)
 38176 | Elf:3    | Danger: Low HP Warning |T2| Reason: 52% HP (85/162)
 38177 | Elf:3    | Danger: Low HP Warning |T2| Reason: 53% HP (87/162)
 38178 | Elf:3    | Danger: Low HP Warning |T2| Reason: 54% HP (88/162)
 38179 | Elf:3    | Danger: deep elf high priest |T3| Reason: Damnation (smite)
                  | in LOS, watch out!
 38179 | Elf:3    | Danger: Low HP Warning |T2| Reason: 54% HP (89/162)
 38180 | Elf:3    | Danger: deep elf high priest |T3| Reason: Damnation (smite)
                  | in LOS, watch out!
 38180 | Elf:3    | Danger: Low HP Warning |T2| Reason: 55% HP (90/162)
 38181 | Elf:3    | Danger: Low HP Warning |T2| Reason: 56% HP (92/162)
 38182 | Elf:3    | Danger: Low HP Warning |T2| Reason: 57% HP (93/162)
 38183 | Elf:3    | Danger: Low HP Warning |T2| Reason: 57% HP (93/162)
 38184 | Elf:3    | Danger: Low HP Warning |T2| Reason: 57% HP (93/162)
 38185 | Elf:3    | Danger: Low HP Warning |T2| Reason: 58% HP (94/162)
 38200 | Elf:3    | Danger: deep elf high priest |T3| Reason: Damnation (smite)
                  | in LOS, watch out!
 38201 | Elf:3    | Danger: deep elf high priest |T3| Reason: Damnation (smite)
                  | in LOS, watch out!
 38202 | Elf:3    | Danger: deep elf high priest |T3| Reason: Damnation (smite)
                  | in LOS, watch out!
 38203 | Elf:3    | Danger: deep elf high priest |T3| Reason: Damnation (smite)
                  | in LOS, watch out!
 38204 | Elf:3    | Danger: deep elf annihilator |T2| Reason: Lightning Bolt
                  | and no rElec
 38204 | Elf:3    | Danger: deep elf annihilator |T2| Reason: Iron Shot deals
                  | more than 50% MHP!
 38204 | Elf:3    | Danger: deep elf annihilator |T2| Reason: Lehudib's Crystal
                  | Spear deals more than 50% MHP!
 38204 | Elf:3    | Danger: deep elf high priest |T3| Reason: Damnation (smite)
                  | in LOS, watch out!
 38205 | Elf:3    | Danger: deep elf high priest |T3| Reason: Damnation (smite)
                  | in LOS, watch out!
 38205 | Elf:3    | Danger: deep elf high priest |T3| Reason: Damnation (smite)
                  | in LOS, watch out!
 38206 | Elf:3    | Danger: deep elf high priest |T3| Reason: Damnation (smite)
                  | in LOS, watch out!
 38206 | Elf:3    | Danger: deep elf high priest |T3| Reason: Damnation (smite)
                  | in LOS, watch out!
 38207 | Elf:3    | Danger: deep elf high priest |T3| Reason: Damnation (smite)
                  | in LOS, watch out!
 38207 | Elf:3    | Danger: deep elf high priest |T3| Reason: Damnation (smite)
                  | in LOS, watch out!
 38208 | Elf:3    | Danger: deep elf high priest |T3| Reason: Damnation (smite)
                  | in LOS, watch out!
 38208 | Elf:3    | Danger: deep elf high priest |T3| Reason: Damnation (smite)
                  | in LOS, watch out!
 38209 | Elf:3    | Danger: deep elf annihilator |T2| Reason: Poison Arrow
                  | deals more than 50% MHP!
 38209 | Elf:3    | Danger: deep elf elementalist |T2| Reason: Fireball deals
                  | more than 50% MHP!
 38209 | Elf:3    | Danger: deep elf high priest |T3| Reason: Damnation (smite)
                  | in LOS, watch out!
 38209 | Elf:3    | Danger: deep elf high priest |T3| Reason: Damnation (smite)
                  | in LOS, watch out!
 38210 | Elf:3    | Danger: deep elf annihilator |T3| Reason: IMMINENT DEATH:
                  | Lehudib's Crystal Spear deals 120 damage, you have 117 HP!!
 38210 | Elf:3    | Danger: deep elf high priest |T3| Reason: Damnation (smite)
                  | in LOS, watch out!
 38210 | Elf:3    | Danger: deep elf high priest |T3| Reason: Damnation (smite)
                  | in LOS, watch out!
 38211 | Elf:3    | Danger: deep elf annihilator |T3| Reason: IMMINENT DEATH:
                  | Lehudib's Crystal Spear deals 120 damage, you have 118 HP!!
 38211 | Elf:3    | Danger: deep elf high priest |T3| Reason: Damnation (smite)
                  | in LOS, watch out!
 38211 | Elf:3    | Danger: deep elf high priest |T3| Reason: Damnation (smite)
                  | in LOS, watch out!
 38307 | Elf:3    | Danger: deep elf high priest |T3| Reason: Damnation (smite)
                  | in LOS, watch out!
 38308 | Elf:3    | Danger: deep elf high priest |T3| Reason: Damnation (smite)
                  | in LOS, watch out!
 38309 | Elf:3    | Danger: deep elf high priest |T3| Reason: Damnation (smite)
                  | in LOS, watch out!
 38310 | Elf:3    | Danger: deep elf annihilator |T2| Reason: Lightning Bolt
                  | and no rElec
 38310 | Elf:3    | Danger: deep elf annihilator |T2| Reason: Iron Shot deals
                  | more than 50% MHP!
 38310 | Elf:3    | Danger: deep elf annihilator |T2| Reason: Lehudib's Crystal
                  | Spear deals more than 50% MHP!
 38310 | Elf:3    | Danger: deep elf high priest |T3| Reason: Damnation (smite)
                  | in LOS, watch out!
 38311 | Elf:3    | Danger: deep elf high priest |T3| Reason: Damnation (smite)
                  | in LOS, watch out!
 38312 | Elf:3    | Danger: deep elf high priest |T3| Reason: Damnation (smite)
                  | in LOS, watch out!
 38315 | Elf:3    | Danger: deep elf high priest |T3| Reason: Damnation (smite)
                  | in LOS, watch out!
 38316 | Elf:3    | Danger: deep elf high priest |T3| Reason: Damnation (smite)
                  | in LOS, watch out!
 38317 | Elf:3    | Danger: deep elf high priest |T3| Reason: Damnation (smite)
                  | in LOS, watch out!
 38318 | Elf:3    | Danger: deep elf high priest |T3| Reason: Damnation (smite)
                  | in LOS, watch out!
 38319 | Elf:3    | Danger: deep elf high priest |T3| Reason: Damnation (smite)
                  | in LOS, watch out!
 38320 | Elf:3    | Danger: deep elf high priest |T3| Reason: Damnation (smite)
                  | in LOS, watch out!
 38334 | Elf:3    | Danger: deep elf high priest |T3| Reason: Damnation (smite)
                  | in LOS, watch out!
 38335 | Elf:3    | Danger: deep elf high priest |T3| Reason: Damnation (smite)
                  | in LOS, watch out!
 38335 | Elf:3    | Danger: deep elf high priest |T3| Reason: Damnation (smite)
                  | in LOS, watch out!
 38336 | Elf:3    | Danger: deep elf high priest |T3| Reason: Damnation (smite)
                  | in LOS, watch out!
 38336 | Elf:3    | Danger: deep elf high priest |T3| Reason: Damnation (smite)
                  | in LOS, watch out!
 38337 | Elf:3    | Danger: deep elf high priest |T3| Reason: Damnation (smite)
                  | in LOS, watch out!
 38339 | Elf:3    | Danger: deep elf high priest |T3| Reason: Damnation (smite)
                  | in LOS, watch out!
 38340 | Elf:3    | Danger: deep elf high priest |T3| Reason: Damnation (smite)
                  | in LOS, watch out!
 38341 | Elf:3    | Danger: deep elf high priest |T3| Reason: Damnation (smite)
                  | in LOS, watch out!
 38342 | Elf:3    | Danger: deep elf high priest |T3| Reason: Damnation (smite)
                  | in LOS, watch out!
 38343 | Elf:3    | Danger: deep elf high priest |T3| Reason: Damnation (smite)
                  | in LOS, watch out!
 38344 | Elf:3    | Danger: deep elf elementalist |T2| Reason: Fireball deals
                  | more than 50% MHP!
 38344 | Elf:3    | Danger: deep elf high priest |T3| Reason: Damnation (smite)
                  | in LOS, watch out!
 38345 | Elf:3    | Identified the +4 morningstar "Giantbane" {spect, rPois rF-
                  | Str-2 Dex+6}
 38346 | Elf:3    | Danger: deep elf sorcerer |T3| Reason: Damnation in LOF,
                  | watch out!
 38347 | Elf:3    | Danger: deep elf sorcerer |T3| Reason: Damnation in LOF,
                  | watch out!
 38350 | Elf:3    | Danger: deep elf sorcerer |T2| Reason: Damnation in LOS,
                  | careful!
 38351 | Elf:3    | Danger: deep elf sorcerer |T3| Reason: Damnation in LOF,
                  | watch out!
 38352 | Elf:3    | Danger: deep elf elementalist |T3| Reason: IMMINENT DEATH:
                  | Fireball deals 87 damage, you have 65 HP!!
 38352 | Elf:3    | Danger: deep elf sorcerer |T3| Reason: IMMINENT DEATH:
                  | Corrosive Bolt deals 78 damage, you have 65 HP!!
 38352 | Elf:3    | Danger: deep elf sorcerer |T3| Reason: Damnation in LOF,
                  | watch out!
 38352 | Elf:3    | Danger: Low HP Warning |T2| Reason: 40% HP (65/162)
 38353 | Elf:3    | Danger: deep elf elementalist |T3| Reason: IMMINENT DEATH:
                  | Fireball deals 87 damage, you have 57 HP!!
 38353 | Elf:3    | Danger: deep elf sorcerer |T3| Reason: IMMINENT DEATH:
                  | Corrosive Bolt deals 78 damage, you have 57 HP!!
 38353 | Elf:3    | Danger: deep elf sorcerer |T3| Reason: IMMINENT DEATH: Hurl
                  | Damnation deals 60 damage, you have 57 HP!!
 38353 | Elf:3    | Danger: deep elf sorcerer |T3| Reason: Damnation in LOF,
                  | watch out!
 38353 | Elf:3    | Danger: Low HP Warning |T2| Reason: 35% HP (57/162)
 38354 | Elf:3    | Danger: deep elf elementalist |T3| Reason: IMMINENT DEATH:
                  | Fireball deals 87 damage, you have 77 HP!!
 38354 | Elf:3    | Danger: deep elf sorcerer |T2| Reason: Damnation in LOS,
                  | careful!
 38354 | Elf:3    | Danger: deep elf sorcerer |T3| Reason: IMMINENT DEATH:
                  | Corrosive Bolt deals 78 damage, you have 77 HP!!
 38354 | Elf:3    | Danger: Low HP Warning |T2| Reason: 47% HP (77/162)
 38355 | Elf:3    | Danger: deep elf elementalist |T3| Reason: IMMINENT DEATH:
                  | Fireball deals 87 damage, you have 78 HP!!
 38355 | Elf:3    | Danger: Low HP Warning |T2| Reason: 48% HP (78/162)
 38356 | Elf:3    | Danger: deep elf sorcerer |T2| Reason: Damnation in LOS,
                  | careful!
 38356 | Elf:3    | Danger: deep elf sorcerer |T3| Reason: IMMINENT DEATH:
                  | Corrosive Bolt deals 78 damage, you have 74 HP!!
 38356 | Elf:3    | Danger: deep elf elementalist |T3| Reason: IMMINENT DEATH:
                  | Fireball deals 87 damage, you have 74 HP!!
 38356 | Elf:3    | Danger: Low HP Warning |T2| Reason: 45% HP (74/162)
 38431 | Elf:3    | Danger: deep elf sorcerer |T3| Reason: Damnation in LOF,
                  | watch out!
 38432 | Elf:3    | Danger: deep elf sorcerer |T3| Reason: Damnation in LOF,
                  | watch out!
 38433 | Elf:3    | Danger: deep elf sorcerer |T3| Reason: Damnation in LOF,
                  | watch out!
 38434 | Elf:3    | Danger: deep elf high priest |T3| Reason: Damnation (smite)
                  | in LOS, watch out!
 38434 | Elf:3    | Danger: deep elf sorcerer |T3| Reason: Damnation in LOF,
                  | watch out!
 38435 | Elf:3    | Danger: deep elf high priest |T3| Reason: Damnation (smite)
                  | in LOS, watch out!
 38435 | Elf:3    | Danger: deep elf sorcerer |T3| Reason: Damnation in LOF,
                  | watch out!
 38436 | Elf:3    | Danger: deep elf high priest |T3| Reason: Damnation (smite)
                  | in LOS, watch out!
 38436 | Elf:3    | Danger: deep elf sorcerer |T3| Reason: Damnation in LOF,
                  | watch out!
 38437 | Elf:3    | Danger: deep elf high priest |T3| Reason: Damnation (smite)
                  | in LOS, watch out!
 38437 | Elf:3    | Danger: deep elf sorcerer |T3| Reason: Damnation in LOF,
                  | watch out!
 38438 | Elf:3    | Reached skill level 5 in Throwing
 38438 | Elf:3    | Danger: deep elf elementalist |T2| Reason: Fireball deals
                  | more than 50% MHP!
 38438 | Elf:3    | Danger: deep elf high priest |T3| Reason: Damnation (smite)
                  | in LOS, watch out!
 38439 | Elf:3    | Danger: deep elf high priest |T3| Reason: Damnation (smite)
                  | in LOS, watch out!
 38440 | Elf:3    | Danger: deep elf high priest |T3| Reason: Damnation (smite)
                  | in LOS, watch out!
 38441 | Elf:3    | Danger: deep elf high priest |T3| Reason: Damnation (smite)
                  | in LOS, watch out!
 38442 | Elf:3    | Danger: deep elf high priest |T3| Reason: Damnation (smite)
                  | in LOS, watch out!
 38443 | Elf:3    | Danger: deep elf high priest |T3| Reason: Damnation (smite)
                  | in LOS, watch out!
 38444 | Elf:3    | Danger: deep elf high priest |T3| Reason: Damnation (smite)
                  | in LOS, watch out!
 38447 | Elf:3    | Danger: deep elf high priest |T3| Reason: Damnation (smite)
                  | in LOS, watch out!
 38448 | Elf:3    | Danger: deep elf high priest |T3| Reason: Damnation (smite)
                  | in LOS, watch out!
 38450 | Elf:3    | Danger: neqoxec |T2| Reason: Malmutator in LOS
 38450 | Elf:3    | Danger: deep elf high priest |T3| Reason: Damnation (smite)
                  | in LOS, watch out!
 38451 | Elf:3    | Danger: tormentor |T3| Reason: Torment and not torment
                  | immune!
 38451 | Elf:3    | Danger: deep elf high priest |T3| Reason: Damnation (smite)
                  | in LOS, watch out!
 38452 | Elf:3    | Danger: tormentor |T3| Reason: Torment and not torment
                  | immune!
 38453 | Elf:3    | Danger: neqoxec |T2| Reason: Malmutator in LOF!
 38453 | Elf:3    | Danger: tormentor |T3| Reason: Torment and not torment
                  | immune!
 38454 | Elf:3    | Danger: tormentor |T3| Reason: Torment and not torment
                  | immune!
 38455 | Elf:3    | Danger: tormentor |T3| Reason: Torment and not torment
                  | immune!
 38456 | Elf:3    | Danger: tormentor |T3| Reason: Torment and not torment
                  | immune!
 38457 | Elf:3    | Danger: tormentor |T3| Reason: Torment and not torment
                  | immune!
 38472 | Elf:3    | Danger: deep elf annihilator |T2| Reason: Lightning Bolt
                  | and no rElec
 38472 | Elf:3    | Danger: deep elf annihilator |T2| Reason: Iron Shot deals
                  | more than 50% MHP!
 38472 | Elf:3    | Danger: deep elf annihilator |T2| Reason: Lehudib's Crystal
                  | Spear deals more than 50% MHP!
 38474 | Elf:3    | Danger: deep elf annihilator |T2| Reason: Lightning Bolt
                  | and no rElec
 38474 | Elf:3    | Danger: deep elf annihilator |T2| Reason: Iron Shot deals
                  | more than 50% MHP!
 38474 | Elf:3    | Danger: deep elf annihilator |T2| Reason: Lehudib's Crystal
                  | Spear deals more than 50% MHP!
 38504 | Elf:3    | Danger: Low HP Warning |T2| Reason: 41% HP (68/162)
 38505 | Elf:3    | Danger: Low HP Warning |T2| Reason: 42% HP (69/162)
 38549 | Elf:3    | Acquired 567 gold pieces
 38561 | Elf:3    | Identified the ring "Neilacs" {rPois EV+5 Dex+2 Slay+5}
 38583 | Elf:3    | Danger: neqoxec |T2| Reason: Malmutator in LOS
 38585 | Elf:3    | Danger: Low HP Warning |T2| Reason: 55% HP (81/145)
 38586 | Elf:3    | Danger: Low HP Warning |T2| Reason: 56% HP (82/145)
 38587 | Elf:3    | Danger: Low HP Warning |T2| Reason: 56% HP (82/145)
 38588 | Elf:3    | Danger: Low HP Warning |T2| Reason: 57% HP (83/145)
 38589 | Elf:3    | Danger: Low HP Warning |T2| Reason: 57% HP (84/145)
 38590 | Elf:3    | Danger: Low HP Warning |T2| Reason: 58% HP (85/145)
 38591 | Elf:3    | Danger: Low HP Warning |T2| Reason: 58% HP (85/145)
 38592 | Elf:3    | Danger: Low HP Warning |T2| Reason: 59% HP (86/145)
 38700 | Elf:3    | Identified the +3 scimitar of Rebet {antimagic, rC+}
 38701 | Elf:3    | Danger: deep elf annihilator |T2| Reason: Lightning Bolt
                  | and no rElec
 38701 | Elf:3    | Danger: deep elf annihilator |T2| Reason: Iron Shot deals
                  | more than 50% MHP!
 38701 | Elf:3    | Danger: deep elf annihilator |T2| Reason: Lehudib's Crystal
                  | Spear deals more than 50% MHP!
 38708 | Elf:3    | Identified the +6 battleaxe "Xymujaje" {freeze, *Noise
                  | Will+++}
 38709 | Elf:3    | Danger: deep elf sorcerer |T2| Reason: Damnation in LOS,
                  | careful!
 38710 | Elf:3    | Danger: deep elf sorcerer |T3| Reason: Damnation in LOF,
                  | watch out!
 38711 | Elf:3    | Danger: deep elf sorcerer |T2| Reason: Damnation in LOS,
                  | careful!
 38714 | Elf:3    | Danger: deep elf sorcerer |T3| Reason: Damnation in LOF,
                  | watch out!
 38714 | Elf:3    | Danger: deep elf death mage |T2| Reason: Bolt of Draining
                  | deals more than 50% MHP!
 38715 | Elf:3    | Danger: deep elf high priest |T3| Reason: Damnation (smite)
                  | in LOS, watch out!
 38715 | Elf:3    | Danger: deep elf sorcerer |T3| Reason: Damnation in LOF,
                  | watch out!
 38716 | Elf:3    | Danger: deep elf high priest |T3| Reason: Damnation (smite)
                  | in LOS, watch out!
 38716 | Elf:3    | Danger: deep elf sorcerer |T3| Reason: Damnation in LOF,
                  | watch out!
 38716 | Elf:3    | Danger: Low HP Warning |T2| Reason: 58% HP (90/155)
 38717 | Elf:3    | Identified the ring of Omusuw {Fly Slay+2}
 38717 | Elf:3    | Danger: deep elf sorcerer |T2| Reason: Damnation in LOS,
                  | careful!
 38717 | Elf:3    | Danger: deep elf sorcerer |T3| Reason: Damnation in LOF,
                  | watch out!
 38718 | Elf:3    | Danger: deep elf sorcerer |T3| Reason: Damnation in LOF,
                  | watch out!
 38719 | Elf:3    | Danger: deep elf sorcerer |T3| Reason: Damnation in LOF,
                  | watch out!
 38719 | Elf:3    | Danger: Low HP Warning |T2| Reason: 55% HP (86/155)
 38815 | Elf:3    | Danger: deep elf annihilator |T2| Reason: Lightning Bolt
                  | and no rElec
 38815 | Elf:3    | Danger: deep elf annihilator |T2| Reason: Iron Shot deals
                  | more than 50% MHP!
 38815 | Elf:3    | Danger: deep elf annihilator |T2| Reason: Lehudib's Crystal
                  | Spear deals more than 50% MHP!
 38817 | Elf:3    | Danger: deep elf annihilator |T2| Reason: Lightning Bolt
                  | and no rElec
 38817 | Elf:3    | Danger: deep elf annihilator |T2| Reason: Iron Shot deals
                  | more than 50% MHP!
 38817 | Elf:3    | Danger: deep elf annihilator |T2| Reason: Lehudib's Crystal
                  | Spear deals more than 50% MHP!
 38817 | Elf:3    | Danger: deep elf high priest |T3| Reason: Damnation (smite)
                  | in LOS, watch out!
 38818 | Elf:3    | Danger: deep elf high priest |T3| Reason: Damnation (smite)
                  | in LOS, watch out!
 38819 | Elf:3    | Danger: deep elf annihilator |T2| Reason: Poison Arrow
                  | deals more than 50% MHP!
 38819 | Elf:3    | Danger: deep elf death mage |T2| Reason: Bolt of Draining
                  | deals more than 50% MHP!
 38819 | Elf:3    | Danger: deep elf high priest |T3| Reason: Damnation (smite)
                  | in LOS, watch out!
 38820 | Elf:3    | Danger: deep elf high priest |T3| Reason: Damnation (smite)
                  | in LOS, watch out!
 38821 | Elf:3    | Danger: deep elf high priest |T3| Reason: Damnation (smite)
                  | in LOS, watch out!
 38824 | Elf:3    | Danger: deep elf high priest |T3| Reason: Damnation (smite)
                  | in LOS, watch out!
 38825 | Elf:3    | Danger: deep elf high priest |T3| Reason: Damnation (smite)
                  | in LOS, watch out!
 38826 | Elf:3    | Danger: deep elf high priest |T3| Reason: Damnation (smite)
                  | in LOS, watch out!
 38827 | Elf:3    | Danger: deep elf death mage |T3| Reason: IMMINENT DEATH:
                  | Bolt of Draining deals 81 damage, you have 77 HP!!
 38827 | Elf:3    | Danger: deep elf high priest |T3| Reason: Damnation (smite)
                  | in LOS, watch out!
 38827 | Elf:3    | Danger: Low HP Warning |T2| Reason: 54% HP (77/141)
 38828 | Elf:3    | Danger: deep elf death mage |T3| Reason: IMMINENT DEATH:
                  | Bolt of Draining deals 81 damage, you have 78 HP!!
 38828 | Elf:3    | Danger: deep elf high priest |T3| Reason: Damnation (smite)
                  | in LOS, watch out!
 38828 | Elf:3    | Danger: Low HP Warning |T2| Reason: 55% HP (78/141)
 38829 | Elf:3    | Danger: deep elf high priest |T3| Reason: Damnation (smite)
                  | in LOS, watch out!
 38829 | Elf:3    | Danger: Low HP Warning |T2| Reason: 58% HP (83/141)
 38830 | Elf:3    | Danger: deep elf high priest |T3| Reason: Damnation (smite)
                  | in LOS, watch out!
 38830 | Elf:3    | Danger: Low HP Warning |T2| Reason: 59% HP (84/142)
 38831 | Elf:3    | Danger: deep elf high priest |T3| Reason: Damnation (smite)
                  | in LOS, watch out!
 38831 | Elf:3    | Danger: Low HP Warning |T2| Reason: 59% HP (85/142)
 38832 | Elf:3    | Danger: deep elf high priest |T3| Reason: Damnation (smite)
                  | in LOS, watch out!
 38832 | Elf:3    | Danger: Low HP Warning |T2| Reason: 60% HP (86/142)
 38890 | Elf:3    | Identified the amulet of Gacyretu {Reflect Dex+3 SH+5}
 38895 | Elf:3    | Danger: blizzard demon |T2| Reason: Lightning Bolt and no
                  | rElec
 38905 | Elf:3    | Identified the ring of Kuhuygg {rF+ Dex+4}
 39022 | Elf:3    | Danger: deep elf sorcerer |T3| Reason: Damnation in LOF,
                  | watch out!
 39023 | Elf:3    | Danger: deep elf sorcerer |T3| Reason: Damnation in LOF,
                  | watch out!
 39024 | Elf:3    | Danger: deep elf sorcerer |T3| Reason: Damnation in LOF,
                  | watch out!
 39025 | Elf:3    | Danger: deep elf sorcerer |T3| Reason: Damnation in LOF,
                  | watch out!
 39026 | Elf:3    | Danger: deep elf sorcerer |T3| Reason: Damnation in LOF,
                  | watch out!
 39027 | Elf:3    | Danger: deep elf sorcerer |T3| Reason: Damnation in LOF,
                  | watch out!
 39028 | Elf:3    | Danger: deep elf sorcerer |T3| Reason: Damnation in LOF,
                  | watch out!
 39029 | Elf:3    | Danger: deep elf sorcerer |T3| Reason: Damnation in LOF,
                  | watch out!
 39030 | Elf:3    | Danger: deep elf sorcerer |T3| Reason: Damnation in LOF,
                  | watch out!
 39031 | Elf:3    | Danger: deep elf sorcerer |T3| Reason: Damnation in LOF,
                  | watch out!
 39032 | Elf:3    | Danger: deep elf sorcerer |T3| Reason: Damnation in LOF,
                  | watch out!
 39033 | Elf:3    | Danger: deep elf sorcerer |T3| Reason: Damnation in LOF,
                  | watch out!
 39063 | Elf:3    | Acquired 1090 gold pieces
 39065 | Elf:3    | Acquired a manual of Shields
 39092 | Elf:3    | Got the Dissertation on Inhalation and Bruises
 39127 | Elf:3    | Danger: deep elf sorcerer |T3| Reason: Damnation in LOF,
                  | watch out!
 39128 | Elf:3    | Danger: deep elf sorcerer |T3| Reason: Damnation in LOF,
                  | watch out!
 39129 | Elf:3    | Danger: deep elf sorcerer |T3| Reason: Damnation in LOF,
                  | watch out!
 39130 | Elf:3    | Danger: deep elf sorcerer |T3| Reason: Damnation in LOF,
                  | watch out!
 39131 | Elf:3    | Danger: deep elf sorcerer |T3| Reason: Damnation in LOF,
                  | watch out!
 39132 | Elf:3    | Danger: deep elf sorcerer |T3| Reason: Damnation in LOF,
                  | watch out!
 39133 | Elf:3    | Danger: deep elf sorcerer |T3| Reason: Damnation in LOF,
                  | watch out!
 39247 | Elf:3    | Identified the +0 plate armour of Apathy {rN++ rCorr Str-4
                  | Int+2 Stlth-}
 39786 | Vaults:1 | Entered Level 1 of the Vaults
 39801 | Vaults:1 | Danger: orc knight |T2| Reason: OOD monster, careful!
 39804 | Vaults:1 | Danger: orc knight |T2| Reason: OOD monster, careful!
 39805 | Vaults:1 | Danger: orc knight |T2| Reason: OOD monster, careful!
 39805 | Vaults:1 | Danger: orc knight |T2| Reason: OOD monster, careful!
 39859 | Vaults:1 | Found a flickering gateway to a bazaar.
 39886 | Bazaar   | Entered a bazaar
 39900 | Bazaar   | Found Noutsi's General Store.
 39916 | Bazaar   | Found Plog's Book Emporium.
 39932 | Bazaar   | Found Iketer's Magic Scroll Emporium.
 39932 | Bazaar   | Found Ponoareji's Magic Scroll Shoppe.
 39937 | Bazaar   | Bought a scroll of teleportation for 48 gold pieces
 39937 | Bazaar   | Bought a scroll of teleportation for 48 gold pieces
 39937 | Bazaar   | Bought a scroll of teleportation for 48 gold pieces
 39937 | Bazaar   | Bought a scroll of enchant armour for 120 gold pieces
 39943 | Bazaar   | Bought a scroll of enchant armour for 67 gold pieces
 39943 | Bazaar   | Bought a scroll of magic mapping for 67 gold pieces
 39943 | Bazaar   | Bought a scroll of teleportation for 27 gold pieces
 39943 | Bazaar   | Bought a scroll of summoning for 85 gold pieces
 39943 | Bazaar   | Bought a scroll of enchant armour for 67 gold pieces
 39954 | Bazaar   | Found Ado Ufid's Book Shoppe.
 40207 | Vaults:1 | Reached skill level 10 in Throwing
 40228 | Vaults:1 | Danger: vault guard |T2| Reason: OOD monster, careful!
 40229 | Vaults:1 | Danger: ironbound thunderhulk |T3| Reason: Call Down
                  | Lightning and no rElec
 40229 | Vaults:1 | Danger: vault guard |T2| Reason: OOD monster, careful!
 40230 | Vaults:1 | Danger: ironbound thunderhulk |T3| Reason: Call Down
                  | Lightning and no rElec
 40231 | Vaults:1 | Danger: ironbound thunderhulk |T3| Reason: Call Down
                  | Lightning and no rElec
 40234 | Vaults:1 | Danger: vault guard |T2| Reason: OOD monster, careful!
 40235 | Vaults:1 | Danger: ironbound thunderhulk |T3| Reason: Call Down
                  | Lightning and no rElec
 40236 | Vaults:1 | Danger: ironbound thunderhulk |T3| Reason: Call Down
                  | Lightning and no rElec
 40237 | Vaults:1 | Danger: ironbound thunderhulk |T3| Reason: Call Down
                  | Lightning and no rElec
 40238 | Vaults:1 | Danger: ironbound thunderhulk |T3| Reason: Call Down
                  | Lightning and no rElec
 40266 | Vaults:1 | Danger: vault guard |T2| Reason: OOD monster, careful!
 40266 | Vaults:1 | Danger: vault guard |T2| Reason: OOD monster, careful!
 40509 | Vaults:1 | Danger: wizard |T2| Reason: carrying a wand of digging (3),
                  | careful!
 40547 | Vaults:1 | Reached XP level 22. HP: 171/171 MP: 29/29
 40550 | Vaults:1 | Reached skill level 15 in Stealth
 40668 | Vaults:1 | You are sucked into a shaft and drop 1 floor!
 40668 | Vaults:1 | Danger: Shafted! |T3| Reason: Shafted!
 40954 | Vaults:2 | Danger: ironbound thunderhulk |T3| Reason: Call Down
                  | Lightning and no rElec
 40955 | Vaults:2 | Danger: ironbound thunderhulk |T3| Reason: Call Down
                  | Lightning and no rElec
 40956 | Vaults:2 | Danger: ironbound thunderhulk |T3| Reason: Call Down
                  | Lightning and no rElec
 40957 | Vaults:2 | Danger: ironbound thunderhulk |T3| Reason: Call Down
                  | Lightning and no rElec
 41021 | Vaults:2 | Found Liaxies's Armour Boutique.
 41520 | Vaults:2 | Danger: ironbound convoker |T2| Reason: carrying a wand of
                  | iceblast (2), careful!
 42342 | Vaults:2 | Found a staircase to the Crypt.
 42667 | Vaults:1 | Danger: vault guard |T2| Reason: OOD monster, careful!
 42667 | Vaults:1 | Danger: vault guard |T2| Reason: OOD monster, careful!
 42667 | Vaults:1 | Danger: ironbound thunderhulk |T3| Reason: Call Down
                  | Lightning and no rElec
 42668 | Vaults:1 | Danger: ironbound thunderhulk |T3| Reason: Call Down
                  | Lightning and no rElec
 42669 | Vaults:1 | Danger: ironbound thunderhulk |T3| Reason: Call Down
                  | Lightning and no rElec
 43062 | Vaults:1 | Reached skill level 15 in Shields
 43077 | Vaults:1 | Danger: vault guard |T2| Reason: OOD monster, careful!
 43078 | Vaults:1 | Danger: vault guard |T2| Reason: OOD monster, careful!
 43078 | Vaults:1 | Danger: vault guard |T2| Reason: OOD monster, careful!
 43099 | Vaults:1 | Danger: Low HP Warning |T2| Reason: 60% HP (104/171)
 43100 | Vaults:1 | Danger: Low HP Warning |T2| Reason: 60% HP (104/171)
 43429 | Vaults:3 | Danger: ironbound thunderhulk |T3| Reason: Call Down
                  | Lightning and no rElec
 43430 | Vaults:3 | Danger: ironbound thunderhulk |T3| Reason: Call Down
                  | Lightning and no rElec
 43431 | Vaults:3 | Danger: ironbound thunderhulk |T3| Reason: Call Down
                  | Lightning and no rElec
 43432 | Vaults:3 | Danger: ironbound thunderhulk |T3| Reason: Call Down
                  | Lightning and no rElec
 43433 | Vaults:3 | Danger: ironbound thunderhulk |T3| Reason: Call Down
                  | Lightning and no rElec
 43434 | Vaults:3 | Danger: ironbound thunderhulk |T3| Reason: Call Down
                  | Lightning and no rElec
 43435 | Vaults:3 | Danger: ironbound thunderhulk |T3| Reason: Call Down
                  | Lightning and no rElec
 43743 | Vaults:3 | Danger: glowing shapeshifter |T2| Reason: OOD monster,
                  | careful!
 43786 | Vaults:3 | Found Oxuev's General Store.
 43790 | Vaults:3 | Bought a scroll of blinking for 135 gold pieces
 43790 | Vaults:3 | Bought a scroll of teleportation for 54 gold pieces
 43790 | Vaults:3 | Bought 2 potions of might for 144 gold pieces
 43857 | Vaults:3 | Reached XP level 23. HP: 176/176 MP: 30/30
 44291 | Vaults:3 | Noticed Aizul
 44292 | Vaults:3 | Danger: Aizul |T2| Reason: Unique monster, careful!
 44320 | Vaults:3 | Killed Aizul
 44752 | Vaults:4 | Danger: yaktaur |T2| Reason: Quivering atropa, careful!
 44813 | Vaults:4 | Danger: war gargoyle |T2| Reason: OOD monster, careful!
 44816 | Vaults:4 | Reached skill level 15 in Armour
 44820 | Vaults:4 | Danger: Low HP Warning |T2| Reason: 49% HP (87/176)
 44821 | Vaults:4 | Danger: Low HP Warning |T2| Reason: 50% HP (88/176)
 44822 | Vaults:4 | Danger: Low HP Warning |T2| Reason: 44% HP (78/176)
 44823 | Vaults:4 | Danger: Low HP Warning |T2| Reason: 44% HP (79/176)
 44824 | Vaults:4 | Danger: Low HP Warning |T2| Reason: 44% HP (79/176)
 44825 | Vaults:4 | Danger: Low HP Warning |T2| Reason: 44% HP (79/176)
 45079 | Vaults:4 | Danger: freezing wraith |T2| Reason: OOD monster, careful!
 45318 | Vaults:4 | Danger: phantasmal warrior |T2| Reason: OOD monster,
                  | careful!
 45320 | Vaults:4 | Danger: ironbound thunderhulk |T3| Reason: Call Down
                  | Lightning and no rElec
 45321 | Vaults:4 | Danger: ironbound thunderhulk |T3| Reason: Call Down
                  | Lightning and no rElec
 45322 | Vaults:4 | Danger: ironbound thunderhulk |T3| Reason: Call Down
                  | Lightning and no rElec
 45323 | Vaults:4 | Danger: ironbound thunderhulk |T3| Reason: Call Down
                  | Lightning and no rElec
 45324 | Vaults:4 | Danger: ironbound thunderhulk |T3| Reason: Call Down
                  | Lightning and no rElec
 45325 | Vaults:4 | Danger: ironbound thunderhulk |T3| Reason: Call Down
                  | Lightning and no rElec
 45326 | Vaults:4 | Danger: ironbound thunderhulk |T3| Reason: Call Down
                  | Lightning and no rElec
 45327 | Vaults:4 | Danger: ironbound thunderhulk |T3| Reason: Call Down
                  | Lightning and no rElec
 45328 | Vaults:4 | Danger: ironbound thunderhulk |T3| Reason: Call Down
                  | Lightning and no rElec
 45329 | Vaults:4 | Danger: ironbound thunderhulk |T3| Reason: Call Down
                  | Lightning and no rElec
 45330 | Vaults:4 | Danger: ironbound thunderhulk |T3| Reason: Call Down
                  | Lightning and no rElec
 45331 | Vaults:4 | Danger: ironbound thunderhulk |T3| Reason: Call Down
                  | Lightning and no rElec
 45358 | Vaults:4 | Danger: phantasmal warrior |T2| Reason: OOD monster,
                  | careful!
 45369 | Vaults:4 | Danger: deep elf annihilator |T2| Reason: OOD monster,
                  | careful!
 45369 | Vaults:4 | Danger: deep elf annihilator |T2| Reason: Lightning Bolt
                  | and no rElec
 45369 | Vaults:4 | Danger: deep elf annihilator |T2| Reason: Lehudib's Crystal
                  | Spear deals more than 50% MHP!
 45377 | Vaults:4 | Danger: ironbound thunderhulk |T3| Reason: Call Down
                  | Lightning and no rElec
 45378 | Vaults:4 | Danger: ironbound thunderhulk |T3| Reason: Call Down
                  | Lightning and no rElec
 45379 | Vaults:4 | Danger: ironbound thunderhulk |T3| Reason: Call Down
                  | Lightning and no rElec
 45380 | Vaults:4 | Danger: ironbound thunderhulk |T3| Reason: Call Down
                  | Lightning and no rElec
 45381 | Vaults:4 | Danger: ironbound thunderhulk |T3| Reason: Call Down
                  | Lightning and no rElec
 45382 | Vaults:4 | Danger: ironbound thunderhulk |T3| Reason: Call Down
                  | Lightning and no rElec
 45383 | Vaults:4 | Danger: ironbound thunderhulk |T3| Reason: Call Down
                  | Lightning and no rElec
 45384 | Vaults:4 | Danger: ironbound thunderhulk |T3| Reason: Call Down
                  | Lightning and no rElec
 45385 | Vaults:4 | Danger: ironbound thunderhulk |T3| Reason: Call Down
                  | Lightning and no rElec
 45386 | Vaults:4 | Danger: ironbound thunderhulk |T3| Reason: Call Down
                  | Lightning and no rElec
 45387 | Vaults:4 | Danger: ironbound thunderhulk |T3| Reason: Call Down
                  | Lightning and no rElec
 45388 | Vaults:4 | Danger: ironbound thunderhulk |T3| Reason: Call Down
                  | Lightning and no rElec
 45389 | Vaults:4 | Danger: ironbound thunderhulk |T3| Reason: Call Down
                  | Lightning and no rElec
 45764 | Vaults:4 | Acquired 481 gold pieces
 45937 | Vaults:5 | Entered Level 5 of the Vaults
 45941 | Vaults:4 | Danger: vault guard |T2| Reason: OOD monster, careful!
 45941 | Vaults:4 | Danger: vault guard |T2| Reason: OOD monster, careful!
 46021 | Vaults:4 | Danger: vault guard |T2| Reason: OOD monster, careful!
 46021 | Vaults:4 | Danger: vault guard |T2| Reason: OOD monster, careful!
 46021 | Vaults:4 | Danger: vault guard |T2| Reason: OOD monster, careful!
 46021 | Vaults:4 | Danger: vault guard |T2| Reason: OOD monster, careful!
 46021 | Vaults:4 | Danger: vault guard |T2| Reason: OOD monster, careful!
 46021 | Vaults:4 | Danger: vault guard |T2| Reason: OOD monster, careful!
 46021 | Vaults:4 | Danger: vault guard |T2| Reason: OOD monster, careful!
 46096 | Vaults:4 | Danger: vault guard |T2| Reason: OOD monster, careful!
 46096 | Vaults:4 | Danger: vault guard |T2| Reason: OOD monster, careful!
 46096 | Vaults:4 | Danger: vault guard |T2| Reason: OOD monster, careful!
 46096 | Vaults:4 | Danger: vault guard |T2| Reason: OOD monster, careful!
 46096 | Vaults:4 | Danger: vault guard |T2| Reason: OOD monster, careful!
 46096 | Vaults:4 | Danger: vault guard |T2| Reason: OOD monster, careful!
 46096 | Vaults:4 | Danger: vault guard |T2| Reason: OOD monster, careful!
 46109 | Vaults:4 | Danger: vault guard |T2| Reason: OOD monster, careful!
 46113 | Vaults:4 | Danger: vault guard |T2| Reason: OOD monster, careful!
 46141 | Vaults:4 | Danger: vault guard |T2| Reason: OOD monster, careful!
 46145 | Vaults:4 | Danger: vault guard |T2| Reason: OOD monster, careful!
 46148 | Vaults:4 | Danger: vault guard |T2| Reason: OOD monster, careful!
 46152 | Vaults:4 | Danger: vault guard |T2| Reason: OOD monster, careful!
 46287 | Vaults:4 | Danger: vault guard |T2| Reason: OOD monster, careful!
 46287 | Vaults:4 | Danger: vault guard |T2| Reason: OOD monster, careful!
 46287 | Vaults:4 | Danger: quicksilver dragon |T2| Reason: OOD monster,
                  | careful!
 46287 | Vaults:4 | Danger: vault guard |T2| Reason: OOD monster, careful!
 46293 | Vaults:4 | Reached XP level 24. HP: 149/183 MP: 30/30
 46317 | Vaults:4 | Danger: ettin |T2| Reason: OOD monster, careful!
 46410 | Vaults:5 | Identified the staff of fire "Borath" {*Corrode rPois rF+
                  | rN+ Str+2}
 46417 | Vaults:5 | Danger: deep elf annihilator |T2| Reason: Lightning Bolt
                  | and no rElec
 46417 | Vaults:5 | Danger: deep elf annihilator |T2| Reason: Lehudib's Crystal
                  | Spear deals more than 50% MHP!
 46424 | Vaults:5 | Danger: titan |T2| Reason: Lightning Bolt and no rElec
 46433 | Vaults:5 | Danger: stone giant |T2| Reason: Quivering large rocks,
                  | watch out!!
 46434 | Vaults:5 | Danger: titan |T2| Reason: Lightning Bolt and no rElec
 46473 | Vaults:5 | Got the Directory of Coordinates and the Xenotype
 46482 | Vaults:5 | Identified the +2 short sword of Vaoxioti {protect,
                  | *Corrode rPois rN+ SInv}
 46485 | Vaults:5 | Identified the +8 glaive of Eternal Vigilance {pain, +Blink
                  | rC- Str+3 Int+6}
 46492 | Vaults:5 | Got a silver rune of Zot
 46518 | Vaults:5 | Danger: titan |T2| Reason: Lightning Bolt and no rElec
 46527 | Vaults:5 | Danger: deep elf annihilator |T2| Reason: Lightning Bolt
                  | and no rElec
 46527 | Vaults:5 | Danger: deep elf annihilator |T2| Reason: Lehudib's Crystal
                  | Spear deals more than 50% MHP!
 46536 | Vaults:5 | Danger: titan |T2| Reason: Lightning Bolt and no rElec
 46612 | Vaults:5 | Danger: deep elf sorcerer |T3| Reason: Damnation in LOF,
                  | watch out!
 46613 | Vaults:5 | Danger: deep elf sorcerer |T3| Reason: Damnation in LOF,
                  | watch out!
 46614 | Vaults:5 | Danger: deep elf sorcerer |T3| Reason: Damnation in LOF,
                  | watch out!
 46615 | Vaults:5 | Danger: deep elf sorcerer |T3| Reason: Damnation in LOF,
                  | watch out!
 46616 | Vaults:5 | Danger: deep elf sorcerer |T3| Reason: Damnation in LOF,
                  | watch out!
 46617 | Vaults:5 | Danger: deep elf sorcerer |T3| Reason: Damnation in LOF,
                  | watch out!
 46618 | Vaults:5 | Danger: deep elf sorcerer |T3| Reason: Damnation in LOF,
                  | watch out!
 46619 | Vaults:5 | Danger: deep elf sorcerer |T3| Reason: Damnation in LOF,
                  | watch out!
 46620 | Vaults:5 | Danger: deep elf sorcerer |T3| Reason: Damnation in LOF,
                  | watch out!
 46621 | Vaults:5 | Danger: deep elf sorcerer |T3| Reason: Damnation in LOF,
                  | watch out!
 46623 | Vaults:5 | Danger: deep elf sorcerer |T3| Reason: Damnation in LOF,
                  | watch out!
 46714 | Vaults:5 | Danger: blizzard demon |T2| Reason: Lightning Bolt and no
                  | rElec
 46781 | Vaults:5 | Danger: lich |T2| Reason: Orb of Destruction deals more
                  | than 50% MHP!
 46903 | Vaults:5 | Danger: orb spider shaped shifter |T2| Reason: Orb of
                  | Destruction deals more than 50% MHP!
 46975 | Vaults:5 | Danger: titan |T2| Reason: Lightning Bolt and no rElec
 46993 | Vaults:5 | Danger: titan |T2| Reason: Lightning Bolt and no rElec
 47001 | Vaults:5 | Found Jemegget's Jewellery Boutique.
 47002 | Vaults:5 | Danger: titan |T2| Reason: Lightning Bolt and no rElec
 47002 | Vaults:5 | Danger: lich |T2| Reason: Orb of Destruction deals more
                  | than 50% MHP!
 47002 | Vaults:5 | Danger: titan |T2| Reason: Lightning Bolt and no rElec
 47005 | Vaults:5 | Danger: titan |T2| Reason: Lightning Bolt and no rElec
 47011 | Vaults:5 | Danger: stone giant |T2| Reason: Quivering large rocks,
                  | watch out!!
 47014 | Vaults:5 | Danger: titan |T2| Reason: Lightning Bolt and no rElec
 47015 | Vaults:5 | Danger: Low HP Warning |T2| Reason: 57% HP (105/183)
 47016 | Vaults:5 | Danger: Low HP Warning |T2| Reason: 57% HP (106/183)
 47017 | Vaults:5 | Danger: titan |T2| Reason: Lightning Bolt and no rElec
 47017 | Vaults:5 | Danger: Low HP Warning |T2| Reason: 57% HP (106/183)
 47018 | Vaults:5 | Danger: Low HP Warning |T2| Reason: 39% HP (72/183)
 47019 | Vaults:5 | Danger: stone giant |T2| Reason: Quivering large rocks,
                  | watch out!!
 47019 | Vaults:5 | Danger: Low HP Warning |T2| Reason: 39% HP (72/183)
 47020 | Vaults:5 | Danger: Low HP Warning |T2| Reason: 41% HP (76/183)
 47021 | Vaults:5 | Danger: Low HP Warning |T2| Reason: 41% HP (76/183)
 47022 | Vaults:5 | Danger: Low HP Warning |T2| Reason: 41% HP (76/183)
 47023 | Vaults:5 | Danger: deep elf high priest |T3| Reason: Damnation (smite)
                  | in LOS, watch out!
 47023 | Vaults:5 | Danger: titan |T3| Reason: IMMINENT DEATH: Lightning Bolt
                  | deals 72 damage, you have 60 HP!!
 47023 | Vaults:5 | Danger: titan |T3| Reason: IMMINENT DEATH: Lightning Bolt
                  | deals 72 damage, you have 60 HP!!
 47023 | Vaults:5 | Danger: Low HP Warning |T2| Reason: 32% HP (60/183)
 47024 | Vaults:5 | Danger: shadow dragon |T3| Reason: IMMINENT DEATH: Bolt of
                  | Draining deals 72 damage, you have 60 HP!!
 47024 | Vaults:5 | Danger: deep elf high priest |T3| Reason: Damnation (smite)
                  | in LOS, watch out!
 47024 | Vaults:5 | Danger: Low HP Warning |T2| Reason: 32% HP (60/183)
 47025 | Vaults:5 | Danger: deep elf high priest |T3| Reason: Damnation (smite)
                  | in LOS, watch out!
 47025 | Vaults:5 | Danger: shadow dragon |T3| Reason: IMMINENT DEATH: Bolt of
                  | Draining deals 72 damage, you have 60 HP!!
 47025 | Vaults:5 | Danger: Low HP Warning |T2| Reason: 32% HP (60/183)
 47026 | Vaults:5 | Danger: shadow dragon |T3| Reason: IMMINENT DEATH: Bolt of
                  | Draining deals 72 damage, you have 61 HP!!
 47026 | Vaults:5 | Danger: deep elf high priest |T3| Reason: Damnation (smite)
                  | in LOS, watch out!
 47026 | Vaults:5 | Danger: Low HP Warning |T2| Reason: 33% HP (61/183)
 47027 | Vaults:5 | Danger: deep elf high priest |T3| Reason: Damnation (smite)
                  | in LOS, watch out!
 47027 | Vaults:5 | Danger: shadow dragon |T3| Reason: IMMINENT DEATH: Bolt of
                  | Draining deals 72 damage, you have 61 HP!!
 47027 | Vaults:5 | Danger: Low HP Warning |T2| Reason: 33% HP (61/183)
 47028 | Vaults:5 | Danger: deep elf high priest |T3| Reason: Damnation (smite)
                  | in LOS, watch out!
 47028 | Vaults:5 | Danger: shadow dragon |T3| Reason: IMMINENT DEATH: Bolt of
                  | Draining deals 72 damage, you have 61 HP!!
 47028 | Vaults:5 | Danger: Low HP Warning |T2| Reason: 33% HP (61/183)
 47029 | Vaults:5 | Danger: deep elf high priest |T3| Reason: Damnation (smite)
                  | in LOS, watch out!
 47029 | Vaults:5 | Danger: Low HP Warning |T2| Reason: 28% HP (53/183)
 47067 | Vaults:5 | Danger: Low HP Warning |T2| Reason: 39% HP (72/183)
 47068 | Vaults:5 | Danger: Low HP Warning |T2| Reason: 39% HP (72/183)
 47069 | Vaults:5 | Danger: Low HP Warning |T2| Reason: 39% HP (73/183)
 47070 | Vaults:5 | Danger: Low HP Warning |T2| Reason: 48% HP (88/183)
 47071 | Vaults:5 | Danger: Low HP Warning |T2| Reason: 48% HP (88/183)
 47072 | Vaults:5 | Danger: Low HP Warning |T2| Reason: 48% HP (89/183)
 47073 | Vaults:5 | Danger: Low HP Warning |T2| Reason: 51% HP (94/183)
 47369 | Vaults:5 | Danger: stone giant |T2| Reason: Quivering large rocks,
                  | watch out!!
 47373 | Vaults:5 | Danger: deep elf high priest |T3| Reason: Damnation (smite)
                  | in LOS, watch out!
 47374 | Vaults:5 | Danger: deep elf high priest |T3| Reason: Damnation (smite)
                  | in LOS, watch out!
 47375 | Vaults:5 | Danger: deep elf high priest |T3| Reason: Damnation (smite)
                  | in LOS, watch out!
 47376 | Vaults:5 | Danger: deep elf high priest |T3| Reason: Damnation (smite)
                  | in LOS, watch out!
 47377 | Vaults:5 | Danger: deep elf high priest |T3| Reason: Damnation (smite)
                  | in LOS, watch out!
 47378 | Vaults:5 | Danger: tengu reaver |T2| Reason: Lightning Bolt and no
                  | rElec
 47378 | Vaults:5 | Danger: deep elf high priest |T3| Reason: Damnation (smite)
                  | in LOS, watch out!
 47379 | Vaults:5 | Danger: deep elf high priest |T3| Reason: Damnation (smite)
                  | in LOS, watch out!
 47380 | Vaults:5 | Danger: deep elf high priest |T3| Reason: Damnation (smite)
                  | in LOS, watch out!
 47381 | Vaults:5 | Danger: deep elf high priest |T3| Reason: Damnation (smite)
                  | in LOS, watch out!
 47382 | Vaults:5 | Danger: deep elf high priest |T3| Reason: Damnation (smite)
                  | in LOS, watch out!
 47383 | Vaults:5 | Danger: deep elf high priest |T3| Reason: Damnation (smite)
                  | in LOS, watch out!
 47384 | Vaults:5 | Danger: tengu reaver |T2| Reason: Lightning Bolt and no
                  | rElec
 47384 | Vaults:5 | Danger: deep elf high priest |T3| Reason: Damnation (smite)
                  | in LOS, watch out!
 47386 | Vaults:5 | Danger: deep elf high priest |T3| Reason: Damnation (smite)
                  | in LOS, watch out!
 47398 | Vaults:5 | Found Rabriy's Weapon Shoppe.
 47531 | Vaults:5 | Noticed an ancient lich
 47532 | Vaults:5 | Danger: ancient lich |T2| Reason: Corrosive Bolt deals more
                  | than 50% MHP!
 47532 | Vaults:5 | Danger: ancient lich |T2| Reason: Lehudib's Crystal Spear
                  | deals more than 50% MHP!
 47532 | Vaults:5 | Danger: stone giant |T2| Reason: Quivering large rocks,
                  | watch out!!
 47550 | Vaults:5 | Killed an ancient lich
 47561 | Vaults:5 | Danger: deep elf sorcerer |T2| Reason: Damnation in LOS,
                  | careful!
 47562 | Vaults:5 | Danger: deep elf sorcerer |T3| Reason: Damnation in LOF,
                  | watch out!
 47563 | Vaults:5 | Danger: deep elf sorcerer |T2| Reason: Damnation in LOS,
                  | careful!
 47564 | Vaults:5 | Danger: deep elf sorcerer |T3| Reason: Damnation in LOF,
                  | watch out!
 47565 | Vaults:5 | Danger: deep elf sorcerer |T3| Reason: Damnation in LOF,
                  | watch out!
 47626 | Vaults:5 | Identified the +9 mace of Corruption {elec, rF+ rC+ Str-2}
 47631 | Vaults:5 | Identified the +1 dagger of Temperance {freeze, rElec rC+
                  | Int-3}
 47675 | Vaults:5 | Danger: lich |T2| Reason: Orb of Destruction deals more
                  | than 50% MHP!
 48033 | Depths:1 | Entered Level 1 of the Depths
 48039 | Depths:1 | Danger: Malevolent teleportation! |T3| Reason: Malevolent
                  | teleportation!
 48039 | Depths:1 | Noticed a golden dragon
 48040 | Depths:1 | Danger: sphinx |T2| Reason: OOD monster, careful!
 48040 | Depths:1 | Danger: golden dragon |T2| Reason: OOD monster, careful!
 48051 | Depths:1 | Killed a golden dragon
 48059 | Depths:1 | Danger: floating eye |T3| Reason: Irresistible Paralysis
                  | Gaze (pierces LOF) is charging!
 48059 | Depths:1 | Danger: floating eye |T2| Reason: OOD monster, careful!
 48060 | Depths:1 | Danger: floating eye |T3| Reason: Irresistible Paralysis
                  | Gaze (pierces LOF) is charging!
 48061 | Depths:1 | Danger: floating eye |T3| Reason: Irresistible Paralysis
                  | Gaze (pierces LOF) is charging!
 48085 | Depths:1 | Danger: flayed ghost |T2| Reason: OOD monster, careful!
 48095 | Depths:1 | Danger: flayed ghost |T2| Reason: OOD monster, careful!
 48124 | Depths:1 | You are sucked into a shaft and drop 1 floor!
 48124 | Depths:1 | Danger: Shafted! |T3| Reason: Shafted!
 48134 | Depths:2 | Reached XP level 25. HP: 189/189 MP: 29/30
 48319 | Depths:1 | Found a blossoming altar of Fedhas.
 48593 | Depths:1 | Danger: lich |T2| Reason: OOD monster, careful!
 48593 | Depths:1 | Danger: lich |T2| Reason: Orb of Destruction deals more
                  | than 50% MHP!
 48660 | Depths:1 | Found a gateway to Hell.
 48661 | Depths:1 | Danger: iron dragon |T2| Reason: OOD monster, careful!
 48831 | Depths:1 | Found a snail-covered altar of Cheibriados.
 48845 | Depths:1 | Danger: tengu reaver |T2| Reason: OOD monster, careful!
 48845 | Depths:1 | Danger: tengu reaver |T2| Reason: Lightning Bolt and no
                  | rElec
 48867 | Depths:1 | Danger: lich |T2| Reason: OOD monster, careful!
 48867 | Depths:1 | Danger: lich |T2| Reason: Orb of Destruction deals more
                  | than 50% MHP!
 48930 | Depths:1 | Danger: merfolk javelineer |T3| Reason: Distortion weapon!
 48930 | Depths:1 | Danger: merfolk javelineer |T2| Reason: Quivering javelins,
                  | watch out!
 48931 | Depths:1 | Danger: merfolk javelineer |T3| Reason: Distortion weapon!
 48932 | Depths:1 | Danger: merfolk javelineer |T3| Reason: Distortion weapon!
 48933 | Depths:1 | Danger: merfolk javelineer |T3| Reason: Distortion weapon!
 48934 | Depths:1 | Danger: merfolk javelineer |T3| Reason: Distortion weapon!
 48935 | Depths:1 | Danger: merfolk javelineer |T3| Reason: Distortion weapon!
 48936 | Depths:1 | Danger: merfolk javelineer |T3| Reason: Distortion weapon!
 48937 | Depths:1 | Danger: merfolk javelineer |T3| Reason: Distortion weapon!
 48938 | Depths:1 | Danger: merfolk javelineer |T3| Reason: Distortion weapon!
 48939 | Depths:1 | Danger: merfolk javelineer |T3| Reason: Distortion weapon!
 49032 | Depths:2 | Found an ornate altar of the Wu Jian Council.
 49141 | Depths:2 | Found a transporter.
 49153 | Depths:2 | Found a transporter.
 49306 | Depths:2 | Danger: stone giant |T2| Reason: Quivering large rocks,
                  | watch out!!
 49395 | Depths:2 | Danger: tengu reaver |T2| Reason: OOD monster, careful!
 49395 | Depths:2 | Danger: tengu reaver |T2| Reason: Lightning Bolt and no
                  | rElec
 49501 | Depths:2 | Danger: shock serpent |T2| Reason: Electrical Bolt and no
                  | rElec
 49503 | Depths:2 | Found a one-way gateway to a ziggurat.
 49658 | Depths:2 | Found a one-way gate leading to the halls of Pandemonium.
 49660 | Depths:2 | Danger: neqoxec |T2| Reason: Malmutator in LOS
 49680 | Depths:2 | Danger: neqoxec |T2| Reason: Malmutator in LOF!
 50132 | Depths:2 | Danger: spriggan defender |T2| Reason: OOD monster,
                  | careful!
 50195 | Depths:2 | Identified the +4 glaive of Wisdom {spect, Fragile Will++
                  | rCorr Int+3}
 50267 | Depths:3 | Danger: stone giant |T2| Reason: Quivering large rocks,
                  | watch out!!
 50271 | Depths:3 | Danger: lich |T2| Reason: Orb of Destruction deals more
                  | than 50% MHP!
 50271 | Depths:3 | Danger: stone giant |T2| Reason: Quivering large rocks,
                  | watch out!!
 50276 | Depths:3 | Danger: stone giant |T2| Reason: Quivering large rocks,
                  | watch out!!
 50285 | Depths:3 | Danger: lich |T2| Reason: Orb of Destruction deals more
                  | than 50% MHP!
 50288 | Depths:3 | Danger: lich |T2| Reason: Orb of Destruction deals more
                  | than 50% MHP!
 50314 | Depths:3 | Found a magical portal.
 50322 | WizLab   | Entered Zonguldrok's Shrine
 50622 | WizLab   | Found the +9 sword of Zonguldrok {reap}
 50633 | WizLab   | Got the Compendium of the Jaunt and Concussion
 50677 | WizLab   | Noticed an antique lich
 50678 | WizLab   | Danger: antique lich |T2| Reason: Corrosive Bolt deals more
                  | than 50% MHP!
 50678 | WizLab   | Danger: antique lich |T2| Reason: Lehudib's Crystal Spear
                  | deals more than 50% MHP!
 50688 | WizLab   | Killed an antique lich
 50736 | Depths:3 | Noticed Margery
 50737 | Depths:3 | Danger: Margery |T2| Reason: Unique monster, careful!
 50737 | Depths:3 | Danger: Margery |T2| Reason: Bolt of Fire deals more than
                  | 50% MHP!
 50737 | Depths:3 | Danger: Margery |T2| Reason: Fireball deals more than 50%
                  | MHP!
 50740 | Depths:3 | Danger: Margery |T2| Reason: Unique monster, careful!
 50740 | Depths:3 | Danger: Margery |T2| Reason: Bolt of Fire deals more than
                  | 50% MHP!
 50740 | Depths:3 | Danger: Margery |T2| Reason: Fireball deals more than 50%
                  | MHP!
 50749 | Depths:3 | Danger: Margery |T2| Reason: Unique monster, careful!
 50749 | Depths:3 | Danger: Margery |T2| Reason: Bolt of Fire deals more than
                  | 50% MHP!
 50749 | Depths:3 | Danger: Margery |T2| Reason: Fireball deals more than 50%
                  | MHP!
 50761 | Depths:3 | Killed Margery
 50762 | Depths:3 | Reached skill level 18 in Short Blades
 51096 | Depths:3 | Danger: stone giant |T2| Reason: Quivering large rocks,
                  | watch out!!
 51098 | Depths:3 | Danger: lich |T2| Reason: Orb of Destruction deals more
                  | than 50% MHP!
 51209 | Depths:3 | Danger: spriggan air mage |T2| Reason: Lightning Bolt and
                  | no rElec
 51216 | Depths:3 | Danger: spriggan defender |T2| Reason: OOD monster,
                  | careful!
 51222 | Depths:3 | Noticed the Enchantress
 51223 | Depths:3 | Danger: spriggan defender |T2| Reason: OOD monster,
                  | careful!
 51223 | Depths:3 | Danger: spriggan defender |T2| Reason: OOD monster,
                  | careful!
 51223 | Depths:3 | Danger: the Enchantress |T2| Reason: Unique monster,
                  | careful!
 51240 | Depths:3 | Danger: the Enchantress |T2| Reason: Slow and low Will,
                  | careful
 51249 | Depths:3 | Killed the Enchantress
 51330 | Depths:3 | Danger: walking divine tome |T2| Reason: OOD monster,
                  | careful!
 51335 | Depths:3 | Danger: walking divine tome |T2| Reason: OOD monster,
                  | careful!
 51335 | Depths:3 | Found a one-way gate to the infinite horrors of the Abyss.
 51344 | Depths:3 | Reached XP level 26. HP: 196/196 MP: 30/30
 51360 | Depths:3 | Danger: tentacled monstrosity |T2| Reason: OOD monster,
                  | careful!
 51362 | Depths:3 | Danger: iron dragon |T2| Reason: OOD monster, careful!
 51381 | Depths:3 | Danger: titan |T2| Reason: OOD monster, careful!
 51389 | Depths:3 | Reached skill level 19 in Short Blades
 51389 | Depths:3 | Danger: titan |T2| Reason: OOD monster, careful!
 51414 | Depths:3 | Danger: shadow dragon |T2| Reason: OOD monster, careful!
 51475 | Depths:3 | Got the Almanac of Energy and Stolen Souls
 51727 | Depths:4 | Entered Level 4 of the Depths
 51814 | Depths:4 | Danger: lich |T2| Reason: Orb of Destruction deals more
                  | than 50% MHP!
 51839 | Depths:4 | Gained mutation: You are partially covered in iridescent
                  | scales. (AC +2) [mutagenic glow]
 51859 | Depths:4 | Danger: merfolk javelineer |T2| Reason: Quivering javelins,
                  | watch out!
 51861 | Depths:4 | Gained mutation: You are dopey. (Int -2) [mutagenic glow]
 51881 | Depths:4 | Lost mutation: You are partially covered in iridescent
                  | scales. (AC +2) [mutagenic glow]
 51897 | Depths:4 | Gained mutation: You occasionally lose the ability to read
                  | scrolls when taking damage. [mutagenic glow]
 51898 | Depths:4 | Identified the +7 longbow "Cessaokk" {heavy, Will+ MP-9
                  | Int+8}
 52305 | Depths:4 | Danger: golden dragon |T2| Reason: OOD monster, careful!
 52325 | Depths:4 | Reached skill level 20 in Short Blades
 52381 | Depths:4 | Danger: storm dragon |T2| Reason: OOD monster, careful!
 52400 | Depths:4 | Danger: stone giant |T2| Reason: Quivering large rocks,
                  | watch out!!
 52442 | Depths:4 | Danger: stone giant |T2| Reason: Quivering large rocks,
                  | watch out!!
 52451 | Depths:4 | Found a runed translucent door.
 52481 | Depths:4 | Found a runed translucent door.
 52482 | Depths:4 | Found a runed translucent door.
 52482 | Depths:4 | Found a runed translucent door.
 52549 | Depths:4 | Found a runed translucent door.
 52559 | Depths:4 | Found a runed translucent door.
 52569 | Depths:4 | Found a gate to the Realm of Zot.
 52570 | Depths:4 | Danger: red draconian scorcher |T3| Reason: Damnation in
                  | LOF, watch out!
 52570 | Depths:4 | Danger: red draconian scorcher |T3| Reason: Damnation
                  | (smite) in LOS, watch out!
 52571 | Depths:4 | Danger: red draconian scorcher |T3| Reason: Damnation in
                  | LOF, watch out!
 52571 | Depths:4 | Danger: red draconian scorcher |T3| Reason: Damnation
                  | (smite) in LOS, watch out!
 52572 | Depths:4 | Danger: red draconian scorcher |T3| Reason: Damnation in
                  | LOF, watch out!
 52572 | Depths:4 | Danger: red draconian scorcher |T3| Reason: Damnation
                  | (smite) in LOS, watch out!
 52573 | Depths:4 | Danger: red draconian scorcher |T3| Reason: Damnation in
                  | LOF, watch out!
 52573 | Depths:4 | Danger: red draconian scorcher |T3| Reason: Damnation
                  | (smite) in LOS, watch out!
 52574 | Depths:4 | Danger: red draconian scorcher |T3| Reason: Damnation in
                  | LOF, watch out!
 52574 | Depths:4 | Danger: red draconian scorcher |T3| Reason: Damnation
                  | (smite) in LOS, watch out!
 52575 | Depths:4 | Danger: red draconian scorcher |T3| Reason: Damnation in
                  | LOF, watch out!
 52575 | Depths:4 | Danger: red draconian scorcher |T3| Reason: Damnation
                  | (smite) in LOS, watch out!
 52599 | Depths:4 | Danger: yellow draconian annihilator |T2| Reason: Lehudib's
                  | Crystal Spear deals more than 50% MHP!
 52611 | Depths:4 | Identified the +6 scale mail "Secas" {Str-3 Int+2 Dex+5
                  | SInv}
 52899 | Depths:4 | Danger: titan |T2| Reason: OOD monster, careful!
 52948 | Depths:4 | Noticed Vv
 52949 | Depths:4 | Danger: Vv |T2| Reason: Unique monster, careful!
 52949 | Depths:4 | Danger: Vv |T2| Reason: Pyroclastic Surge deals more than
                  | 50% MHP!
 52966 | Depths:4 | Killed Vv
 53301 | Slime:1  | Entered Level 1 of the Pits of Slime
 53310 | Slime:1  | Reached skill level 21 in Short Blades
 53454 | Slime:5  | Entered Level 5 of the Pits of Slime
 53501 | Slime:5  | Found a viscous altar of Jiyva.
 53501 | Slime:5  | Noticed the Royal Jelly
 53502 | Slime:5  | Found the necklace of Bloodlust {Fury *Rage Will++ Int-3
                  | Slay+6}
 53523 | Slime:5  | Danger: Royal Jelly |T2| Reason: Unique monster, careful!
 53530 | Slime:5  | Killed the Royal Jelly
 53535 | Slime:5  | Danger: shining eye |T2| Reason: Malmutator in LOS
 53575 | Slime:5  | Reached skill level 22 in Short Blades
 53577 | Slime:5  | Identified the +0 pair of boots of Gozag {Stlth+}
 53585 | Slime:5  | Got Sif Muna's Papyrus of Fiery Frost
 53593 | Slime:5  | Identified the amulet of Usiyrphe {Reflect Fly SH+5}
 53622 | Slime:5  | Identified the +1 robe "Vikh" {rElec Str+5}
 53657 | Slime:5  | Identified the +0 leather armour "Cesy" {Fly rPois rCorr}
 53661 | Slime:5  | Got a slimy rune of Zot
 53683 | Slime:5  | Identified the ring "Zeravy" {*Corrode rPois rF+ Slay+2}
 53692 | Slime:5  | Got the Commentary on Phantasms and Beguiling
 53997 | Depths:3 | Lost mutation: You are dopey. (Int -2) [potion of mutation]
 53997 | Depths:3 | Lost mutation: You occasionally lose the ability to read
                  | scrolls when taking damage. [potion of mutation]
 53997 | Depths:3 | Gained mutation: You do not regenerate when monsters are
                  | visible. [potion of mutation]
 53997 | Depths:3 | Gained mutation: You passively map a small area around you.
                  | [potion of mutation]
 53997 | Depths:3 | Gained mutation: You are weak. (Str -2) [potion of
                  | mutation]
 53998 | Depths:3 | Lost mutation: You passively map a small area around you.
                  | [potion of mutation]
 53998 | Depths:3 | Lost mutation: You are weak. (Str -2) [potion of mutation]
 53998 | Depths:3 | Lost mutation: You do not regenerate when monsters are
                  | visible. [potion of mutation]
 53998 | Depths:3 | Gained mutation: Armour fits poorly on your strangely
                  | shaped body. [potion of mutation]
 53998 | Depths:3 | Gained mutation: You are agile. (Dex +4, Str/Int -1)
                  | [potion of mutation]
 54000 | Depths:3 | Voluntarily entered the Abyss.
 54000 | Abyss:1  | Found a corrupted altar of Lugonu.
 54055 | Abyss:1  | Paralysed by you for 5 turns
 54154 | Abyss:2  | Danger: Low HP Warning |T2| Reason: 50% HP (99/196)
 54156 | Abyss:2  | Danger: Low HP Warning |T2| Reason: 50% HP (99/196)
 54164 | Abyss:2  | Danger: Low HP Warning |T2| Reason: 50% HP (99/196)
 54168 | Abyss:2  | Danger: Low HP Warning |T2| Reason: 51% HP (100/196)
 54169 | Abyss:2  | Danger: Low HP Warning |T2| Reason: 51% HP (101/196)
 54170 | Abyss:2  | Danger: Low HP Warning |T2| Reason: 51% HP (101/196)
 54171 | Abyss:2  | Danger: Low HP Warning |T2| Reason: 52% HP (102/196)
 54172 | Abyss:2  | Danger: Low HP Warning |T2| Reason: 52% HP (102/196)
 54173 | Abyss:2  | Danger: Low HP Warning |T2| Reason: 52% HP (103/196)
 54189 | Abyss:2  | Danger: Low HP Warning |T2| Reason: 56% HP (111/196)
 54190 | Abyss:2  | Danger: Low HP Warning |T2| Reason: 56% HP (111/196)
 54191 | Abyss:2  | Danger: Low HP Warning |T2| Reason: 46% HP (92/196)
 54192 | Abyss:2  | Danger: Low HP Warning |T2| Reason: 37% HP (73/196)
 54193 | Abyss:2  | Danger: Low HP Warning |T2| Reason: 37% HP (73/196)
 54194 | Abyss:2  | Danger: Low HP Warning |T2| Reason: 37% HP (74/196)
 54195 | Abyss:2  | Danger: Low HP Warning |T2| Reason: 37% HP (74/196)
 54197 | Abyss:2  | Danger: Low HP Warning |T2| Reason: 38% HP (75/196)
 54198 | Abyss:2  | Danger: Low HP Warning |T2| Reason: 38% HP (75/196)
 54199 | Abyss:2  | Danger: Low HP Warning |T2| Reason: 38% HP (76/196)
 54200 | Abyss:2  | Danger: Low HP Warning |T2| Reason: 38% HP (76/196)
 54201 | Abyss:2  | Danger: Low HP Warning |T2| Reason: 38% HP (76/196)
 54202 | Abyss:2  | Danger: Low HP Warning |T2| Reason: 38% HP (76/196)
 54203 | Abyss:2  | Danger: Low HP Warning |T2| Reason: 39% HP (77/196)
 54204 | Abyss:2  | Danger: Low HP Warning |T2| Reason: 39% HP (77/196)
 54205 | Abyss:2  | Danger: Low HP Warning |T2| Reason: 39% HP (78/196)
 54206 | Abyss:2  | Danger: Low HP Warning |T2| Reason: 33% HP (65/196)
 54207 | Abyss:2  | Danger: Low HP Warning |T2| Reason: 33% HP (65/196)
 54208 | Abyss:2  | Danger: Low HP Warning |T2| Reason: 33% HP (65/196)
 54209 | Abyss:2  | Danger: Low HP Warning |T2| Reason: 33% HP (66/196)
 54210 | Abyss:2  | Danger: Low HP Warning |T2| Reason: 33% HP (66/196)
 54211 | Abyss:2  | Danger: Low HP Warning |T2| Reason: 33% HP (66/196)
 54212 | Abyss:2  | Danger: Low HP Warning |T2| Reason: 34% HP (67/196)
 54213 | Abyss:2  | Reached XP level 27. HP: 69/201 MP: 30/30
 54213 | Abyss:2  | Danger: Low HP Warning |T2| Reason: 34% HP (69/201)
 54214 | Abyss:2  | Danger: Low HP Warning |T2| Reason: 34% HP (69/201)
 54215 | Abyss:2  | Danger: Low HP Warning |T2| Reason: 34% HP (70/201)
 54222 | Abyss:2  | Danger: Low HP Warning |T2| Reason: 36% HP (73/201)
 54223 | Abyss:2  | Danger: Low HP Warning |T2| Reason: 36% HP (74/201)
 54224 | Abyss:2  | Danger: Low HP Warning |T2| Reason: 36% HP (74/201)
 54225 | Abyss:2  | Danger: Low HP Warning |T2| Reason: 37% HP (75/201)
 54226 | Abyss:2  | Danger: Low HP Warning |T2| Reason: 37% HP (75/201)
 54227 | Abyss:2  | Danger: Low HP Warning |T2| Reason: 37% HP (75/201)
 54228 | Abyss:2  | Danger: Low HP Warning |T2| Reason: 37% HP (76/201)
 54229 | Abyss:2  | Danger: Low HP Warning |T2| Reason: 37% HP (76/201)
 54230 | Abyss:2  | Danger: Low HP Warning |T2| Reason: 37% HP (76/201)
 54231 | Abyss:2  | Danger: Low HP Warning |T2| Reason: 37% HP (76/201)
 54232 | Abyss:2  | Danger: Low HP Warning |T2| Reason: 34% HP (69/201)
 54233 | Abyss:2  | Danger: Low HP Warning |T2| Reason: 34% HP (69/201)
 54234 | Abyss:2  | Danger: Low HP Warning |T2| Reason: 34% HP (69/201)
 54235 | Abyss:2  | Danger: Low HP Warning |T2| Reason: 34% HP (70/201)
 54236 | Abyss:2  | Danger: Low HP Warning |T2| Reason: 34% HP (70/201)
 54237 | Abyss:2  | Danger: Low HP Warning |T2| Reason: 34% HP (70/201)
 54238 | Abyss:2  | Danger: Low HP Warning |T2| Reason: 34% HP (70/201)
 54239 | Abyss:2  | Danger: Low HP Warning |T2| Reason: 35% HP (71/201)
 54240 | Abyss:2  | Danger: Low HP Warning |T2| Reason: 35% HP (71/201)
 54241 | Abyss:2  | Danger: Low HP Warning |T2| Reason: 35% HP (71/201)
 54242 | Abyss:2  | Danger: Low HP Warning |T2| Reason: 35% HP (72/201)
 54243 | Abyss:2  | Danger: Low HP Warning |T2| Reason: 35% HP (72/201)
 54244 | Abyss:2  | Danger: Low HP Warning |T2| Reason: 27% HP (56/201)
 54245 | Abyss:2  | Danger: Low HP Warning |T2| Reason: 28% HP (57/201)
 54246 | Abyss:2  | Danger: Low HP Warning |T2| Reason: 28% HP (57/201)
 54247 | Abyss:2  | Danger: Low HP Warning |T2| Reason: 28% HP (57/201)
 54248 | Abyss:2  | Danger: Low HP Warning |T2| Reason: 28% HP (58/201)
 54249 | Abyss:2  | Danger: Low HP Warning |T2| Reason: 28% HP (58/201)
 54256 | Abyss:2  | Danger: Low HP Warning |T3| Reason: 25% HP (52/201)
 54257 | Abyss:2  | Danger: Low HP Warning |T3| Reason: 25% HP (52/202)
 54271 | Abyss:2  | Danger: Low HP Warning |T2| Reason: 44% HP (89/202)
 54272 | Abyss:2  | Danger: Low HP Warning |T2| Reason: 46% HP (93/202)
 54274 | Abyss:2  | Danger: Low HP Warning |T2| Reason: 46% HP (94/202)
 54275 | Abyss:2  | Danger: Low HP Warning |T2| Reason: 47% HP (95/202)
 54276 | Abyss:2  | Danger: Low HP Warning |T2| Reason: 47% HP (95/202)
 54277 | Abyss:2  | Danger: Low HP Warning |T2| Reason: 47% HP (96/202)
 54281 | Abyss:2  | Danger: Low HP Warning |T2| Reason: 48% HP (97/202)
 54282 | Abyss:2  | Danger: Low HP Warning |T2| Reason: 48% HP (98/202)
 54283 | Abyss:2  | Danger: Low HP Warning |T2| Reason: 48% HP (98/202)
 54284 | Abyss:2  | Danger: Low HP Warning |T2| Reason: 49% HP (99/202)
 54285 | Abyss:2  | Danger: Low HP Warning |T2| Reason: 49% HP (99/202)
 54286 | Abyss:2  | Danger: Low HP Warning |T2| Reason: 49% HP (100/202)
 54298 | Abyss:2  | Danger: Low HP Warning |T2| Reason: 52% HP (106/202)
 54300 | Abyss:2  | Danger: Low HP Warning |T2| Reason: 52% HP (107/202)
 54301 | Abyss:2  | Danger: Low HP Warning |T2| Reason: 52% HP (107/202)
 54302 | Abyss:2  | Danger: Low HP Warning |T2| Reason: 53% HP (108/202)
 54303 | Abyss:2  | Danger: Low HP Warning |T2| Reason: 53% HP (109/202)
 54311 | Abyss:2  | Danger: Low HP Warning |T2| Reason: 55% HP (113/202)
 54312 | Abyss:2  | Danger: Low HP Warning |T2| Reason: 55% HP (113/202)
 54313 | Abyss:2  | Danger: Low HP Warning |T2| Reason: 56% HP (114/202)
 54314 | Abyss:2  | Danger: Low HP Warning |T2| Reason: 56% HP (114/202)
 54315 | Abyss:2  | Danger: Low HP Warning |T2| Reason: 56% HP (115/202)
 54316 | Abyss:2  | Danger: neqoxec |T2| Reason: Malmutator in LOS
 54316 | Abyss:2  | Danger: Low HP Warning |T2| Reason: 56% HP (115/202)
 54318 | Abyss:2  | Danger: neqoxec |T2| Reason: Malmutator in LOF!
 54318 | Abyss:2  | Danger: Low HP Warning |T2| Reason: 56% HP (115/203)
 54319 | Abyss:2  | Danger: Low HP Warning |T2| Reason: 56% HP (115/203)
 54320 | Abyss:2  | Danger: Low HP Warning |T2| Reason: 56% HP (115/203)
 54321 | Abyss:2  | Danger: Low HP Warning |T2| Reason: 56% HP (115/203)
 54323 | Abyss:2  | Danger: Low HP Warning |T2| Reason: 56% HP (115/203)
 54349 | Abyss:2  | Danger: Low HP Warning |T2| Reason: 56% HP (115/203)
 54350 | Abyss:2  | Danger: Low HP Warning |T2| Reason: 56% HP (115/203)
 54351 | Abyss:2  | Danger: Low HP Warning |T2| Reason: 56% HP (115/203)
 54353 | Abyss:2  | Danger: Low HP Warning |T2| Reason: 56% HP (115/203)
 54355 | Abyss:2  | Danger: Low HP Warning |T2| Reason: 59% HP (120/203)
 54356 | Abyss:2  | Danger: Low HP Warning |T2| Reason: 59% HP (120/203)
 54357 | Abyss:2  | Danger: Low HP Warning |T2| Reason: 59% HP (120/203)
 54358 | Abyss:2  | Danger: Low HP Warning |T2| Reason: 59% HP (120/203)
 54359 | Abyss:2  | Danger: Low HP Warning |T2| Reason: 59% HP (120/203)
 54558 | Abyss:4  | Paralysed by accursed screaming for 1 turns
 54563 | Abyss:4  | Danger: Low HP Warning |T2| Reason: 37% HP (76/203)
 54564 | Abyss:4  | Danger: Low HP Warning |T2| Reason: 37% HP (76/203)
 54565 | Abyss:4  | Danger: Low HP Warning |T2| Reason: 37% HP (77/203)
 54566 | Abyss:4  | Danger: Low HP Warning |T2| Reason: 37% HP (77/203)
 54567 | Abyss:4  | Danger: Low HP Warning |T2| Reason: 35% HP (72/203)
 54568 | Abyss:4  | Danger: Low HP Warning |T2| Reason: 35% HP (73/203)
 54569 | Abyss:4  | Danger: Low HP Warning |T2| Reason: 35% HP (73/203)
 54570 | Abyss:4  | Danger: Low HP Warning |T2| Reason: 31% HP (64/203)
 54600 | Abyss:4  | Found a corrupted altar of Lugonu.
 54734 | Abyss:4  | Upgraded the game from 0.30-a0-1094-g860fb061e7 to
                  | 0.30-a0-1103-g25895a7845
 54902 | Abyss:4  | Found a corrupted altar of Lugonu.
 54907 | Abyss:4  | Danger: Hell Sentinel |T3| Reason: Damnation in LOF, watch
                  | out!
 54908 | Abyss:4  | Danger: Hell Sentinel |T3| Reason: Damnation in LOF, watch
                  | out!
 54909 | Abyss:4  | Danger: Hell Sentinel |T3| Reason: Damnation in LOF, watch
                  | out!
 54910 | Abyss:4  | Danger: Hell Sentinel |T3| Reason: Damnation in LOF, watch
                  | out!
 54911 | Abyss:4  | Danger: Hell Sentinel |T3| Reason: Damnation in LOF, watch
                  | out!
 54912 | Abyss:4  | Danger: Hell Sentinel |T3| Reason: Damnation in LOF, watch
                  | out!
 54913 | Abyss:4  | Danger: Hell Sentinel |T3| Reason: Damnation in LOF, watch
                  | out!
 54914 | Abyss:4  | Danger: Hell Sentinel |T3| Reason: Damnation in LOF, watch
                  | out!
 54915 | Abyss:4  | Danger: Hell Sentinel |T3| Reason: Damnation in LOF, watch
                  | out!
 54960 | Abyss:4  | Danger: neqoxec |T2| Reason: Malmutator in LOS
 54960 | Abyss:4  | Danger: neqoxec |T2| Reason: Malmutator in LOF!
 55033 | Abyss:4  | Found a corrupted altar of Lugonu.
 55065 | Abyss:4  | Paralysed by accursed screaming for 2 turns
 55068 | Abyss:4  | Danger: Low HP Warning |T2| Reason: 36% HP (76/207)
 55069 | Abyss:4  | Danger: Low HP Warning |T2| Reason: 36% HP (76/207)
 55070 | Abyss:4  | Danger: Low HP Warning |T2| Reason: 37% HP (77/207)
 55071 | Abyss:4  | Danger: Low HP Warning |T2| Reason: 37% HP (77/207)
 55072 | Abyss:4  | Danger: Low HP Warning |T2| Reason: 37% HP (78/207)
 55073 | Abyss:4  | Danger: Low HP Warning |T2| Reason: 40% HP (83/207)
 55074 | Abyss:4  | Danger: Low HP Warning |T2| Reason: 42% HP (87/207)
 55075 | Abyss:4  | Danger: Low HP Warning |T2| Reason: 42% HP (89/207)
 55076 | Abyss:4  | Danger: Low HP Warning |T2| Reason: 44% HP (92/207)
 55077 | Abyss:4  | Danger: Low HP Warning |T2| Reason: 45% HP (95/207)
 55078 | Abyss:4  | Danger: Low HP Warning |T2| Reason: 47% HP (98/207)
 55079 | Abyss:4  | Danger: Low HP Warning |T2| Reason: 47% HP (99/207)
 55080 | Abyss:4  | Danger: Low HP Warning |T2| Reason: 47% HP (99/207)
 55081 | Abyss:4  | Danger: Low HP Warning |T2| Reason: 47% HP (99/207)
 55082 | Abyss:4  | Danger: Low HP Warning |T2| Reason: 48% HP (100/207)
 55084 | Abyss:4  | Danger: Low HP Warning |T2| Reason: 48% HP (100/207)
 55085 | Abyss:4  | Danger: Low HP Warning |T2| Reason: 48% HP (100/207)
 55086 | Abyss:4  | Danger: Low HP Warning |T2| Reason: 48% HP (101/207)
 55087 | Abyss:4  | Danger: Low HP Warning |T2| Reason: 48% HP (101/207)
 55088 | Abyss:4  | Danger: Low HP Warning |T2| Reason: 48% HP (101/207)
 55090 | Abyss:4  | Danger: Low HP Warning |T2| Reason: 49% HP (102/207)
 55092 | Abyss:4  | Danger: Low HP Warning |T2| Reason: 49% HP (103/207)
 55093 | Abyss:4  | Danger: Low HP Warning |T2| Reason: 49% HP (103/207)
 55094 | Abyss:4  | Danger: Low HP Warning |T2| Reason: 49% HP (103/207)
 55095 | Abyss:4  | Danger: Low HP Warning |T2| Reason: 49% HP (103/207)
 55096 | Abyss:4  | Danger: Low HP Warning |T2| Reason: 49% HP (103/207)
 55097 | Abyss:4  | Danger: Low HP Warning |T2| Reason: 50% HP (104/207)
 55098 | Abyss:4  | Danger: Low HP Warning |T2| Reason: 50% HP (104/207)
 55099 | Abyss:4  | Danger: Low HP Warning |T2| Reason: 50% HP (104/207)
 55100 | Abyss:4  | Danger: Low HP Warning |T2| Reason: 50% HP (105/207)
 55101 | Abyss:4  | Danger: Low HP Warning |T2| Reason: 50% HP (105/207)
 55102 | Abyss:4  | Danger: Low HP Warning |T2| Reason: 50% HP (105/207)
 55103 | Abyss:4  | Danger: Low HP Warning |T2| Reason: 51% HP (106/207)
 55104 | Abyss:4  | Danger: Low HP Warning |T2| Reason: 51% HP (106/207)
 55105 | Abyss:4  | Danger: Low HP Warning |T2| Reason: 51% HP (106/207)
 55106 | Abyss:4  | Danger: Low HP Warning |T2| Reason: 51% HP (106/207)
 55107 | Abyss:4  | Danger: Low HP Warning |T2| Reason: 51% HP (107/207)
 55113 | Abyss:4  | Danger: Low HP Warning |T2| Reason: 55% HP (115/207)
 55114 | Abyss:4  | Danger: Low HP Warning |T2| Reason: 55% HP (115/207)
 55115 | Abyss:4  | Danger: Low HP Warning |T2| Reason: 55% HP (115/207)
 55116 | Abyss:4  | Danger: Low HP Warning |T2| Reason: 56% HP (116/207)
 55117 | Abyss:4  | Danger: Low HP Warning |T2| Reason: 56% HP (116/207)
 55118 | Abyss:4  | Danger: Low HP Warning |T2| Reason: 56% HP (116/207)
 55119 | Abyss:4  | Danger: Low HP Warning |T2| Reason: 56% HP (116/207)
 55120 | Abyss:4  | Danger: Low HP Warning |T2| Reason: 51% HP (107/207)
 55121 | Abyss:4  | Danger: Low HP Warning |T2| Reason: 52% HP (108/207)
 55122 | Abyss:4  | Danger: Low HP Warning |T2| Reason: 52% HP (108/207)
 55123 | Abyss:4  | Danger: Low HP Warning |T2| Reason: 52% HP (108/207)
 55124 | Abyss:4  | Danger: Low HP Warning |T2| Reason: 52% HP (108/207)
 55125 | Abyss:4  | Danger: Low HP Warning |T2| Reason: 52% HP (109/207)
 55126 | Abyss:4  | Danger: Low HP Warning |T2| Reason: 52% HP (109/207)
 55127 | Abyss:4  | Danger: Low HP Warning |T2| Reason: 52% HP (109/207)
 55128 | Abyss:4  | Danger: Low HP Warning |T2| Reason: 47% HP (99/207)
 55129 | Abyss:4  | Danger: Low HP Warning |T2| Reason: 47% HP (99/207)
 55129 | Abyss:4  | Paralysed by accursed screaming for 1 turns
 55131 | Abyss:4  | Danger: Low HP Warning |T2| Reason: 43% HP (90/207)
 55132 | Abyss:4  | Danger: Low HP Warning |T2| Reason: 43% HP (91/207)
 55133 | Abyss:4  | Danger: Low HP Warning |T2| Reason: 43% HP (91/207)
 55134 | Abyss:4  | Danger: Low HP Warning |T2| Reason: 43% HP (91/207)
 55135 | Abyss:4  | Danger: Low HP Warning |T2| Reason: 44% HP (92/207)
 55136 | Abyss:4  | Danger: Low HP Warning |T2| Reason: 41% HP (85/207)
 55139 | Abyss:4  | Danger: Low HP Warning |T2| Reason: 47% HP (99/207)
 55141 | Abyss:4  | Danger: Low HP Warning |T2| Reason: 47% HP (99/207)
 55142 | Abyss:4  | Danger: Low HP Warning |T2| Reason: 44% HP (93/207)
 55146 | Abyss:4  | Danger: Low HP Warning |T2| Reason: 45% HP (94/207)
 55148 | Abyss:4  | Danger: Low HP Warning |T2| Reason: 42% HP (88/207)
 55149 | Abyss:4  | Danger: Low HP Warning |T2| Reason: 42% HP (88/207)
 55151 | Abyss:4  | Danger: Low HP Warning |T2| Reason: 42% HP (89/207)
 55153 | Abyss:4  | Danger: Low HP Warning |T2| Reason: 43% HP (90/207)
 55154 | Abyss:4  | Danger: Low HP Warning |T2| Reason: 43% HP (90/207)
 55155 | Abyss:4  | Danger: Low HP Warning |T2| Reason: 43% HP (91/207)
 55156 | Abyss:4  | Danger: Low HP Warning |T2| Reason: 43% HP (91/207)
 55157 | Abyss:4  | Danger: Low HP Warning |T2| Reason: 43% HP (91/207)
 55159 | Abyss:4  | Danger: Low HP Warning |T2| Reason: 44% HP (92/207)
 55160 | Abyss:4  | Danger: Low HP Warning |T2| Reason: 44% HP (92/207)
 55161 | Abyss:4  | Danger: Low HP Warning |T2| Reason: 44% HP (93/207)
 55162 | Abyss:4  | Danger: Low HP Warning |T2| Reason: 44% HP (93/207)
 55163 | Abyss:4  | Danger: Low HP Warning |T2| Reason: 34% HP (71/207)
 55164 | Abyss:4  | Danger: Low HP Warning |T2| Reason: 34% HP (72/207)
 55165 | Abyss:4  | Danger: Low HP Warning |T2| Reason: 34% HP (72/207)
 55166 | Abyss:4  | Danger: Low HP Warning |T2| Reason: 34% HP (72/207)
 55167 | Abyss:4  | Danger: Low HP Warning |T2| Reason: 31% HP (65/207)
 55168 | Abyss:4  | Danger: Low HP Warning |T2| Reason: 31% HP (65/207)
 55169 | Abyss:4  | Danger: Low HP Warning |T3| Reason: 17% HP (36/207)
 55170 | Abyss:4  | Danger: Low HP Warning |T3| Reason: 17% HP (37/207)
 55171 | Abyss:4  | Danger: Low HP Warning |T3| Reason: 17% HP (37/207)
 55172 | Abyss:4  | Danger: Low HP Warning |T2| Reason: 27% HP (57/207)
 55173 | Abyss:4  | Danger: Low HP Warning |T2| Reason: 27% HP (57/207)
 55174 | Abyss:4  | Danger: Low HP Warning |T2| Reason: 28% HP (58/207)
 55175 | Abyss:4  | Danger: Low HP Warning |T2| Reason: 28% HP (58/207)
 55176 | Abyss:4  | Danger: Low HP Warning |T3| Reason: 19% HP (40/207)
 55180 | Abyss:4  | Danger: Low HP Warning |T3| Reason: 19% HP (41/207)
 55182 | Abyss:4  | Danger: Low HP Warning |T3| Reason: 20% HP (42/207)
 55183 | Abyss:4  | Danger: Low HP Warning |T3| Reason: 23% HP (48/207)
 55184 | Abyss:4  | Danger: Low HP Warning |T2| Reason: 28% HP (60/207)
 55185 | Abyss:4  | Danger: Low HP Warning |T2| Reason: 28% HP (60/207)
 55186 | Abyss:4  | Danger: Low HP Warning |T3| Reason: 25% HP (53/207)
 55187 | Abyss:4  | Danger: Low HP Warning |T2| Reason: 26% HP (54/207)
 55188 | Abyss:4  | Danger: Low HP Warning |T2| Reason: 26% HP (54/207)
 55189 | Abyss:4  | Danger: Low HP Warning |T2| Reason: 26% HP (54/207)
 55190 | Abyss:4  | Danger: Low HP Warning |T2| Reason: 26% HP (55/207)
 55191 | Abyss:4  | Danger: Low HP Warning |T2| Reason: 26% HP (55/207)
 55192 | Abyss:4  | Danger: Low HP Warning |T2| Reason: 26% HP (55/207)
 55194 | Abyss:4  | Danger: Low HP Warning |T2| Reason: 27% HP (56/207)
 55195 | Abyss:4  | Danger: Low HP Warning |T2| Reason: 27% HP (57/207)
 55196 | Abyss:4  | Danger: Low HP Warning |T2| Reason: 27% HP (57/207)
 55197 | Abyss:4  | Danger: Low HP Warning |T3| Reason: 23% HP (49/207)
 55198 | Abyss:4  | Danger: Low HP Warning |T3| Reason: 23% HP (49/207)
 55199 | Abyss:4  | Danger: Low HP Warning |T3| Reason: 23% HP (49/207)
 55206 | Abyss:4  | Got an abyssal rune of Zot
 55222 | Abyss:4  | Danger: Low HP Warning |T2| Reason: 29% HP (62/207)
 55223 | Abyss:4  | Danger: Low HP Warning |T2| Reason: 29% HP (62/207)
 55224 | Abyss:4  | Danger: Low HP Warning |T2| Reason: 30% HP (63/207)
 55225 | Abyss:4  | Danger: Low HP Warning |T2| Reason: 30% HP (63/207)
 55226 | Abyss:4  | Danger: Low HP Warning |T2| Reason: 30% HP (63/207)
 55227 | Abyss:4  | Danger: Low HP Warning |T2| Reason: 30% HP (64/207)
 55228 | Abyss:4  | Danger: Low HP Warning |T2| Reason: 30% HP (64/207)
 55229 | Abyss:4  | Danger: Low HP Warning |T2| Reason: 30% HP (64/207)
 55230 | Abyss:4  | Danger: Low HP Warning |T2| Reason: 36% HP (76/207)
 55231 | Abyss:4  | Danger: Low HP Warning |T2| Reason: 37% HP (77/207)
 55232 | Abyss:4  | Danger: Low HP Warning |T2| Reason: 37% HP (77/207)
 55233 | Abyss:4  | Danger: Low HP Warning |T2| Reason: 37% HP (78/207)
 55234 | Abyss:4  | Danger: Low HP Warning |T2| Reason: 38% HP (79/207)
 55235 | Abyss:4  | Danger: Low HP Warning |T2| Reason: 37% HP (77/207)
 55236 | Abyss:4  | Danger: Low HP Warning |T2| Reason: 37% HP (77/207)
 55237 | Abyss:4  | Danger: Low HP Warning |T2| Reason: 37% HP (78/207)
 55238 | Abyss:4  | Danger: Low HP Warning |T2| Reason: 49% HP (102/207)
 55239 | Abyss:4  | Danger: Low HP Warning |T2| Reason: 44% HP (93/207)
 55240 | Abyss:4  | Danger: Low HP Warning |T2| Reason: 45% HP (94/207)
 55241 | Abyss:4  | Danger: Low HP Warning |T2| Reason: 50% HP (104/207)
 55242 | Abyss:4  | Danger: Low HP Warning |T2| Reason: 51% HP (106/207)
 55243 | Abyss:4  | Danger: Low HP Warning |T2| Reason: 51% HP (106/207)
 55244 | Abyss:4  | Danger: Low HP Warning |T2| Reason: 51% HP (107/207)
 55245 | Abyss:4  | Danger: Low HP Warning |T2| Reason: 51% HP (107/207)
 55246 | Abyss:4  | Danger: Low HP Warning |T2| Reason: 60% HP (126/207)
 55285 | Abyss:4  | Found a runed translucent door.
 55285 | Abyss:4  | Found a runed translucent door.
 55314 | Abyss:4  | Found a runed translucent door.
 55314 | Abyss:4  | Found a runed translucent door.
 55328 | Abyss:4  | Danger: Low HP Warning |T2| Reason: 54% HP (112/207)
 55329 | Abyss:4  | Danger: Low HP Warning |T2| Reason: 58% HP (121/207)
 55330 | Abyss:4  | Danger: Low HP Warning |T2| Reason: 58% HP (121/207)
 55331 | Abyss:4  | Danger: Low HP Warning |T2| Reason: 58% HP (121/207)
 55332 | Abyss:4  | Danger: Low HP Warning |T2| Reason: 58% HP (121/207)
 55342 | Depths:3 | Escaped the Abyss
 55523 | Zot:1    | Entered Level 1 of the Realm of Zot
 55739 | Zot:1    | Noticed an orb of fire
 55740 | Zot:1    | Danger: orb of fire |T2| Reason: Malmutator in LOS
 55740 | Zot:1    | Danger: orb of fire |T2| Reason: Bolt of Fire deals more
                  | than 50% MHP!
 55740 | Zot:1    | Danger: orb of fire |T2| Reason: Fireball deals more than
                  | 50% MHP!
 55745 | Zot:1    | Gained mutation: You sometimes lose your temper in combat.
                  | [an orb of fire]
 55748 | Zot:1    | Danger: orb of fire |T2| Reason: Malmutator in LOF!
 55756 | Zot:1    | Killed an orb of fire
 55768 | Zot:1    | Lost mutation: You sometimes lose your temper in combat.
                  | [potion of mutation]
 55768 | Zot:1    | Lost mutation: Armour fits poorly on your strangely shaped
                  | body. [potion of mutation]
 55768 | Zot:1    | Lost mutation: You are agile. (Dex +4, Str/Int -1) [potion
                  | of mutation]
 55768 | Zot:1    | Gained mutation: You are weak. (Str -2) [potion of
                  | mutation]
 55768 | Zot:1    | Gained mutation: You are frail. (-10% HP) [potion of
                  | mutation]
 55768 | Zot:1    | Gained mutation: Your system is resistant to poisons.
                  | (rPois) [potion of mutation]
 55768 | Zot:1    | Gained mutation: Your flesh is cold resistant. (rC+)
                  | [potion of mutation]
 55817 | Zot:1    | Danger: Low HP Warning |T2| Reason: 60% HP (111/184)
 55839 | Zot:1    | Found a huge runed gate.
 55839 | Zot:1    | Found a huge runed gate.
 55839 | Zot:1    | Found a huge runed gate.
 55839 | Zot:1    | Found a huge runed gate.
 55839 | Zot:1    | Found a huge runed gate.
 55839 | Zot:1    | Found a huge runed gate.
 55839 | Zot:1    | Found a huge runed gate.
 55839 | Zot:1    | Found a huge runed gate.
 55839 | Zot:1    | Found a huge runed gate.
 55839 | Zot:1    | Found a huge runed gate.
 56008 | Zot:1    | Found a huge runed gate.
 56008 | Zot:1    | Found a huge runed gate.
 56008 | Zot:1    | Found a huge runed gate.
 56008 | Zot:1    | Found a huge runed gate.
 56008 | Zot:1    | Found a huge runed gate.
 56008 | Zot:1    | Found a huge runed gate.
 56008 | Zot:1    | Found a huge runed gate.
 56008 | Zot:1    | Found a huge runed gate.
 56009 | Zot:1    | Found a huge runed gate.
 56022 | Zot:1    | Found a huge runed gate.
 56022 | Zot:1    | Found a huge runed gate.
 56022 | Zot:1    | Found a huge runed gate.
 56022 | Zot:1    | Found a huge runed gate.
 56022 | Zot:1    | Found a huge runed gate.
 56022 | Zot:1    | Found a huge runed gate.
 56023 | Zot:1    | Found a huge runed gate.
 56027 | Zot:1    | Found a huge runed gate.
 56028 | Zot:1    | Found a huge runed gate.
 56036 | Zot:1    | Found a huge runed gate.
 56036 | Zot:1    | Found a huge runed gate.
 56036 | Zot:1    | Found a huge runed gate.
 56036 | Zot:1    | Found a huge runed gate.
 56036 | Zot:1    | Found a huge runed gate.
 56036 | Zot:1    | Found a huge runed gate.
 56037 | Zot:1    | Found a huge runed gate.
 56038 | Zot:1    | Found a huge runed gate.
 56350 | Zot:2    | Danger: yellow draconian annihilator |T2| Reason: Lehudib's
                  | Crystal Spear deals more than 50% MHP!
 56791 | Zot:2    | Danger: curse toe |T3| Reason: Torment and not torment
                  | immune!
 56797 | Zot:2    | Danger: curse toe |T3| Reason: Torment and not torment
                  | immune!
 56798 | Zot:2    | Danger: curse toe |T3| Reason: Torment and not torment
                  | immune!
 56799 | Zot:2    | Danger: curse toe |T3| Reason: Torment and not torment
                  | immune!
 56800 | Zot:2    | Danger: curse toe |T3| Reason: Torment and not torment
                  | immune!
 56801 | Zot:2    | Danger: curse toe |T3| Reason: Torment and not torment
                  | immune!
 56802 | Zot:2    | Danger: curse toe |T3| Reason: Torment and not torment
                  | immune!
 56803 | Zot:2    | Danger: curse toe |T3| Reason: Torment and not torment
                  | immune!
 56804 | Zot:2    | Danger: curse toe |T3| Reason: Torment and not torment
                  | immune!
 56805 | Zot:2    | Danger: curse toe |T3| Reason: Torment and not torment
                  | immune!
 56806 | Zot:2    | Danger: curse toe |T3| Reason: Torment and not torment
                  | immune!
 56806 | Zot:2    | Danger: Low HP Warning |T2| Reason: 50% HP (93/184)
 56807 | Zot:2    | Danger: curse toe |T3| Reason: Torment and not torment
                  | immune!
 56807 | Zot:2    | Danger: Low HP Warning |T2| Reason: 50% HP (93/184)
 57170 | Zot:2    | Danger: yellow draconian annihilator |T2| Reason: Lehudib's
                  | Crystal Spear deals more than 50% MHP!
 57172 | Zot:2    | Danger: yellow draconian annihilator |T2| Reason: Lehudib's
                  | Crystal Spear deals more than 50% MHP!
 57178 | Zot:2    | Danger: yellow draconian annihilator |T2| Reason: Lehudib's
                  | Crystal Spear deals more than 50% MHP!
 57182 | Zot:2    | Danger: yellow draconian annihilator |T2| Reason: Lehudib's
                  | Crystal Spear deals more than 50% MHP!
 57188 | Zot:2    | Noticed a Killer Klown
 57189 | Zot:2    | Danger: yellow draconian annihilator |T2| Reason: Lehudib's
                  | Crystal Spear deals more than 50% MHP!
 57198 | Zot:2    | Danger: yellow draconian annihilator |T2| Reason: Lehudib's
                  | Crystal Spear deals more than 50% MHP!
 57199 | Zot:2    | Danger: Low HP Warning |T2| Reason: 60% HP (111/184)
 57200 | Zot:2    | Danger: Low HP Warning |T2| Reason: 60% HP (111/184)
 57201 | Zot:2    | Danger: Low HP Warning |T2| Reason: 60% HP (111/184)
 57202 | Zot:2    | Danger: Low HP Warning |T2| Reason: 60% HP (112/184)
 57203 | Zot:2    | Danger: Low HP Warning |T2| Reason: 60% HP (112/184)
 57204 | Zot:2    | Danger: Low HP Warning |T2| Reason: 60% HP (112/184)
 57205 | Zot:2    | Danger: Low HP Warning |T2| Reason: 60% HP (111/184)
 57206 | Zot:2    | Danger: Low HP Warning |T2| Reason: 60% HP (112/184)
 57207 | Zot:2    | Danger: Low HP Warning |T2| Reason: 55% HP (102/184)
 57208 | Zot:2    | Danger: Low HP Warning |T2| Reason: 55% HP (102/184)
 57209 | Zot:2    | Danger: yellow draconian annihilator |T2| Reason: Lehudib's
                  | Crystal Spear deals more than 50% MHP!
 57209 | Zot:2    | Danger: yellow draconian annihilator |T3| Reason: IMMINENT
                  | DEATH: Lehudib's Crystal Spear deals 105 damage, you have
                  | 103 HP!!
 57209 | Zot:2    | Danger: Low HP Warning |T2| Reason: 55% HP (103/184)
 57210 | Zot:2    | Danger: Low HP Warning |T2| Reason: 55% HP (103/184)
 57757 | Zot:2    | Danger: yellow draconian annihilator |T2| Reason: Lehudib's
                  | Crystal Spear deals more than 50% MHP!
 57760 | Zot:2    | Danger: yellow draconian annihilator |T2| Reason: Lehudib's
                  | Crystal Spear deals more than 50% MHP!
 57782 | Zot:2    | Killed a Killer Klown
 57882 | Zot:2    | Danger: red draconian scorcher |T2| Reason: Damnation in
                  | LOS, careful!
 57882 | Zot:2    | Danger: red draconian scorcher |T3| Reason: Damnation
                  | (smite) in LOS, watch out!
 57883 | Zot:2    | Danger: red draconian scorcher |T3| Reason: Damnation
                  | (smite) in LOS, watch out!
 57884 | Zot:2    | Danger: red draconian scorcher |T3| Reason: Damnation
                  | (smite) in LOS, watch out!
 57885 | Zot:2    | Danger: red draconian scorcher |T3| Reason: Damnation
                  | (smite) in LOS, watch out!
 57887 | Zot:2    | Danger: red draconian scorcher |T3| Reason: Damnation
                  | (smite) in LOS, watch out!
 57888 | Zot:2    | Danger: red draconian scorcher |T3| Reason: Damnation in
                  | LOF, watch out!
 57888 | Zot:2    | Danger: red draconian scorcher |T3| Reason: Damnation
                  | (smite) in LOS, watch out!
 57889 | Zot:2    | Danger: red draconian scorcher |T3| Reason: Damnation in
                  | LOF, watch out!
 57889 | Zot:2    | Danger: red draconian scorcher |T3| Reason: Damnation
                  | (smite) in LOS, watch out!
 57890 | Zot:2    | Danger: red draconian scorcher |T3| Reason: Damnation in
                  | LOF, watch out!
 57890 | Zot:2    | Danger: red draconian scorcher |T3| Reason: Damnation
                  | (smite) in LOS, watch out!
 57892 | Zot:2    | Danger: red draconian scorcher |T3| Reason: Damnation in
                  | LOF, watch out!
 57892 | Zot:2    | Danger: red draconian scorcher |T3| Reason: Damnation
                  | (smite) in LOS, watch out!
 57986 | Zot:3    | Reached skill level 23 in Short Blades
 58329 | Zot:3    | Noticed a Killer Klown
 58332 | Zot:3    | Killed a Killer Klown
 58452 | Zot:3    | Danger: yellow draconian annihilator |T2| Reason: Lehudib's
                  | Crystal Spear deals more than 50% MHP!
 58452 | Zot:3    | Danger: red draconian scorcher |T2| Reason: Damnation in
                  | LOS, careful!
 58452 | Zot:3    | Danger: red draconian scorcher |T3| Reason: Damnation
                  | (smite) in LOS, watch out!
 58453 | Zot:3    | Danger: red draconian scorcher |T3| Reason: Damnation in
                  | LOF, watch out!
 58453 | Zot:3    | Danger: red draconian scorcher |T3| Reason: Damnation
                  | (smite) in LOS, watch out!
 58454 | Zot:3    | Danger: red draconian scorcher |T2| Reason: Damnation in
                  | LOS, careful!
 58454 | Zot:3    | Danger: red draconian scorcher |T3| Reason: Damnation
                  | (smite) in LOS, watch out!
 58455 | Zot:3    | Danger: red draconian scorcher |T3| Reason: Damnation
                  | (smite) in LOS, watch out!
 58456 | Zot:3    | Danger: red draconian scorcher |T3| Reason: Damnation
                  | (smite) in LOS, watch out!
 58457 | Zot:3    | Danger: red draconian scorcher |T3| Reason: Damnation
                  | (smite) in LOS, watch out!
 58458 | Zot:3    | Danger: red draconian scorcher |T3| Reason: Damnation
                  | (smite) in LOS, watch out!
 58459 | Zot:3    | Danger: red draconian scorcher |T3| Reason: Damnation in
                  | LOF, watch out!
 58459 | Zot:3    | Danger: red draconian scorcher |T3| Reason: Damnation
                  | (smite) in LOS, watch out!
 58460 | Zot:3    | Danger: red draconian scorcher |T3| Reason: Damnation in
                  | LOF, watch out!
 58460 | Zot:3    | Danger: red draconian scorcher |T3| Reason: Damnation
                  | (smite) in LOS, watch out!
 58461 | Zot:3    | Danger: red draconian scorcher |T3| Reason: Damnation in
                  | LOF, watch out!
 58461 | Zot:3    | Danger: red draconian scorcher |T3| Reason: Damnation
                  | (smite) in LOS, watch out!
 58701 | Zot:3    | Reached skill level 24 in Short Blades
 59536 | Zot:4    | Identified the +6 whip "Jellybane" {antimagic, rN+++ Int+4
                  | Stlth-}
 59555 | Zot:4    | Danger: black draconian knight |T3| Reason: Quivering
                  | throwing nets, watch out!
 59556 | Zot:4    | Danger: black draconian knight |T3| Reason: Quivering
                  | throwing nets, watch out!
 59557 | Zot:4    | Danger: black draconian knight |T3| Reason: Quivering
                  | throwing nets, watch out!
 59558 | Zot:4    | Danger: black draconian knight |T3| Reason: Quivering
                  | throwing nets, watch out!
 59811 | Zot:5    | Entered Level 5 of the Realm of Zot
 59865 | Zot:5    | Reached skill level 25 in Short Blades
 60290 | Zot:5    | Noticed an ancient lich
 60291 | Zot:5    | Danger: ancient lich |T2| Reason: Corrosive Bolt deals more
                  | than 50% MHP!
 60291 | Zot:5    | Danger: ancient lich |T2| Reason: Lehudib's Crystal Spear
                  | deals more than 50% MHP!
 60291 | Zot:5    | Noticed a dread lich
 60301 | Zot:5    | Killed an ancient lich
 60306 | Zot:5    | Noticed a Killer Klown
 60308 | Zot:5    | Killed a dread lich
 60310 | Zot:5    | Noticed an orb of fire
 60311 | Zot:5    | Danger: orb of fire |T2| Reason: Malmutator in LOS
 60311 | Zot:5    | Danger: orb of fire |T2| Reason: Bolt of Fire deals more
                  | than 50% MHP!
 60311 | Zot:5    | Danger: orb of fire |T2| Reason: Fireball deals more than
                  | 50% MHP!
 60317 | Zot:5    | Danger: orb of fire |T2| Reason: Malmutator in LOS
 60317 | Zot:5    | Danger: orb of fire |T2| Reason: Malmutator in LOF!
 60317 | Zot:5    | Danger: orb of fire |T2| Reason: Bolt of Fire deals more
                  | than 50% MHP!
 60317 | Zot:5    | Danger: orb of fire |T2| Reason: Fireball deals more than
                  | 50% MHP!
 60320 | Zot:5    | Gained mutation: You are very weak. (Str -4) [an orb of
                  | fire]
 60329 | Zot:5    | Killed an orb of fire
 60346 | Zot:5    | Killed a Killer Klown
 60354 | Zot:5    | Noticed an ancient lich
 60355 | Zot:5    | Danger: ancient lich |T2| Reason: Corrosive Bolt deals more
                  | than 50% MHP!
 60355 | Zot:5    | Danger: ancient lich |T2| Reason: Lehudib's Crystal Spear
                  | deals more than 50% MHP!
 60359 | Zot:5    | Danger: ancient lich |T3| Reason: IMMINENT DEATH: Lehudib's
                  | Crystal Spear deals 144 damage, you have 126 HP!!
 60360 | Zot:5    | Danger: ancient lich |T3| Reason: IMMINENT DEATH: Lehudib's
                  | Crystal Spear deals 144 damage, you have 127 HP!!
 60361 | Zot:5    | Danger: ancient lich |T3| Reason: IMMINENT DEATH: Lehudib's
                  | Crystal Spear deals 144 damage, you have 127 HP!!
 60362 | Zot:5    | Danger: ancient lich |T3| Reason: IMMINENT DEATH: Lehudib's
                  | Crystal Spear deals 144 damage, you have 127 HP!!
 60363 | Zot:5    | Danger: ancient lich |T3| Reason: IMMINENT DEATH: Lehudib's
                  | Crystal Spear deals 144 damage, you have 127 HP!!
 60363 | Zot:5    | Killed an ancient lich
 60396 | Zot:5    | Noticed an orb of fire
 60397 | Zot:5    | Danger: orb of fire |T2| Reason: Malmutator in LOS
 60397 | Zot:5    | Danger: orb of fire |T2| Reason: Malmutator in LOF!
 60397 | Zot:5    | Danger: orb of fire |T2| Reason: Bolt of Fire deals more
                  | than 50% MHP!
 60397 | Zot:5    | Danger: orb of fire |T2| Reason: Fireball deals more than
                  | 50% MHP!
 60407 | Zot:5    | Noticed a Killer Klown
 60408 | Zot:5    | Danger: orb of fire |T2| Reason: Malmutator in LOS
 60408 | Zot:5    | Danger: orb of fire |T2| Reason: Bolt of Fire deals more
                  | than 50% MHP!
 60408 | Zot:5    | Danger: orb of fire |T2| Reason: Fireball deals more than
                  | 50% MHP!
 60411 | Zot:5    | Danger: orb of fire |T2| Reason: Malmutator in LOF!
 60421 | Zot:5    | Gained mutation: You are dopey. (Int -2) [an orb of fire]
 60427 | Zot:5    | Killed an orb of fire
 60434 | Zot:5    | Killed a Killer Klown
 60568 | Zot:5    | Got the Orb of Zot
 60600 | Zot:5    | Paralysed by a Zot trap for 5 turns
 60601 | Zot:5    | Noticed Wooff the pandemonium lord
 60768 | Zot:2    | Noticed Quinacli the pandemonium lord
 60782 | Zot:2    | Danger: Low HP Warning |T2| Reason: 57% HP (106/184)
 60783 | Zot:2    | Danger: Low HP Warning |T2| Reason: 57% HP (106/184)
 60784 | Zot:2    | Danger: Low HP Warning |T2| Reason: 57% HP (106/184)
 60785 | Zot:2    | Danger: Low HP Warning |T2| Reason: 58% HP (107/184)
 60786 | Zot:2    | Danger: Low HP Warning |T2| Reason: 58% HP (107/184)
 60787 | Zot:2    | Danger: Low HP Warning |T2| Reason: 58% HP (108/184)
 60788 | Zot:2    | Danger: Low HP Warning |T2| Reason: 58% HP (108/184)
 60789 | Zot:2    | Danger: Low HP Warning |T2| Reason: 59% HP (109/184)
 60790 | Zot:2    | Danger: Low HP Warning |T2| Reason: 59% HP (109/184)
 60791 | Zot:2    | Danger: Low HP Warning |T2| Reason: 59% HP (110/184)
 60806 | Zot:1    | Danger: Hell Sentinel |T3| Reason: Damnation in LOF, watch
                  | out!
 60806 | Zot:1    | Danger: Hell Sentinel |T2| Reason: Iron Shot deals more
                  | than 50% MHP!
 60807 | Zot:1    | Danger: Hell Sentinel |T3| Reason: Damnation in LOF, watch
                  | out!
 60808 | Zot:1    | Danger: Hell Sentinel |T3| Reason: Damnation in LOF, watch
                  | out!
 60809 | Zot:1    | Danger: Hell Sentinel |T3| Reason: Damnation in LOF, watch
                  | out!
 60810 | Zot:1    | Danger: Hell Sentinel |T3| Reason: Damnation in LOF, watch
                  | out!
 60811 | Zot:1    | Danger: Hell Sentinel |T3| Reason: Damnation in LOF, watch
                  | out!
 60812 | Zot:1    | Danger: Hell Sentinel |T3| Reason: Damnation in LOF, watch
                  | out!
 60813 | Zot:1    | Danger: Hell Sentinel |T3| Reason: Damnation in LOF, watch
                  | out!
 60814 | Zot:1    | Danger: Hell Sentinel |T3| Reason: Damnation in LOF, watch
                  | out!
 60815 | Zot:1    | Danger: Hell Sentinel |T3| Reason: Damnation in LOF, watch
                  | out!
 60816 | Zot:1    | Danger: Hell Sentinel |T3| Reason: Damnation in LOF, watch
                  | out!
 60817 | Zot:1    | Danger: Hell Sentinel |T3| Reason: Damnation in LOF, watch
                  | out!
 60817 | Zot:1    | Danger: Low HP Warning |T2| Reason: 54% HP (100/184)
 60818 | Zot:1    | Danger: Hell Sentinel |T3| Reason: Damnation in LOF, watch
                  | out!
 60818 | Zot:1    | Danger: Low HP Warning |T2| Reason: 54% HP (100/184)
 60819 | Zot:1    | Danger: Hell Sentinel |T3| Reason: Damnation in LOF, watch
                  | out!
 60819 | Zot:1    | Danger: Low HP Warning |T2| Reason: 54% HP (101/184)
 60820 | Zot:1    | Danger: Hell Sentinel |T3| Reason: Damnation in LOF, watch
                  | out!
 60820 | Zot:1    | Danger: Low HP Warning |T2| Reason: 54% HP (101/184)
 60821 | Zot:1    | Danger: Hell Sentinel |T3| Reason: Damnation in LOF, watch
                  | out!
 60821 | Zot:1    | Danger: Low HP Warning |T2| Reason: 54% HP (101/184)
 60822 | Zot:1    | Danger: Hell Sentinel |T3| Reason: Damnation in LOF, watch
                  | out!
 60822 | Zot:1    | Danger: Low HP Warning |T2| Reason: 55% HP (102/184)
 60835 | Zot:1    | Danger: Low HP Warning |T2| Reason: 57% HP (106/184)
 60836 | Zot:1    | Danger: Low HP Warning |T2| Reason: 58% HP (107/184)
 60838 | Zot:1    | Danger: Low HP Warning |T2| Reason: 58% HP (107/184)
 60839 | Zot:1    | Danger: Low HP Warning |T2| Reason: 58% HP (108/184)
 60840 | Zot:1    | Danger: Low HP Warning |T2| Reason: 59% HP (109/184)
 60841 | Zot:1    | Danger: Low HP Warning |T2| Reason: 59% HP (109/184)
 60842 | Zot:1    | Danger: Low HP Warning |T2| Reason: 59% HP (109/184)
 60843 | Zot:1    | Danger: Low HP Warning |T2| Reason: 59% HP (110/184)
 60845 | Zot:1    | Danger: Low HP Warning |T2| Reason: 59% HP (110/184)
 60846 | Zot:1    | Danger: Low HP Warning |T2| Reason: 60% HP (111/184)
 60847 | Zot:1    | Danger: Low HP Warning |T2| Reason: 60% HP (111/184)
 60848 | Zot:1    | Danger: Low HP Warning |T2| Reason: 60% HP (111/184)
 60849 | Zot:1    | Danger: Low HP Warning |T2| Reason: 60% HP (112/184)
 60850 | Zot:1    | Danger: Low HP Warning |T2| Reason: 60% HP (112/184)
 60851 | Zot:1    | Danger: Low HP Warning |T2| Reason: 60% HP (112/184)
 61016 | Depths:1 | Danger: Hell Sentinel |T3| Reason: Damnation in LOF, watch
                  | out!
 61016 | Depths:1 | Danger: Hell Sentinel |T2| Reason: Iron Shot deals more
                  | than 50% MHP!
 61017 | Depths:1 | Danger: Hell Sentinel |T3| Reason: Damnation in LOF, watch
                  | out!
 61018 | Depths:1 | Danger: Hell Sentinel |T3| Reason: Damnation in LOF, watch
                  | out!
 61019 | Depths:1 | Danger: Hell Sentinel |T3| Reason: Damnation in LOF, watch
                  | out!
 61020 | Depths:1 | Danger: Hell Sentinel |T3| Reason: Damnation in LOF, watch
                  | out!
 61021 | Depths:1 | Danger: Hell Sentinel |T3| Reason: Damnation in LOF, watch
                  | out!
 61022 | Depths:1 | Danger: Hell Sentinel |T3| Reason: Damnation in LOF, watch
                  | out!
 61023 | Depths:1 | Danger: Hell Sentinel |T3| Reason: Damnation in LOF, watch
                  | out!
 61024 | Depths:1 | Danger: Hell Sentinel |T3| Reason: Damnation in LOF, watch
                  | out!
 61025 | Depths:1 | Danger: Hell Sentinel |T3| Reason: Damnation in LOF, watch
                  | out!
 61026 | Depths:1 | Danger: Hell Sentinel |T3| Reason: Damnation in LOF, watch
                  | out!
 61027 | Depths:1 | Danger: Hell Sentinel |T3| Reason: Damnation in LOF, watch
                  | out!
 61028 | Depths:1 | Danger: Hell Sentinel |T3| Reason: Damnation in LOF, watch
                  | out!
 61029 | Depths:1 | Danger: Hell Sentinel |T3| Reason: Damnation in LOF, watch
                  | out!
 61030 | Depths:1 | Danger: Hell Sentinel |T3| Reason: Damnation in LOF, watch
                  | out!
 61031 | Depths:1 | Danger: Hell Sentinel |T3| Reason: Damnation in LOF, watch
                  | out!
 61032 | Depths:1 | Danger: Hell Sentinel |T3| Reason: Damnation in LOF, watch
                  | out!
 61113 | D:11     | Danger: cacodemon |T2| Reason: Malmutator in LOS
 61119 | D:11     | Danger: cacodemon |T2| Reason: Malmutator in LOS
 61119 | D:11     | Danger: cacodemon |T2| Reason: Malmutator in LOF!
 61128 | D:11     | Danger: cacodemon |T2| Reason: Malmutator in LOS
 61178 | D:9      | Danger: neqoxec |T2| Reason: Malmutator in LOS
 61178 | D:9      | Danger: neqoxec |T2| Reason: Malmutator in LOF!
 61184 | D:9      | Danger: neqoxec |T2| Reason: Malmutator in LOS
 61184 | D:9      | Danger: neqoxec |T2| Reason: Malmutator in LOF!
 61187 | D:9      | Danger: neqoxec |T2| Reason: Malmutator in LOS
 61187 | D:9      | Danger: neqoxec |T2| Reason: Malmutator in LOF!
 61187 | D:9      | Gained mutation: You are agile. (Dex +4, Str/Int -1) [a
                  | neqoxec]
 61216 | D:9      | Danger: neqoxec |T2| Reason: Malmutator in LOS
 61216 | D:9      | Danger: neqoxec |T2| Reason: Malmutator in LOF!
 61290 | D:4      | Danger: Brimstone Fiend |T3| Reason: Torment and not
                  | torment immune!
 61290 | D:4      | Danger: Brimstone Fiend |T3| Reason: Damnation in LOF,
                  | watch out!
 61291 | D:4      | Danger: Brimstone Fiend |T3| Reason: Torment and not
                  | torment immune!
 61291 | D:4      | Danger: Brimstone Fiend |T3| Reason: Damnation in LOF,
                  | watch out!
 61296 | D:4      | Danger: Brimstone Fiend |T3| Reason: Torment and not
                  | torment immune!
 61296 | D:4      | Danger: Brimstone Fiend |T3| Reason: Damnation in LOF,
                  | watch out!
 61297 | D:4      | Danger: Brimstone Fiend |T3| Reason: Torment and not
                  | torment immune!
 61297 | D:4      | Danger: Brimstone Fiend |T3| Reason: Damnation in LOF,
                  | watch out!
 61298 | D:4      | Danger: Brimstone Fiend |T3| Reason: Torment and not
                  | torment immune!
 61298 | D:4      | Danger: Brimstone Fiend |T3| Reason: Damnation in LOF,
                  | watch out!
 61299 | D:4      | Danger: Brimstone Fiend |T3| Reason: Torment and not
                  | torment immune!
 61299 | D:4      | Danger: Brimstone Fiend |T3| Reason: Damnation in LOF,
                  | watch out!
 61300 | D:4      | Danger: Brimstone Fiend |T3| Reason: Torment and not
                  | torment immune!
 61300 | D:4      | Danger: Brimstone Fiend |T3| Reason: Damnation in LOF,
                  | watch out!
 61302 | D:4      | Danger: Brimstone Fiend |T3| Reason: Torment and not
                  | torment immune!
 61302 | D:4      | Danger: Brimstone Fiend |T3| Reason: Damnation in LOF,
                  | watch out!
 61388 | D:$      | Escaped with the Orb!

Illustrated notes

Levels and vault maps discovered:
D:1:      saegor_arrival_simple_b, layout_rooms
D:2:      layout_loops_corners, lemuel_flame_loot_1
D:3:      layout_loops_corners, uniq_robin
D:4:      layout_rooms, minmay_puff
D:5:      layout_basic, minmay_temple_entry_trees, kennysheep_generic_room_3
D:6:      layout_basic
D:7:      layout_basic, nicolae_figureground_pulse
D:8:      layout_loops_cross, nicolae_overflow_hidden_temple, uniq_joseph,
          uniq_grum, uniq_maurice
D:9:      layout_small_grid
D:10:     layout_big_octagon, nicolae_ru_the_path_less_chosen,
          gammafunk_temple_overflow_claw, minivault_10, minmay_joined_circles,
          uniq_snorg
D:11:     layout_loops_ring, erik_lair_island, serial_shops,
          nicolae_diamond_shop
D:12:     layout_stronghold, uniq_sonja
D:13:     layout_rooms, serial_nicolae_subway, nicolae_sub_station_stone,
          nicolae_sub_station_crystal, nicolae_sub_station_metal
D:14:     layout_irregular_city, hangedman_vaults_entry_quadrant_bands,
          hangedman_abyss_or_decor_clamps, grunt_ministairs_11, uniq_rupert
D:15:     grunt_enter_depths_magical_seal, layout_layer_cave,
          nicolae_hitomezashi [nicolae_hito_row, nicolae_hito_row,
          nicolae_hito_row, nicolae_hito_row, nicolae_hito_row,
          nicolae_hito_row, nicolae_hito_row, nicolae_hito_row,
          nicolae_hito_row, nicolae_hito_row, nicolae_hito_row,
          nicolae_hito_row, nicolae_hito_row, nicolae_hito_row,
          nicolae_hito_row, nicolae_hito_row, nicolae_hito_row,
          nicolae_hito_row], wad_dig_loot
Temple:   minmay_temple_bridge_d
Lair:1:   gammafunk_worm_tunnel, layout_regular_city,
          portal_ice_cave_entry_pillars_1
Lair:2:   layout_cave_shapes, elwin_shoals_entry_rocks,
          nicolae_spider_entry_lesser_pyramids, uniq_nergalle
Lair:3:   layout_long_grid, nicolae_lair_liquid_snakes
Lair:4:   layout_small_grid, lemuel_oklob_altar
Lair:5:   evilmike_catoblepas_cave, layout_loops_ring, slime_entry_1
Shoals:1: layout_shoals
Shoals:2: layout_shoals, serial_shops, nicolae_shop_trees,
          nicolae_shoals_undead_eyrie
Shoals:3: layout_shoals, serial_shops, shop, shop, shop,
          nicolae_shop_just_a_little_nook, nicolae_shop_stone
Shoals:4: shoals_end_grunt_garden, layout_shoals, nicolae_shoals_wave_tunnel
Spider:1: nicolae_spider_hilbert_zone_5 [nicolae_spider_hilbert_3_sides_1_open,
          nicolae_spider_hilbert_4_sides_1_open,
          nicolae_spider_hilbert_4_sides_1_open,
          nicolae_spider_hilbert_6_sides_1_open,
          nicolae_spider_hilbert_6_sides_1_open]
Spider:2: layout_spider_delve, uniq_nikola
Spider:3: layout_cave_pods, nicolae_spider_swamp_cousins, uniq_arachne
Spider:4: grunt_spider_rune_circles, uniq_mara, uniq_mlioglotl, uniq_roxanne
Slime:1:  layout_caves
Slime:2:  layout_caves
Slime:3:  layout_caves
Slime:4:  layout_caves, uniq_dissolution
Slime:5
Orc:1:    layout_caves
Orc:2:    grunt_orc_gardens, layout_caves, grunt_orc_garden, grunt_orc_garden,
          grunt_orc_garden, grunt_orc_garden
Elf:1:    nicolae_elf_arrival_dilemma, layout_loops_corners, serial_shops,
          nicolae_shop_drivethru, evilmike_minifort, hex_medium, uniq_kirke
Elf:2:    elven_hall_of_blades_hangedman_alternative
          [nicolae_blade_entry_floor_patterns], layout_gridlike, basic_altar,
          serial_shops, shop_fountains, nicolae_shop_just_a_little_nook,
          nicolae_stop_n_shop_1, nicolae_shop_gaudy_bauble,
          hangedman_elf_represent
Elf:3:    nooodl_elf_gasket, layout_geoelf_castle, ebering_ghost_xom
Vaults:1: vaults_dpeg_ring, v_misc_33, nicolae_vaults_network_barrier,
          v_alt_pattern_6, vaults_room_pools, ontoclasm_vaults_loading_screen,
          grunt_vaults_trifunnel, grunt_vaults_twisty, v_misc_22,
          nicolae_vaults_shelves_hall, hangedman_vaults_variations,
          layout_vaults_omnicross, serial_shops, bzr_entry_water
Vaults:2: nicolae_vaults_theta, ontoclasm_vaults_bender,
          hangedman_vaults_capsules, v_alt_pattern_5, v_pattern_3,
          nicolae_vaults_ring_of_whatevers, minmay_crypt_entry_skeletal_spiral,
          hangedman_vaults_snaps, vaults_dpeg_diagonal, layout_vaults_quadrants,
          serial_shops, shop_fountains
Vaults:3: hangedman_vaults_stagger, vaults_room_large_hall, v_alt_pattern_1,
          nicolae_vaults_inception_statues, v_misc_27,
          nicolae_vaults_twisting_passages, nicolae_vaults_asterisk,
          hangedman_vaults_slice, hangedman_vaults_slice,
          ontoclasm_vaults_tryst, vaults_dpeg_hooks, layout_vaults_maze_snakey,
          serial_shops, shop, uniq_aizul
Vaults:4: nicolae_vaults_ninety_degrees, ontoclasm_vaults_chip, v_alt_pattern_2,
          v_misc_30, dpeg_vaults_monster_row, v_pattern_2,
          nicolae_vaults_little_squares_4, nicolae_vaults_little_squares_5,
          ontoclasm_vaults_fault, layout_vaults_big_room
Vaults:5
Depths:1: layout_roguey, grunt_hell_entry_dis_grunt, lemuel_doored_altar,
          fedhas_altar_3, serial_bayou_shore_b, kennysheep_random_hallway,
          serial_bayou_shore_b
Depths:2: gammafunk_sealed_arena, layout_gridlike, enter_ziggurat_b,
          basic_altar, grunt_pan_entry_zigzag, pf_coc_iceberg
Depths:3: minmay_cut_squares, layout_cave_shapes, minmay_misc_feat_more_columns,
          mu_enter_wizlab_1, abyss_entry, grunt_metal_band,
          infiniplex_staircase_zigzag_2, uniq_enchantress
Depths:4: evilmike_zot_entry_castle, layout_basic, hell_entry, moated_statue,
          serial_bayou_shore_a, uniq_margery, uniq_vv
Zot:1:    layout_onion, not_door_vault_due
Zot:2:    grunt_deathspiral_small, layout_concentric_octagons
Zot:3:    layout_twisted_circle, grunt_megastairs_3
Zot:4:    layout_basic
Zot:5:    layout_onion

Skill      XL: |  1  2  3  4  5  6  7  8  9 10 11 12 13 14 15 16 17 18 19 20 21 22 23 24 25 26 27 |
---------------+----------------------------------------------------------------------------------+-----
Ranged Weapons | 3 4 |  4.0
Fighting       | 2 4 6 9 10 14 17 19 20 22 | 22.0
Polearms       | 1 |  1.3
Short Blades   | 2 4 7 8 10 12 14 16 17 18 22 25 | 25.0
Stealth        | 2 3 4 7 9 12 14 17 | 17.0
Throwing       | 3 4 10 | 10.0
Evocations     | 2 3 |  3.8
Dodging        | 4 7 12 15 16 17 20 22 24 | 24.1
Invocations    | 1 4 8 10 | 10.0
Armour         | 1 6 8 10 12 16 17 | 17.0
Shields        | 3 11 12 17 19 | 19.3
Spellcasting   | |  1.0
Hexes          | |  3.0

Action                     |  1- 3 |  4- 6 |  7- 9 | 10-12 | 13-15 | 16-18 | 19-21 | 22-24 | 25-27 || total
---------------------------+-------+-------+-------+-------+-------+-------+-------+-------+-------++-------
  Melee: Dagger            |       |   132 |   218 |   113 |       |       |       |       |       ||   463
         Punch             |       |     2 |     4 |     5 |    16 |       |       |       |       ||    27
         Short sword       |       |       |       |   649 |       |       |       |       |       ||   649
         Rapier            |       |       |       |    96 |   989 |  1454 |  1282 |  1220 |  2598 ||  7639
   Fire: Sling             |   121 |   116 |       |       |       |       |       |       |       ||   237
  Throw: Boomerang         |       |       |    17 |     8 |     2 |       |       |       |     1 ||    28
         Dart              |       |       |     2 |     6 |     1 |     4 |     4 |       |       ||    17
         Throwing net      |       |       |       |       |     2 |       |     4 |       |     2 ||     8
         Javelin           |       |       |       |       |       |       |       |       |     2 ||     2
   Cast: Slow              |     1 |    11 |     3 |     3 |       |       |       |       |       ||    18
 Invoke: Recall Ancestor   |       |       |     1 |     3 |     4 |     7 |     4 |     8 |    11 ||    38
         Ancestor Identity |       |       |     1 |       |       |       |       |       |       ||     1
         Ancestor Life: He |       |       |       |     1 |       |       |       |       |       ||     1
         Idealise          |       |       |       |       |     8 |    18 |    11 |     7 |    19 ||    63
  Evoke: Wand              |       |       |    13 |    26 |     8 |     3 |       |       |     3 ||    53
         Tin of tremorston |       |       |       |       |       |     4 |       |       |       ||     4
         Box of beasts     |       |       |       |       |       |     4 |     3 |     2 |     2 ||    11
         Phial of floods   |       |       |       |       |       |       |     1 |       |     1 ||     2
         Phantom mirror    |       |       |       |       |       |       |       |       |     1 ||     1
    Use: Scroll            |     3 |     5 |     9 |    13 |    20 |    18 |    20 |     5 |    15 ||   108
         Potion            |       |       |     2 |     7 |     9 |     5 |     4 |     1 |    26 ||    54
   Stab: Sleeping          |       |       |     6 |     3 |    27 |    31 |    31 |    16 |    25 ||   139
         Distracted        |       |       |       |    17 |    25 |    29 |    25 |    27 |    67 ||   190
         Confused          |       |       |       |    19 |    29 |    51 |    82 |   151 |   197 ||   529
         Invisible         |       |       |       |    17 |       |       |       |       |       ||    17
         Paralysed         |       |       |       |     1 |    16 |    86 |    42 |    60 |    76 ||   281
         Petrified         |       |       |       |       |     2 |       |       |       |       ||     2
         Held in net/web   |       |       |       |       |     1 |       |     3 |       |     5 ||     9
 Armour: Robe              |    10 |     8 |       |       |       |       |       |       |       ||    18
         Ring mail         |       |    54 |    75 |   150 |   176 |   251 |   157 |    85 |       ||   948
         Scale mail        |       |       |       |    25 |     2 |       |       |       |       ||    27
         Quicksilver drago |       |       |       |       |       |       |       |     6 |    36 ||    42
         Acid dragon scale |       |       |       |       |       |       |       |       |   152 ||   152
  Dodge: Dodged            |    41 |    90 |   119 |   473 |  1118 |  1524 |   633 |   520 |  1411 ||  5929
  Block: Buckler           |       |       |       |       |     4 |    98 |       |       |       ||   102
         Kite shield       |       |       |       |       |       |   797 |   631 |   875 |  2122 ||  4425
         Reflection        |       |       |       |       |       |       |    15 |    34 |    21 ||    70

Table legend: (Time is in decaauts)
 A = Elapsed time spent in this place.
 B = Non-inter-level travel time spent in this place.
 C = Inter-level travel time spent in this place.
 D = Time resting spent in this place.
 E = Time spent auto-exploring this place.
 F = Levels seen in this place.
 G = Mean time per level.
                   A        B        C        D        E       F      G
               +--------+--------+--------+--------+--------+-----+--------+
         Total |  58089 |  53180 |   4909 |   2854 |  31257 |  60 |  968.2 |
       Dungeon |  17419 |  15425 |   1994 |    628 |  10139 |  15 | 1161.3 |
        Temple |    368 |    225 |    143 |      0 |    213 |   1 |  368.0 |
          Lair |   5025 |   4310 |    715 |    190 |   2774 |   5 | 1005.0 |
        Shoals |   3408 |   3213 |    195 |    118 |   1973 |   4 |  852.0 |
   Spider Nest |   5224 |   4935 |    289 |    523 |   2407 |   4 | 1306.0 |
    Slime Pits |    364 |    341 |     23 |      8 |      0 |   5 |   72.8 |
  Orcish Mines |   1621 |   1374 |    247 |     59 |    777 |   2 |  810.5 |
   Elven Halls |   5287 |   5027 |    260 |    410 |   2765 |   3 | 1762.3 |
        Vaults |   7543 |   7258 |    285 |    262 |   4584 |   5 | 1508.6 |
        Depths |   4749 |   4155 |    594 |    288 |   2483 |   4 | 1187.2 |
           Zot |   4857 |   4697 |    160 |    220 |   3061 |   5 |  971.4 |
         Abyss |   1154 |   1154 |      0 |      0 |      0 |   4 |  288.5 |
        Bazaar |     92 |     92 |      0 |      0 |     79 |   1 |   92.0 |
      Ice Cave |    637 |    637 |      0 |    116 |      0 |   1 |  637.0 |
        Wizlab |    335 |    335 |      0 |     31 |      0 |   1 |  335.0 |
               +--------+--------+--------+--------+--------+-----+--------+

Top non-repeatable levels by time:
   Elf:3: 2278 daAuts
     D:2: 1778 daAuts
Vaults:4: 1762 daAuts
Vaults:2: 1736 daAuts
     D:4: 1729 daAuts
   Zot:2: 1701 daAuts
Spider:3: 1672 daAuts
    D:10: 1602 daAuts
Vaults:1: 1571 daAuts
    D:14: 1559 daAuts
   Elf:1: 1534 daAuts
   Elf:2: 1474 daAuts
Spider:4: 1472 daAuts
Depths:4: 1441 daAuts
  Lair:1: 1441 daAuts
